Workbook

Sheet Invividual
J1: 3 | K1: 4 | L1: 5 | M1: 6 | N1: 7 | O1: 8 | P1: 9 | Q1: 10 | R1: 11 | S1: 12 | T1: 13 | U1: 14 | V1: 15 | W1: 16 | X1: 17 | Y1: 18 | Z1: 19 | AA1: 20 | AB1: 21 | AC1: 22 | AD1: 23 | AE1: 24 | AI1: 27 | AJ1: 28 | AK1: 29 | AL1: 30 | AM1: 31 | AN1: 32 | AO1: 33 | AP1: 34 | AQ1: 35 | AR1: 36 | AS1: 37 | AT1: 38 | AU1: 39 | AV1: 40
H2: 1) | S2: March past club score added to Total Club score - 6, 3, 2, 1
H3: 2) | S3: Rider points allocated from 10 down - individual championship does include "pairs"
H4: 3) | S4: Count back = Most 1st, most 2nd continuing
H5: 4)
H6: 5) | AJ6: Club Points Check
H7: 6) | AJ7: =SUM(AL17:AL127) -> 2460 | AK7: =EXACT($AJ$7,'Club Scores'!$D$54) -> FALSE
AJ13: =NOW() -> 46265.82 | AL13: Exc Pairs | AM13: Exc Pairs
A14: Prim Sort | B14: Entry | C14: Rider Notes | D14: Zone1 | E14: 1st Time | F14: Cls | G14: Age Group | H14: Rider | I14: Rider Name | J14: Horse | K14: Club | L14: Pres Horse & Rider | N14: Rider Class | P14: Pony Club Mount | R14: AM7 jumping | T14: Stock Horse | W14: Diamond Flag | Z14: Scudda Ho | AC14: Running T | AJ14: Total Rider Points | AK14: Rider Placing | AL14: Club Points | AM14: Champ Rider | AN14: Countback Check
A15: Sort | L15: Place | M15: Points | N15: Place | O15: Points | P15: Place | Q15: Points | R15: Place | S15: Points | T15: Time | U15: Place | V15: Points | W15: Time | X15: Place | Y15: Points | Z15: Time | AA15: Place | AB15: Points | AC15: Time | AD15: Place | AE15: Points | AF15: Time | AG15: Place | AH15: Points
A16: 1 | H16: Group 8 yrs & Under AIDED | AK16: FINAL
A17: 21 | F17: 2 | G17: 9yrs - 10yrs | H17: 1 | I17: Valentina Milzewski | J17: Flirtatious | K17: Runcorn | M17: =IF(L17=0,,IF(L17>10,,11-(L17))) -> 0 | O17: =IF(N17=0,,IF(N17>10,,11-(N17))) -> 0 | Q17: =IF(P17=0,,IF(P17>10,,11-(P17))) -> 0 | S17: =IF(R17=0,,IF(R17>10,,11-(R17))) -> 0 | V17: =IF(U17=0,,IF(U17>10,,11-(U17))) -> 0 | Y17: =IF(X17=0,,IF(X17>10,,11-(X17))) -> 0 | AB17: =IF(AA17=0,,IF(AA17>10,,11-(AA17))) -> 0 | AE17: =IF(AD17=0,,IF(AD17>10,,11-(AD17))) -> 0 | AH17: =IF(AG17=0,,IF(AG17>10,,11-(AG17))) -> 0 | AJ17: =M17+O17+Q17+V17+Y17+AB17+AE17+S17+AH17 -> 0 | AL17: =M17+O17+Q17+V17+Y17+AB17+AE17+S17+AH17 -> 0 | AM17: =M17+O17+Q17+V17+Y17+AB17+AE17+S17+AH17 -> 0 | AN17: =L17 -> 0 | AO17: =N17 -> 0 | AP17: =P17 -> 0 | AQ17: =R17 -> 0 | AR17: =U17 -> 0 | AS17: =X17 -> 0 | AT17: =AA17 -> 0 | AU17: =AD17 -> 0 | AV17: =AG17 -> 0
H18: 2 | I18: Ella Caffery | J18: Charlie | K18: Runcorn | M18: =IF(L18=0,,IF(L18>10,,11-(L18))) -> 0 | O18: =IF(N18=0,,IF(N18>10,,11-(N18))) -> 0 | Q18: =IF(P18=0,,IF(P18>10,,11-(P18))) -> 0 | S18: =IF(R18=0,,IF(R18>10,,11-(R18))) -> 0 | V18: =IF(U18=0,,IF(U18>10,,11-(U18))) -> 0 | Y18: =IF(X18=0,,IF(X18>10,,11-(X18))) -> 0 | AB18: =IF(AA18=0,,IF(AA18>10,,11-(AA18))) -> 0 | AE18: =IF(AD18=0,,IF(AD18>10,,11-(AD18))) -> 0 | AH18: =IF(AG18=0,,IF(AG18>10,,11-(AG18))) -> 0 | AJ18: =M18+O18+Q18+V18+Y18+AB18+AE18+S18+AH18 -> 0 | AL18: =M18+O18+Q18+V18+Y18+AB18+AE18+S18+AH18 -> 0 | AM18: =M18+O18+Q18+V18+Y18+AB18+AE18+S18+AH18 -> 0 | AN18: =L18 -> 0 | AO18: =N18 -> 0 | AP18: =P18 -> 0 | AQ18: =R18 -> 0 | AR18: =U18 -> 0 | AS18: =X18 -> 0 | AT18: =AA18 -> 0 | AU18: =AD18 -> 0 | AV18: =AG18 -> 0
H19: 3 | I19: Ruby Medcalf | J19: Snickers | K19: Southside | M19: =IF(L19=0,,IF(L19>10,,11-(L19))) -> 0 | O19: =IF(N19=0,,IF(N19>10,,11-(N19))) -> 0 | Q19: =IF(P19=0,,IF(P19>10,,11-(P19))) -> 0 | S19: =IF(R19=0,,IF(R19>10,,11-(R19))) -> 0 | V19: =IF(U19=0,,IF(U19>10,,11-(U19))) -> 0 | Y19: =IF(X19=0,,IF(X19>10,,11-(X19))) -> 0 | AB19: =IF(AA19=0,,IF(AA19>10,,11-(AA19))) -> 0 | AE19: =IF(AD19=0,,IF(AD19>10,,11-(AD19))) -> 0 | AH19: =IF(AG19=0,,IF(AG19>10,,11-(AG19))) -> 0 | AJ19: =M19+O19+Q19+V19+Y19+AB19+AE19+S19+AH19 -> 0 | AL19: =M19+O19+Q19+V19+Y19+AB19+AE19+S19+AH19 -> 0 | AM19: =M19+O19+Q19+V19+Y19+AB19+AE19+S19+AH19 -> 0 | AN19: =L19 -> 0 | AO19: =N19 -> 0 | AP19: =P19 -> 0 | AQ19: =R19 -> 0 | AR19: =U19 -> 0 | AS19: =X19 -> 0 | AT19: =AA19 -> 0 | AU19: =AD19 -> 0 | AV19: =AG19 -> 0
A20: 21 | F20: 2 | G20: 9yrs - 10yrs | H20: 4 | I20: Bonnie Brown | J20: Bentley | K20: Northern Suburbs | M20: =IF(L20=0,,IF(L20>10,,11-(L20))) -> 0 | O20: =IF(N20=0,,IF(N20>10,,11-(N20))) -> 0 | Q20: =IF(P20=0,,IF(P20>10,,11-(P20))) -> 0 | S20: =IF(R20=0,,IF(R20>10,,11-(R20))) -> 0 | V20: =IF(U20=0,,IF(U20>10,,11-(U20))) -> 0 | Y20: =IF(X20=0,,IF(X20>10,,11-(X20))) -> 0 | AB20: =IF(AA20=0,,IF(AA20>10,,11-(AA20))) -> 0 | AE20: =IF(AD20=0,,IF(AD20>10,,11-(AD20))) -> 0 | AH20: =IF(AG20=0,,IF(AG20>10,,11-(AG20))) -> 0 | AJ20: =M20+O20+Q20+V20+Y20+AB20+AE20+S20+AH20 -> 0 | AL20: =M20+O20+Q20+V20+Y20+AB20+AE20+S20+AH20 -> 0 | AM20: =M20+O20+Q20+V20+Y20+AB20+AE20+S20+AH20 -> 0 | AN20: =L20 -> 0 | AO20: =N20 -> 0 | AP20: =P20 -> 0 | AQ20: =R20 -> 0 | AR20: =U20 -> 0 | AS20: =X20 -> 0 | AT20: =AA20 -> 0 | AU20: =AD20 -> 0 | AV20: =AG20 -> 0
H21: 5 | I21: Mila Ionescu | J21: Pennylane Marigold | K21: Wynnum | M21: =IF(L21=0,,IF(L21>10,,11-(L21))) -> 0 | O21: =IF(N21=0,,IF(N21>10,,11-(N21))) -> 0 | Q21: =IF(P21=0,,IF(P21>10,,11-(P21))) -> 0 | S21: =IF(R21=0,,IF(R21>10,,11-(R21))) -> 0 | V21: =IF(U21=0,,IF(U21>10,,11-(U21))) -> 0 | Y21: =IF(X21=0,,IF(X21>10,,11-(X21))) -> 0 | AB21: =IF(AA21=0,,IF(AA21>10,,11-(AA21))) -> 0 | AE21: =IF(AD21=0,,IF(AD21>10,,11-(AD21))) -> 0 | AH21: =IF(AG21=0,,IF(AG21>10,,11-(AG21))) -> 0 | AJ21: =M21+O21+Q21+V21+Y21+AB21+AE21+S21+AH21 -> 0 | AL21: =M21+O21+Q21+V21+Y21+AB21+AE21+S21+AH21 -> 0 | AM21: =M21+O21+Q21+V21+Y21+AB21+AE21+S21+AH21 -> 0 | AN21: =L21 -> 0 | AO21: =N21 -> 0 | AP21: =P21 -> 0 | AQ21: =R21 -> 0 | AR21: =U21 -> 0 | AS21: =X21 -> 0 | AT21: =AA21 -> 0 | AU21: =AD21 -> 0 | AV21: =AG21 -> 0
H22: 6 | I22: Milton Kennedy | J22: Missy | K22: Southside | M22: =IF(L22=0,,IF(L22>10,,11-(L22))) -> 0 | O22: =IF(N22=0,,IF(N22>10,,11-(N22))) -> 0 | Q22: =IF(P22=0,,IF(P22>10,,11-(P22))) -> 0 | S22: =IF(R22=0,,IF(R22>10,,11-(R22))) -> 0 | V22: =IF(U22=0,,IF(U22>10,,11-(U22))) -> 0 | Y22: =IF(X22=0,,IF(X22>10,,11-(X22))) -> 0 | AB22: =IF(AA22=0,,IF(AA22>10,,11-(AA22))) -> 0 | AE22: =IF(AD22=0,,IF(AD22>10,,11-(AD22))) -> 0 | AH22: =IF(AG22=0,,IF(AG22>10,,11-(AG22))) -> 0 | AJ22: =M22+O22+Q22+V22+Y22+AB22+AE22+S22+AH22 -> 0 | AL22: =M22+O22+Q22+V22+Y22+AB22+AE22+S22+AH22 -> 0 | AM22: =M22+O22+Q22+V22+Y22+AB22+AE22+S22+AH22 -> 0 | AN22: =L22 -> 0 | AO22: =N22 -> 0 | AP22: =P22 -> 0 | AQ22: =R22 -> 0 | AR22: =U22 -> 0 | AS22: =X22 -> 0 | AT22: =AA22 -> 0 | AU22: =AD22 -> 0 | AV22: =AG22 -> 0
A23: 21 | F23: 2 | G23: 9yrs - 10yrs | H23: 7 | I23: Sienna Horn | J23: Bear | K23: Runcorn | M23: =IF(L23=0,,IF(L23>10,,11-(L23))) -> 0 | O23: =IF(N23=0,,IF(N23>10,,11-(N23))) -> 0 | Q23: =IF(P23=0,,IF(P23>10,,11-(P23))) -> 0 | S23: =IF(R23=0,,IF(R23>10,,11-(R23))) -> 0 | V23: =IF(U23=0,,IF(U23>10,,11-(U23))) -> 0 | Y23: =IF(X23=0,,IF(X23>10,,11-(X23))) -> 0 | AB23: =IF(AA23=0,,IF(AA23>10,,11-(AA23))) -> 0 | AE23: =IF(AD23=0,,IF(AD23>10,,11-(AD23))) -> 0 | AH23: =IF(AG23=0,,IF(AG23>10,,11-(AG23))) -> 0 | AJ23: =M23+O23+Q23+V23+Y23+AB23+AE23+S23+AH23 -> 0 | AL23: =M23+O23+Q23+V23+Y23+AB23+AE23+S23+AH23 -> 0 | AM23: =M23+O23+Q23+V23+Y23+AB23+AE23+S23+AH23 -> 0 | AN23: =L23 -> 0 | AO23: =N23 -> 0 | AP23: =P23 -> 0 | AQ23: =R23 -> 0 | AR23: =U23 -> 0 | AS23: =X23 -> 0 | AT23: =AA23 -> 0 | AU23: =AD23 -> 0 | AV23: =AG23 -> 0
H24: 8 | I24: Aubree Makemson | J24: Stormy | K24: Southside | M24: =IF(L24=0,,IF(L24>10,,11-(L24))) -> 0 | O24: =IF(N24=0,,IF(N24>10,,11-(N24))) -> 0 | Q24: =IF(P24=0,,IF(P24>10,,11-(P24))) -> 0 | S24: =IF(R24=0,,IF(R24>10,,11-(R24))) -> 0 | V24: =IF(U24=0,,IF(U24>10,,11-(U24))) -> 0 | Y24: =IF(X24=0,,IF(X24>10,,11-(X24))) -> 0 | AB24: =IF(AA24=0,,IF(AA24>10,,11-(AA24))) -> 0 | AE24: =IF(AD24=0,,IF(AD24>10,,11-(AD24))) -> 0 | AH24: =IF(AG24=0,,IF(AG24>10,,11-(AG24))) -> 0 | AJ24: =M24+O24+Q24+V24+Y24+AB24+AE24+S24+AH24 -> 0 | AL24: =M24+O24+Q24+V24+Y24+AB24+AE24+S24+AH24 -> 0 | AM24: =M24+O24+Q24+V24+Y24+AB24+AE24+S24+AH24 -> 0 | AN24: =L24 -> 0 | AO24: =N24 -> 0 | AP24: =P24 -> 0 | AQ24: =R24 -> 0 | AR24: =U24 -> 0 | AS24: =X24 -> 0 | AT24: =AA24 -> 0 | AU24: =AD24 -> 0 | AV24: =AG24 -> 0
H25: 9 | I25: Madeline Makemson | J25: Belle | K25: Southside | M25: =IF(L25=0,,IF(L25>10,,11-(L25))) -> 0 | O25: =IF(N25=0,,IF(N25>10,,11-(N25))) -> 0 | Q25: =IF(P25=0,,IF(P25>10,,11-(P25))) -> 0 | S25: =IF(R25=0,,IF(R25>10,,11-(R25))) -> 0 | V25: =IF(U25=0,,IF(U25>10,,11-(U25))) -> 0 | Y25: =IF(X25=0,,IF(X25>10,,11-(X25))) -> 0 | AB25: =IF(AA25=0,,IF(AA25>10,,11-(AA25))) -> 0 | AE25: =IF(AD25=0,,IF(AD25>10,,11-(AD25))) -> 0 | AH25: =IF(AG25=0,,IF(AG25>10,,11-(AG25))) -> 0 | AJ25: =M25+O25+Q25+V25+Y25+AB25+AE25+S25+AH25 -> 0 | AL25: =M25+O25+Q25+V25+Y25+AB25+AE25+S25+AH25 -> 0 | AM25: =M25+O25+Q25+V25+Y25+AB25+AE25+S25+AH25 -> 0 | AN25: =L25 -> 0 | AO25: =N25 -> 0 | AP25: =P25 -> 0 | AQ25: =R25 -> 0 | AR25: =U25 -> 0 | AS25: =X25 -> 0 | AT25: =AA25 -> 0 | AU25: =AD25 -> 0 | AV25: =AG25 -> 0
A26: 1 | H26: Group 8 yrs & Under | AK26: FINAL | AN26: =L26 -> 0 | AO26: =N26 -> 0 | AP26: =P26 -> 0 | AQ26: =R26 -> 0 | AR26: =U26 -> 0 | AS26: =X26 -> 0 | AT26: =AA26 -> 0 | AU26: =AD26 -> 0 | AV26: =AG26 -> 0
A27: 21 | F27: 2 | G27: 9yrs - 10yrs | H27: 15 | I27: Bonnie Osborne | J27: Loriot Lyrical | K27: Rosewood | L27: 1 | M27: =IF(L27=0,,IF(L27>10,,11-(L27))) -> 10 | N27: 1 | O27: =IF(N27=0,,IF(N27>10,,11-(N27))) -> 10 | P27: 1 | Q27: =IF(P27=0,,IF(P27>10,,11-(P27))) -> 10 | R27: 1 | S27: =IF(R27=0,,IF(R27>10,,11-(R27))) -> 10 | T27: 21 | U27: 2 | V27: =IF(U27=0,,IF(U27>10,,11-(U27))) -> 9 | W27: 31.82 | X27: 3 | Y27: =IF(X27=0,,IF(X27>10,,11-(X27))) -> 8 | Z27: 27.35 | AA27: 2 | AB27: =IF(AA27=0,,IF(AA27>10,,11-(AA27))) -> 9 | AC27: 22.82 | AD27: 3 | AE27: =IF(AD27=0,,IF(AD27>10,,11-(AD27))) -> 8 | AH27: =IF(AG27=0,,IF(AG27>10,,11-(AG27))) -> 0 | AJ27: =M27+O27+Q27+V27+Y27+AB27+AE27+S27+AH27 -> 74 | AK27: 1 | AL27: =M27+O27+Q27+V27+Y27+AB27+AE27+S27+AH27 -> 74 | AM27: =M27+O27+Q27+V27+Y27+AB27+AE27+S27+AH27 -> 74 | AN27: =L27 -> 1 | AO27: =N27 -> 1 | AP27: =P27 -> 1 | AQ27: =R27 -> 1 | AR27: =U27 -> 2 | AS27: =X27 -> 3 | AT27: =AA27 -> 2 | AU27: =AD27 -> 3 | AV27: =AG27 -> 0
H28: 14 | I28: Scarlett Kerr | J28: Patience | K28: Burpengary | L28: 3 | M28: =IF(L28=0,,IF(L28>10,,11-(L28))) -> 8 | N28: 5 | O28: =IF(N28=0,,IF(N28>10,,11-(N28))) -> 6 | P28: 5 | Q28: =IF(P28=0,,IF(P28>10,,11-(P28))) -> 6 | R28: 2 | S28: =IF(R28=0,,IF(R28>10,,11-(R28))) -> 9 | T28: 19.29 | U28: 1 | V28: =IF(U28=0,,IF(U28>10,,11-(U28))) -> 10 | W28: 28.1 | X28: 1 | Y28: =IF(X28=0,,IF(X28>10,,11-(X28))) -> 10 | Z28: 23.09 | AA28: 1 | AB28: =IF(AA28=0,,IF(AA28>10,,11-(AA28))) -> 10 | AC28: 20.16 | AD28: 1 | AE28: =IF(AD28=0,,IF(AD28>10,,11-(AD28))) -> 10 | AH28: =IF(AG28=0,,IF(AG28>10,,11-(AG28))) -> 0 | AJ28: =M28+O28+Q28+V28+Y28+AB28+AE28+S28+AH28 -> 69 | AK28: 2 | AL28: =M28+O28+Q28+V28+Y28+AB28+AE28+S28+AH28 -> 69 | AM28: =M28+O28+Q28+V28+Y28+AB28+AE28+S28+AH28 -> 69 | AN28: =L28 -> 3 | AO28: =N28 -> 5 | AP28: =P28 -> 5 | AQ28: =R28 -> 2 | AR28: =U28 -> 1 | AS28: =X28 -> 1 | AT28: =AA28 -> 1 | AU28: =AD28 -> 1 | AV28: =AG28 -> 0
H29: 16 | I29: Annie Smith | J29: Little Red | K29: Dayboro | L29: 2 | M29: =IF(L29=0,,IF(L29>10,,11-(L29))) -> 9 | N29: 2 | O29: =IF(N29=0,,IF(N29>10,,11-(N29))) -> 9 | P29: 2 | Q29: =IF(P29=0,,IF(P29>10,,11-(P29))) -> 9 | R29: 3 | S29: =IF(R29=0,,IF(R29>10,,11-(R29))) -> 8 | T29: E | V29: =IF(U29=0,,IF(U29>10,,11-(U29))) -> 0 | W29: 29.41 | X29: 2 | Y29: =IF(X29=0,,IF(X29>10,,11-(X29))) -> 9 | Z29: 29.1 | AA29: 3 | AB29: =IF(AA29=0,,IF(AA29>10,,11-(AA29))) -> 8 | AC29: 22.53 | AD29: 2 | AE29: =IF(AD29=0,,IF(AD29>10,,11-(AD29))) -> 9 | AH29: =IF(AG29=0,,IF(AG29>10,,11-(AG29))) -> 0 | AJ29: =M29+O29+Q29+V29+Y29+AB29+AE29+S29+AH29 -> 61 | AK29: 3 | AL29: =M29+O29+Q29+V29+Y29+AB29+AE29+S29+AH29 -> 61 | AM29: =M29+O29+Q29+V29+Y29+AB29+AE29+S29+AH29 -> 61 | AN29: =L29 -> 2 | AO29: =N29 -> 2 | AP29: =P29 -> 2 | AQ29: =R29 -> 3 | AR29: =U29 -> 0 | AS29: =X29 -> 2 | AT29: =AA29 -> 3 | AU29: =AD29 -> 2 | AV29: =AG29 -> 0
A30: 21 | F30: 2 | G30: 9yrs - 10yrs | H30: 12 | I30: Margo Volp | J30: Willow | K30: Southside | L30: 5 | M30: =IF(L30=0,,IF(L30>10,,11-(L30))) -> 6 | N30: 3 | O30: =IF(N30=0,,IF(N30>10,,11-(N30))) -> 8 | P30: 3 | Q30: =IF(P30=0,,IF(P30>10,,11-(P30))) -> 8 | R30: 4 | S30: =IF(R30=0,,IF(R30>10,,11-(R30))) -> 7 | T30: 27.69 | U30: 3 | V30: =IF(U30=0,,IF(U30>10,,11-(U30))) -> 8 | W30: 37.18 | X30: 4 | Y30: =IF(X30=0,,IF(X30>10,,11-(X30))) -> 7 | Z30: 46.59 | AA30: 4 | AB30: =IF(AA30=0,,IF(AA30>10,,11-(AA30))) -> 7 | AC30: 30.75 | AD30: 4 | AE30: =IF(AD30=0,,IF(AD30>10,,11-(AD30))) -> 7 | AH30: =IF(AG30=0,,IF(AG30>10,,11-(AG30))) -> 0 | AJ30: =M30+O30+Q30+V30+Y30+AB30+AE30+S30+AH30 -> 58 | AL30: =M30+O30+Q30+V30+Y30+AB30+AE30+S30+AH30 -> 58 | AM30: =M30+O30+Q30+V30+Y30+AB30+AE30+S30+AH30 -> 58 | AN30: =L30 -> 5 | AO30: =N30 -> 3 | AP30: =P30 -> 3 | AQ30: =R30 -> 4 | AR30: =U30 -> 3 | AS30: =X30 -> 4 | AT30: =AA30 -> 4 | AU30: =AD30 -> 4 | AV30: =AG30 -> 0
H31: 13 | I31: Ella Beriman | J31: Leander Hello Stranger | K31: Cooroy | L31: 4 | M31: =IF(L31=0,,IF(L31>10,,11-(L31))) -> 7 | N31: 4 | O31: =IF(N31=0,,IF(N31>10,,11-(N31))) -> 7 | P31: 4 | Q31: =IF(P31=0,,IF(P31>10,,11-(P31))) -> 7 | R31: E | S31: =IF(R31=0,,IF(R31>10,,11-(R31))) -> 0 | T31: 45.88 | U31: 4 | V31: =IF(U31=0,,IF(U31>10,,11-(U31))) -> 7 | W31: E | Y31: =IF(X31=0,,IF(X31>10,,11-(X31))) -> 0 | Z31: 82.09 | AA31: 5 | AB31: =IF(AA31=0,,IF(AA31>10,,11-(AA31))) -> 6 | AC31: 36.78 | AD31: 5 | AE31: =IF(AD31=0,,IF(AD31>10,,11-(AD31))) -> 6 | AH31: =IF(AG31=0,,IF(AG31>10,,11-(AG31))) -> 0 | AJ31: =M31+O31+Q31+V31+Y31+AB31+AE31+S31+AH31 -> 40 | AL31: =M31+O31+Q31+V31+Y31+AB31+AE31+S31+AH31 -> 40 | AM31: =M31+O31+Q31+V31+Y31+AB31+AE31+S31+AH31 -> 40 | AN31: =L31 -> 4 | AO31: =N31 -> 4 | AP31: =P31 -> 4 | AQ31: =R31 -> E | AR31: =U31 -> 4 | AS31: =X31 -> 0 | AT31: =AA31 -> 5 | AU31: =AD31 -> 5 | AV31: =AG31 -> 0
M32: =IF(L32=0,,IF(L32>10,,11-(L32))) -> 0 | O32: =IF(N32=0,,IF(N32>10,,11-(N32))) -> 0 | Q32: =IF(P32=0,,IF(P32>10,,11-(P32))) -> 0 | S32: =IF(R32=0,,IF(R32>10,,11-(R32))) -> 0 | V32: =IF(U32=0,,IF(U32>10,,11-(U32))) -> 0 | Y32: =IF(X32=0,,IF(X32>10,,11-(X32))) -> 0 | AB32: =IF(AA32=0,,IF(AA32>10,,11-(AA32))) -> 0 | AE32: =IF(AD32=0,,IF(AD32>10,,11-(AD32))) -> 0 | AH32: =IF(AG32=0,,IF(AG32>10,,11-(AG32))) -> 0 | AJ32: =M32+O32+Q32+V32+Y32+AB32+AE32+S32+AH32 -> 0 | AL32: =M32+O32+Q32+V32+Y32+AB32+AE32+S32+AH32 -> 0 | AM32: =M32+O32+Q32+V32+Y32+AB32+AE32+S32+AH32 -> 0 | AN32: =L32 -> 0 | AO32: =N32 -> 0 | AP32: =P32 -> 0 | AQ32: =R32 -> 0 | AR32: =U32 -> 0 | AS32: =X32 -> 0 | AT32: =AA32 -> 0 | AU32: =AD32 -> 0 | AV32: =AG32 -> 0
A33: 14 | H33: Group 9yrs - 10yrs | AK33: FINAL | AN33: =L33 -> 0 | AO33: =N33 -> 0 | AP33: =P33 -> 0 | AQ33: =R33 -> 0 | AR33: =U33 -> 0 | AS33: =X33 -> 0 | AT33: =AA33 -> 0 | AU33: =AD33 -> 0 | AV33: =AG33 -> 0
A34: 21 | F34: 2 | G34: 9yrs - 10yrs | H34: 19 | I34: Thea Davis | J34: Charalook Ambassador | K34: Southside | M34: =IF(L34=0,,IF(L34>10,,11-(L34))) -> 0 | O34: =IF(N34=0,,IF(N34>10,,11-(N34))) -> 0 | Q34: =IF(P34=0,,IF(P34>10,,11-(P34))) -> 0 | S34: =IF(R34=0,,IF(R34>10,,11-(R34))) -> 0 | V34: =IF(U34=0,,IF(U34>10,,11-(U34))) -> 0 | Y34: =IF(X34=0,,IF(X34>10,,11-(X34))) -> 0 | AB34: =IF(AA34=0,,IF(AA34>10,,11-(AA34))) -> 0 | AE34: =IF(AD34=0,,IF(AD34>10,,11-(AD34))) -> 0 | AH34: =IF(AG34=0,,IF(AG34>10,,11-(AG34))) -> 0 | AJ34: =M34+O34+Q34+V34+Y34+AB34+AE34+S34+AH34 -> 0 | AL34: =M34+O34+Q34+V34+Y34+AB34+AE34+S34+AH34 -> 0 | AM34: =M34+O34+Q34+V34+Y34+AB34+AE34+S34+AH34 -> 0 | AN34: =L34 -> 0 | AO34: =N34 -> 0 | AP34: =P34 -> 0 | AQ34: =R34 -> 0 | AR34: =U34 -> 0 | AS34: =X34 -> 0 | AT34: =AA34 -> 0 | AU34: =AD34 -> 0 | AV34: =AG34 -> 0
H35: 20 | I35: Eva Dundon | J35: Oreo | K35: Gumdale | M35: =IF(L35=0,,IF(L35>10,,11-(L35))) -> 0 | O35: =IF(N35=0,,IF(N35>10,,11-(N35))) -> 0 | Q35: =IF(P35=0,,IF(P35>10,,11-(P35))) -> 0 | S35: =IF(R35=0,,IF(R35>10,,11-(R35))) -> 0 | V35: =IF(U35=0,,IF(U35>10,,11-(U35))) -> 0 | Y35: =IF(X35=0,,IF(X35>10,,11-(X35))) -> 0 | AB35: =IF(AA35=0,,IF(AA35>10,,11-(AA35))) -> 0 | AE35: =IF(AD35=0,,IF(AD35>10,,11-(AD35))) -> 0 | AH35: =IF(AG35=0,,IF(AG35>10,,11-(AG35))) -> 0 | AJ35: =M35+O35+Q35+V35+Y35+AB35+AE35+S35+AH35 -> 0 | AL35: =M35+O35+Q35+V35+Y35+AB35+AE35+S35+AH35 -> 0 | AM35: =M35+O35+Q35+V35+Y35+AB35+AE35+S35+AH35 -> 0 | AN35: =L35 -> 0 | AO35: =N35 -> 0 | AP35: =P35 -> 0 | AQ35: =R35 -> 0 | AR35: =U35 -> 0 | AS35: =X35 -> 0 | AT35: =AA35 -> 0 | AU35: =AD35 -> 0 | AV35: =AG35 -> 0
H36: 24 | I36: Ella Osborne | J36: Wyoming Stud Charlie Boy | K36: Rosewood | L36: 2 | M36: =IF(L36=0,,IF(L36>10,,11-(L36))) -> 9 | N36: 1 | O36: =IF(N36=0,,IF(N36>10,,11-(N36))) -> 10 | P36: 1 | Q36: =IF(P36=0,,IF(P36>10,,11-(P36))) -> 10 | R36: 2 | S36: =IF(R36=0,,IF(R36>10,,11-(R36))) -> 9 | T36: 17.12 | U36: 1 | V36: =IF(U36=0,,IF(U36>10,,11-(U36))) -> 10 | W36: 19.57 | X36: 2 | Y36: =IF(X36=0,,IF(X36>10,,11-(X36))) -> 9 | Z36: 23.1 | AA36: 2 | AB36: =IF(AA36=0,,IF(AA36>10,,11-(AA36))) -> 9 | AC36: 19.41 | AD36: 2 | AE36: =IF(AD36=0,,IF(AD36>10,,11-(AD36))) -> 9 | AH36: =IF(AG36=0,,IF(AG36>10,,11-(AG36))) -> 0 | AJ36: =M36+O36+Q36+V36+Y36+AB36+AE36+S36+AH36 -> 75 | AK36: 1 | AL36: =M36+O36+Q36+V36+Y36+AB36+AE36+S36+AH36 -> 75 | AM36: =M36+O36+Q36+V36+Y36+AB36+AE36+S36+AH36 -> 75 | AN36: =L36 -> 2 | AO36: =N36 -> 1 | AP36: =P36 -> 1 | AQ36: =R36 -> 2 | AR36: =U36 -> 1 | AS36: =X36 -> 2 | AT36: =AA36 -> 2 | AU36: =AD36 -> 2 | AV36: =AG36 -> 0
A37: 16 | F37: 2 | G37: 9yrs - 10yrs | H37: 25 | I37: Hats Smith | J37: Betty | K37: Dayboro | L37: 4 | M37: =IF(L37=0,,IF(L37>10,,11-(L37))) -> 7 | N37: 5 | O37: =IF(N37=0,,IF(N37>10,,11-(N37))) -> 6 | P37: 4 | Q37: =IF(P37=0,,IF(P37>10,,11-(P37))) -> 7 | R37: 1 | S37: =IF(R37=0,,IF(R37>10,,11-(R37))) -> 10 | T37: 17.62 | U37: 2 | V37: =IF(U37=0,,IF(U37>10,,11-(U37))) -> 9 | W37: 18.18 | X37: 1 | Y37: =IF(X37=0,,IF(X37>10,,11-(X37))) -> 10 | Z37: 20.41 | AA37: 1 | AB37: =IF(AA37=0,,IF(AA37>10,,11-(AA37))) -> 10 | AC37: 17.68 | AD37: 1 | AE37: =IF(AD37=0,,IF(AD37>10,,11-(AD37))) -> 10 | AH37: =IF(AG37=0,,IF(AG37>10,,11-(AG37))) -> 0 | AJ37: =M37+O37+Q37+V37+Y37+AB37+AE37+S37+AH37 -> 69 | AK37: 2 | AL37: =M37+O37+Q37+V37+Y37+AB37+AE37+S37+AH37 -> 69 | AM37: =M37+O37+Q37+V37+Y37+AB37+AE37+S37+AH37 -> 69 | AN37: =L37 -> 4 | AO37: =N37 -> 5 | AP37: =P37 -> 4 | AQ37: =R37 -> 1 | AR37: =U37 -> 2 | AS37: =X37 -> 1 | AT37: =AA37 -> 1 | AU37: =AD37 -> 1 | AV37: =AG37 -> 0
H38: 22 | I38: Frankie Brown | J38: Starr View Black Tie Affair | K38: Northern Suburbs | L38: 1 | M38: =IF(L38=0,,IF(L38>10,,11-(L38))) -> 10 | N38: 3 | O38: =IF(N38=0,,IF(N38>10,,11-(N38))) -> 8 | P38: 2 | Q38: =IF(P38=0,,IF(P38>10,,11-(P38))) -> 9 | R38: 3 | S38: =IF(R38=0,,IF(R38>10,,11-(R38))) -> 8 | T38: 25.28 | U38: 3 | V38: =IF(U38=0,,IF(U38>10,,11-(U38))) -> 8 | W38: 20.72 | X38: 3 | Y38: =IF(X38=0,,IF(X38>10,,11-(X38))) -> 8 | Z38: 29.19 | AA38: 5 | AB38: =IF(AA38=0,,IF(AA38>10,,11-(AA38))) -> 6 | AC38: 24.69 | AD38: 3 | AE38: =IF(AD38=0,,IF(AD38>10,,11-(AD38))) -> 8 | AH38: =IF(AG38=0,,IF(AG38>10,,11-(AG38))) -> 0 | AJ38: =M38+O38+Q38+V38+Y38+AB38+AE38+S38+AH38 -> 65 | AK38: 3 | AL38: =M38+O38+Q38+V38+Y38+AB38+AE38+S38+AH38 -> 65 | AM38: =M38+O38+Q38+V38+Y38+AB38+AE38+S38+AH38 -> 65 | AN38: =L38 -> 1 | AO38: =N38 -> 3 | AP38: =P38 -> 2 | AQ38: =R38 -> 3 | AR38: =U38 -> 3 | AS38: =X38 -> 3 | AT38: =AA38 -> 5 | AU38: =AD38 -> 3 | AV38: =AG38 -> 0
A39: 22 | F39: 2 | G39: 9yrs - 10yrs | H39: 26 | I39: Summer Harlen | J39: Dusky | K39: Lowood Fernvale | L39: 3 | M39: =IF(L39=0,,IF(L39>10,,11-(L39))) -> 8 | N39: 4 | O39: =IF(N39=0,,IF(N39>10,,11-(N39))) -> 7 | P39: 5 | Q39: =IF(P39=0,,IF(P39>10,,11-(P39))) -> 6 | R39: 4 | S39: =IF(R39=0,,IF(R39>10,,11-(R39))) -> 7 | T39: 32.06 | U39: 5 | V39: =IF(U39=0,,IF(U39>10,,11-(U39))) -> 6 | W39: E | Y39: =IF(X39=0,,IF(X39>10,,11-(X39))) -> 0 | Z39: 27.81 | AA39: 3 | AB39: =IF(AA39=0,,IF(AA39>10,,11-(AA39))) -> 8 | AC39: 24.69 | AD39: 3 | AE39: =IF(AD39=0,,IF(AD39>10,,11-(AD39))) -> 8 | AH39: =IF(AG39=0,,IF(AG39>10,,11-(AG39))) -> 0 | AJ39: =M39+O39+Q39+V39+Y39+AB39+AE39+S39+AH39 -> 50 | AL39: =M39+O39+Q39+V39+Y39+AB39+AE39+S39+AH39 -> 50 | AM39: =M39+O39+Q39+V39+Y39+AB39+AE39+S39+AH39 -> 50 | AN39: =L39 -> 3 | AO39: =N39 -> 4 | AP39: =P39 -> 5 | AQ39: =R39 -> 4 | AR39: =U39 -> 5 | AS39: =X39 -> 0 | AT39: =AA39 -> 3 | AU39: =AD39 -> 3 | AV39: =AG39 -> 0
H40: 21 | I40: Ava Schrodter | J40: Peaches and Cream | K40: Southside | L40: 5 | M40: =IF(L40=0,,IF(L40>10,,11-(L40))) -> 6 | N40: 2 | O40: =IF(N40=0,,IF(N40>10,,11-(N40))) -> 9 | P40: 6 | Q40: =IF(P40=0,,IF(P40>10,,11-(P40))) -> 5 | R40: E | S40: =IF(R40=0,,IF(R40>10,,11-(R40))) -> 0 | T40: 28.5 | U40: 4 | V40: =IF(U40=0,,IF(U40>10,,11-(U40))) -> 7 | W40: 29.62 | X40: 5 | Y40: =IF(X40=0,,IF(X40>10,,11-(X40))) -> 6 | Z40: 40.25 | AA40: 6 | AB40: =IF(AA40=0,,IF(AA40>10,,11-(AA40))) -> 5 | AC40: 28.12 | AD40: 5 | AE40: =IF(AD40=0,,IF(AD40>10,,11-(AD40))) -> 6 | AH40: =IF(AG40=0,,IF(AG40>10,,11-(AG40))) -> 0 | AJ40: =M40+O40+Q40+V40+Y40+AB40+AE40+S40+AH40 -> 44 | AL40: =M40+O40+Q40+V40+Y40+AB40+AE40+S40+AH40 -> 44 | AM40: =M40+O40+Q40+V40+Y40+AB40+AE40+S40+AH40 -> 44 | AN40: =L40 -> 5 | AO40: =N40 -> 2 | AP40: =P40 -> 6 | AQ40: =R40 -> E | AR40: =U40 -> 4 | AS40: =X40 -> 5 | AT40: =AA40 -> 6 | AU40: =AD40 -> 5 | AV40: =AG40 -> 0
H41: 23 | I41: Evie Binks | J41: Magic | K41: Southside | L41: 6 | M41: =IF(L41=0,,IF(L41>10,,11-(L41))) -> 5 | O41: =IF(N41=0,,IF(N41>10,,11-(N41))) -> 0 | P41: 3 | Q41: =IF(P41=0,,IF(P41>10,,11-(P41))) -> 8 | S41: =IF(R41=0,,IF(R41>10,,11-(R41))) -> 0 | V41: =IF(U41=0,,IF(U41>10,,11-(U41))) -> 0 | W41: 25.57 | X41: 4 | Y41: =IF(X41=0,,IF(X41>10,,11-(X41))) -> 7 | Z41: 29.1 | AA41: 4 | AB41: =IF(AA41=0,,IF(AA41>10,,11-(AA41))) -> 7 | AE41: =IF(AD41=0,,IF(AD41>10,,11-(AD41))) -> 0 | AH41: =IF(AG41=0,,IF(AG41>10,,11-(AG41))) -> 0 | AJ41: =M41+O41+Q41+V41+Y41+AB41+AE41+S41+AH41 -> 27 | AL41: =M41+O41+Q41+V41+Y41+AB41+AE41+S41+AH41 -> 27 | AM41: =M41+O41+Q41+V41+Y41+AB41+AE41+S41+AH41 -> 27 | AN41: =L41 -> 6 | AO41: =N41 -> 0 | AP41: =P41 -> 3 | AQ41: =R41 -> 0 | AR41: =U41 -> 0 | AS41: =X41 -> 4 | AT41: =AA41 -> 4 | AU41: =AD41 -> 0 | AV41: =AG41 -> 0
A42: 20 | F42: 2 | G42: 9yrs - 10yrs | M42: =IF(L42=0,,IF(L42>10,,11-(L42))) -> 0 | O42: =IF(N42=0,,IF(N42>10,,11-(N42))) -> 0 | Q42: =IF(P42=0,,IF(P42>10,,11-(P42))) -> 0 | S42: =IF(R42=0,,IF(R42>10,,11-(R42))) -> 0 | V42: =IF(U42=0,,IF(U42>10,,11-(U42))) -> 0 | Y42: =IF(X42=0,,IF(X42>10,,11-(X42))) -> 0 | AB42: =IF(AA42=0,,IF(AA42>10,,11-(AA42))) -> 0 | AE42: =IF(AD42=0,,IF(AD42>10,,11-(AD42))) -> 0 | AH42: =IF(AG42=0,,IF(AG42>10,,11-(AG42))) -> 0 | AJ42: =M42+O42+Q42+V42+Y42+AB42+AE42+S42+AH42 -> 0 | AL42: =M42+O42+Q42+V42+Y42+AB42+AE42+S42+AH42 -> 0 | AM42: =M42+O42+Q42+V42+Y42+AB42+AE42+S42+AH42 -> 0 | AN42: =L42 -> 0 | AO42: =N42 -> 0 | AP42: =P42 -> 0 | AQ42: =R42 -> 0 | AR42: =U42 -> 0 | AS42: =X42 -> 0 | AT42: =AA42 -> 0 | AU42: =AD42 -> 0 | AV42: =AG42 -> 0
A43: 18 | F43: 2 | G43: 9yrs - 10yrs | M43: =IF(L43=0,,IF(L43>10,,11-(L43))) -> 0 | O43: =IF(N43=0,,IF(N43>10,,11-(N43))) -> 0 | Q43: =IF(P43=0,,IF(P43>10,,11-(P43))) -> 0 | S43: =IF(R43=0,,IF(R43>10,,11-(R43))) -> 0 | V43: =IF(U43=0,,IF(U43>10,,11-(U43))) -> 0 | Y43: =IF(X43=0,,IF(X43>10,,11-(X43))) -> 0 | AB43: =IF(AA43=0,,IF(AA43>10,,11-(AA43))) -> 0 | AE43: =IF(AD43=0,,IF(AD43>10,,11-(AD43))) -> 0 | AH43: =IF(AG43=0,,IF(AG43>10,,11-(AG43))) -> 0 | AJ43: =M43+O43+Q43+V43+Y43+AB43+AE43+S43+AH43 -> 0 | AL43: =M43+O43+Q43+V43+Y43+AB43+AE43+S43+AH43 -> 0 | AM43: =M43+O43+Q43+V43+Y43+AB43+AE43+S43+AH43 -> 0 | AN43: =L43 -> 0 | AO43: =N43 -> 0 | AP43: =P43 -> 0 | AQ43: =R43 -> 0 | AR43: =U43 -> 0 | AS43: =X43 -> 0 | AT43: =AA43 -> 0 | AU43: =AD43 -> 0 | AV43: =AG43 -> 0
A44: 17 | F44: 2 | G44: 9yrs - 10yrs | M44: =IF(L44=0,,IF(L44>10,,11-(L44))) -> 0 | O44: =IF(N44=0,,IF(N44>10,,11-(N44))) -> 0 | Q44: =IF(P44=0,,IF(P44>10,,11-(P44))) -> 0 | S44: =IF(R44=0,,IF(R44>10,,11-(R44))) -> 0 | V44: =IF(U44=0,,IF(U44>10,,11-(U44))) -> 0 | Y44: =IF(X44=0,,IF(X44>10,,11-(X44))) -> 0 | AB44: =IF(AA44=0,,IF(AA44>10,,11-(AA44))) -> 0 | AE44: =IF(AD44=0,,IF(AD44>10,,11-(AD44))) -> 0 | AH44: =IF(AG44=0,,IF(AG44>10,,11-(AG44))) -> 0 | AJ44: =M44+O44+Q44+V44+Y44+AB44+AE44+S44+AH44 -> 0 | AL44: =M44+O44+Q44+V44+Y44+AB44+AE44+S44+AH44 -> 0 | AM44: =M44+O44+Q44+V44+Y44+AB44+AE44+S44+AH44 -> 0 | AN44: =L44 -> 0 | AO44: =N44 -> 0 | AP44: =P44 -> 0 | AQ44: =R44 -> 0 | AR44: =U44 -> 0 | AS44: =X44 -> 0 | AT44: =AA44 -> 0 | AU44: =AD44 -> 0 | AV44: =AG44 -> 0
A45: 15 | F45: 2 | G45: 9yrs - 10yrs | M45: =IF(L45=0,,IF(L45>10,,11-(L45))) -> 0 | O45: =IF(N45=0,,IF(N45>10,,11-(N45))) -> 0 | Q45: =IF(P45=0,,IF(P45>10,,11-(P45))) -> 0 | S45: =IF(R45=0,,IF(R45>10,,11-(R45))) -> 0 | V45: =IF(U45=0,,IF(U45>10,,11-(U45))) -> 0 | Y45: =IF(X45=0,,IF(X45>10,,11-(X45))) -> 0 | AB45: =IF(AA45=0,,IF(AA45>10,,11-(AA45))) -> 0 | AE45: =IF(AD45=0,,IF(AD45>10,,11-(AD45))) -> 0 | AH45: =IF(AG45=0,,IF(AG45>10,,11-(AG45))) -> 0 | AJ45: =M45+O45+Q45+V45+Y45+AB45+AE45+S45+AH45 -> 0 | AL45: =M45+O45+Q45+V45+Y45+AB45+AE45+S45+AH45 -> 0 | AM45: =M45+O45+Q45+V45+Y45+AB45+AE45+S45+AH45 -> 0 | AN45: =L45 -> 0 | AO45: =N45 -> 0 | AP45: =P45 -> 0 | AQ45: =R45 -> 0 | AR45: =U45 -> 0 | AS45: =X45 -> 0 | AT45: =AA45 -> 0 | AU45: =AD45 -> 0 | AV45: =AG45 -> 0
A46: 19 | F46: 2 | G46: 9yrs - 10yrs | M46: =IF(L46=0,,IF(L46>10,,11-(L46))) -> 0 | O46: =IF(N46=0,,IF(N46>10,,11-(N46))) -> 0 | Q46: =IF(P46=0,,IF(P46>10,,11-(P46))) -> 0 | S46: =IF(R46=0,,IF(R46>10,,11-(R46))) -> 0 | V46: =IF(U46=0,,IF(U46>10,,11-(U46))) -> 0 | Y46: =IF(X46=0,,IF(X46>10,,11-(X46))) -> 0 | AB46: =IF(AA46=0,,IF(AA46>10,,11-(AA46))) -> 0 | AE46: =IF(AD46=0,,IF(AD46>10,,11-(AD46))) -> 0 | AH46: =IF(AG46=0,,IF(AG46>10,,11-(AG46))) -> 0 | AJ46: =M46+O46+Q46+V46+Y46+AB46+AE46+S46+AH46 -> 0 | AL46: =M46+O46+Q46+V46+Y46+AB46+AE46+S46+AH46 -> 0 | AM46: =M46+O46+Q46+V46+Y46+AB46+AE46+S46+AH46 -> 0 | AN46: =L46 -> 0 | AO46: =N46 -> 0 | AP46: =P46 -> 0 | AQ46: =R46 -> 0 | AR46: =U46 -> 0 | AS46: =X46 -> 0 | AT46: =AA46 -> 0 | AU46: =AD46 -> 0 | AV46: =AG46 -> 0
A47: 23 | M47: =IF(L47=0,,IF(L47>10,,11-(L47))) -> 0 | O47: =IF(N47=0,,IF(N47>10,,11-(N47))) -> 0 | Q47: =IF(P47=0,,IF(P47>10,,11-(P47))) -> 0 | S47: =IF(R47=0,,IF(R47>10,,11-(R47))) -> 0 | V47: =IF(U47=0,,IF(U47>10,,11-(U47))) -> 0 | Y47: =IF(X47=0,,IF(X47>10,,11-(X47))) -> 0 | AB47: =IF(AA47=0,,IF(AA47>10,,11-(AA47))) -> 0 | AE47: =IF(AD47=0,,IF(AD47>10,,11-(AD47))) -> 0 | AH47: =IF(AG47=0,,IF(AG47>10,,11-(AG47))) -> 0 | AJ47: =M47+O47+Q47+V47+Y47+AB47+AE47+S47+AH47 -> 0 | AL47: =M47+O47+Q47+V47+Y47+AB47+AE47+S47+AH47 -> 0 | AM47: =M47+O47+Q47+V47+Y47+AB47+AE47+S47+AH47 -> 0 | AN47: =L47 -> 0 | AO47: =N47 -> 0 | AP47: =P47 -> 0 | AQ47: =R47 -> 0 | AR47: =U47 -> 0 | AS47: =X47 -> 0 | AT47: =AA47 -> 0 | AU47: =AD47 -> 0 | AV47: =AG47 -> 0
A48: 24 | M48: =IF(L48=0,,IF(L48>10,,11-(L48))) -> 0 | O48: =IF(N48=0,,IF(N48>10,,11-(N48))) -> 0 | Q48: =IF(P48=0,,IF(P48>10,,11-(P48))) -> 0 | S48: =IF(R48=0,,IF(R48>10,,11-(R48))) -> 0 | V48: =IF(U48=0,,IF(U48>10,,11-(U48))) -> 0 | Y48: =IF(X48=0,,IF(X48>10,,11-(X48))) -> 0 | AB48: =IF(AA48=0,,IF(AA48>10,,11-(AA48))) -> 0 | AE48: =IF(AD48=0,,IF(AD48>10,,11-(AD48))) -> 0 | AH48: =IF(AG48=0,,IF(AG48>10,,11-(AG48))) -> 0 | AJ48: =M48+O48+Q48+V48+Y48+AB48+AE48+S48+AH48 -> 0 | AL48: =M48+O48+Q48+V48+Y48+AB48+AE48+S48+AH48 -> 0 | AM48: =M48+O48+Q48+V48+Y48+AB48+AE48+S48+AH48 -> 0 | AN48: =L48 -> 0 | AO48: =N48 -> 0 | AP48: =P48 -> 0 | AQ48: =R48 -> 0 | AR48: =U48 -> 0 | AS48: =X48 -> 0 | AT48: =AA48 -> 0 | AU48: =AD48 -> 0 | AV48: =AG48 -> 0
A49: 25 | H49: Group 11yrs - 12yrs | AK49: FINAL | AN49: =L49 -> 0 | AO49: =N49 -> 0 | AP49: =P49 -> 0 | AQ49: =R49 -> 0 | AR49: =U49 -> 0 | AS49: =X49 -> 0 | AT49: =AA49 -> 0 | AU49: =AD49 -> 0 | AV49: =AG49 -> 0
A50: 36 | F50: 3 | G50: 11yrs - 12yrs | H50: 30 | I50: Indi Watson | J50: Aztec | K50: Nerang | L50: 3 | M50: =IF(L50=0,,IF(L50>10,,11-(L50))) -> 8 | N50: 1 | O50: =IF(N50=0,,IF(N50>10,,11-(N50))) -> 10 | P50: 2 | Q50: =IF(P50=0,,IF(P50>10,,11-(P50))) -> 9 | R50: 3 | S50: =IF(R50=0,,IF(R50>10,,11-(R50))) -> 8 | T50: 21.32 | U50: 4 | V50: =IF(U50=0,,IF(U50>10,,11-(U50))) -> 7 | W50: 32.12 | X50: 2 | Y50: =IF(X50=0,,IF(X50>10,,11-(X50))) -> 9 | Z50: 25.78 | AA50: 4 | AB50: =IF(AA50=0,,IF(AA50>10,,11-(AA50))) -> 7 | AC50: 23.15 | AD50: 4 | AE50: =IF(AD50=0,,IF(AD50>10,,11-(AD50))) -> 7 | AH50: =IF(AG50=0,,IF(AG50>10,,11-(AG50))) -> 0 | AJ50: =M50+O50+Q50+V50+Y50+AB50+AE50+S50+AH50 -> 65 | AK50: 1 | AL50: =M50+O50+Q50+V50+Y50+AB50+AE50+S50 -> 65 | AM50: =M50+O50+Q50+V50+Y50+AB50+AE50+S50+AH50 -> 65 | AN50: =L50 -> 3 | AO50: =N50 -> 1 | AP50: =P50 -> 2 | AQ50: =R50 -> 3 | AR50: =U50 -> 4 | AS50: =X50 -> 2 | AT50: =AA50 -> 4 | AU50: =AD50 -> 4 | AV50: =AG50 -> 0
A51: 33 | F51: 3 | G51: 11yrs - 12yrs | H51: 28 | I51: Penelope Moor | J51: Felix | K51: Southside | L51: 2 | M51: =IF(L51=0,,IF(L51>10,,11-(L51))) -> 9 | N51: 4 | O51: =IF(N51=0,,IF(N51>10,,11-(N51))) -> 7 | P51: 1 | Q51: =IF(P51=0,,IF(P51>10,,11-(P51))) -> 10 | R51: 2 | S51: =IF(R51=0,,IF(R51>10,,11-(R51))) -> 9 | T51: 18.06 | U51: 3 | V51: =IF(U51=0,,IF(U51>10,,11-(U51))) -> 8 | W51: E | Y51: =IF(X51=0,,IF(X51>10,,11-(X51))) -> 0 | Z51: 21.37 | AA51: 1 | AB51: =IF(AA51=0,,IF(AA51>10,,11-(AA51))) -> 10 | AC51: 20.38 | AD51: 1 | AE51: =IF(AD51=0,,IF(AD51>10,,11-(AD51))) -> 10 | AH51: =IF(AG51=0,,IF(AG51>10,,11-(AG51))) -> 0 | AJ51: =M51+O51+Q51+V51+Y51+AB51+AE51+S51+AH51 -> 63 | AK51: 2 | AL51: =M51+O51+Q51+V51+Y51+AB51+AE51+S51 -> 63 | AM51: =M51+O51+Q51+V51+Y51+AB51+AE51+S51+AH51 -> 63 | AN51: =L51 -> 2 | AO51: =N51 -> 4 | AP51: =P51 -> 1 | AQ51: =R51 -> 2 | AR51: =U51 -> 3 | AS51: =X51 -> 0 | AT51: =AA51 -> 1 | AU51: =AD51 -> 1 | AV51: =AG51 -> 0
A52: 37 | F52: 3 | G52: 11yrs - 12yrs | H52: 31 | I52: Annabelle Kerr | J52: Ajax | K52: Burpengary | L52: 1 | M52: =IF(L52=0,,IF(L52>10,,11-(L52))) -> 10 | N52: 3 | O52: =IF(N52=0,,IF(N52>10,,11-(N52))) -> 8 | P52: 4 | Q52: =IF(P52=0,,IF(P52>10,,11-(P52))) -> 7 | R52: 1 | S52: =IF(R52=0,,IF(R52>10,,11-(R52))) -> 10 | T52: 15.94 | U52: 1 | V52: =IF(U52=0,,IF(U52>10,,11-(U52))) -> 10 | W52: 13.34 | X52: 1 | Y52: =IF(X52=0,,IF(X52>10,,11-(X52))) -> 10 | Z52: E | AB52: =IF(AA52=0,,IF(AA52>10,,11-(AA52))) -> 0 | AC52: E | AE52: =IF(AD52=0,,IF(AD52>10,,11-(AD52))) -> 0 | AH52: =IF(AG52=0,,IF(AG52>10,,11-(AG52))) -> 0 | AJ52: =M52+O52+Q52+V52+Y52+AB52+AE52+S52+AH52 -> 55 | AK52: 3 | AL52: =M52+O52+Q52+V52+Y52+AB52+AE52+S52 -> 55 | AM52: =M52+O52+Q52+V52+Y52+AB52+AE52+S52+AH52 -> 55 | AN52: =L52 -> 1 | AO52: =N52 -> 3 | AP52: =P52 -> 4 | AQ52: =R52 -> 1 | AR52: =U52 -> 1 | AS52: =X52 -> 1 | AT52: =AA52 -> 0 | AU52: =AD52 -> 0 | AV52: =AG52 -> 0
A53: 6 | F53: 1 | G53: 8 yrs & Under | H53: 32 | I53: Flo Smith | J53: Drover | K53: Dayboro | L53: 5 | M53: =IF(L53=0,,IF(L53>10,,11-(L53))) -> 6 | N53: 5 | O53: =IF(N53=0,,IF(N53>10,,11-(N53))) -> 6 | P53: 5 | Q53: =IF(P53=0,,IF(P53>10,,11-(P53))) -> 6 | R53: 4 | S53: =IF(R53=0,,IF(R53>10,,11-(R53))) -> 7 | T53: 17.57 | U53: 2 | V53: =IF(U53=0,,IF(U53>10,,11-(U53))) -> 9 | W53: E | Y53: =IF(X53=0,,IF(X53>10,,11-(X53))) -> 0 | Z53: 24 | AA53: 2 | AB53: =IF(AA53=0,,IF(AA53>10,,11-(AA53))) -> 9 | AC53: 21.03 | AD53: 2 | AE53: =IF(AD53=0,,IF(AD53>10,,11-(AD53))) -> 9 | AH53: =IF(AG53=0,,IF(AG53>10,,11-(AG53))) -> 0 | AJ53: =M53+O53+Q53+V53+Y53+AB53+AE53+S53+AH53 -> 52 | AL53: =M53+O53+Q53+V53+Y53+AB53+AE53+S53 -> 52 | AM53: =M53+O53+Q53+V53+Y53+AB53+AE53+S53+AH53 -> 52 | AN53: =L53 -> 5 | AO53: =N53 -> 5 | AP53: =P53 -> 5 | AQ53: =R53 -> 4 | AR53: =U53 -> 2 | AS53: =X53 -> 0 | AT53: =AA53 -> 2 | AU53: =AD53 -> 2 | AV53: =AG53 -> 0
A54: 28 | F54: 3 | G54: 11yrs - 12yrs | H54: 29 | I54: Nell Davis | J54: Nilton Sound of Music | K54: Southside | L54: 4 | M54: =IF(L54=0,,IF(L54>10,,11-(L54))) -> 7 | N54: 2 | O54: =IF(N54=0,,IF(N54>10,,11-(N54))) -> 9 | P54: 3 | Q54: =IF(P54=0,,IF(P54>10,,11-(P54))) -> 8 | R54: 5 | S54: =IF(R54=0,,IF(R54>10,,11-(R54))) -> 6 | T54: 22.47 | U54: 5 | V54: =IF(U54=0,,IF(U54>10,,11-(U54))) -> 6 | W54: E | Y54: =IF(X54=0,,IF(X54>10,,11-(X54))) -> 0 | Z54: 25.38 | AA54: 3 | AB54: =IF(AA54=0,,IF(AA54>10,,11-(AA54))) -> 8 | AC54: 22.06 | AD54: 3 | AE54: =IF(AD54=0,,IF(AD54>10,,11-(AD54))) -> 8 | AH54: =IF(AG54=0,,IF(AG54>10,,11-(AG54))) -> 0 | AJ54: =M54+O54+Q54+V54+Y54+AB54+AE54+S54+AH54 -> 52 | AL54: =M54+O54+Q54+V54+Y54+AB54+AE54+S54 -> 52 | AM54: =M54+O54+Q54+V54+Y54+AB54+AE54+S54+AH54 -> 52 | AN54: =L54 -> 4 | AO54: =N54 -> 2 | AP54: =P54 -> 3 | AQ54: =R54 -> 5 | AR54: =U54 -> 5 | AS54: =X54 -> 0 | AT54: =AA54 -> 3 | AU54: =AD54 -> 3 | AV54: =AG54 -> 0
A55: 29 | F55: 3 | G55: 11yrs - 12yrs | M55: =IF(L55=0,,IF(L55>10,,11-(L55))) -> 0 | O55: =IF(N55=0,,IF(N55>10,,11-(N55))) -> 0 | Q55: =IF(P55=0,,IF(P55>10,,11-(P55))) -> 0 | R55: 0 | S55: =IF(R55=0,,IF(R55>10,,11-(R55))) -> 0 | T55: 0 | V55: =IF(U55=0,,IF(U55>10,,11-(U55))) -> 0 | W55: 0 | Y55: =IF(X55=0,,IF(X55>10,,11-(X55))) -> 0 | AB55: =IF(AA55=0,,IF(AA55>10,,11-(AA55))) -> 0 | AC55: 0 | AE55: =IF(AD55=0,,IF(AD55>10,,11-(AD55))) -> 0 | AH55: =IF(AG55=0,,IF(AG55>10,,11-(AG55))) -> 0 | AJ55: =M55+O55+Q55+V55+Y55+AB55+AE55+S55+AH55 -> 0 | AL55: =M55+O55+Q55+V55+Y55+AB55+AE55+S55 -> 0 | AM55: =M55+O55+Q55+V55+Y55+AB55+AE55+S55+AH55 -> 0 | AN55: =L55 -> 0 | AO55: =N55 -> 0 | AP55: =P55 -> 0 | AQ55: =R55 -> 0 | AR55: =U55 -> 0 | AS55: =X55 -> 0 | AT55: =AA55 -> 0 | AU55: =AD55 -> 0 | AV55: =AG55 -> 0
A56: 27 | F56: 3 | G56: 11yrs - 12yrs | M56: =IF(L56=0,,IF(L56>10,,11-(L56))) -> 0 | O56: =IF(N56=0,,IF(N56>10,,11-(N56))) -> 0 | Q56: =IF(P56=0,,IF(P56>10,,11-(P56))) -> 0 | R56: 0 | S56: =IF(R56=0,,IF(R56>10,,11-(R56))) -> 0 | T56: 0 | V56: =IF(U56=0,,IF(U56>10,,11-(U56))) -> 0 | W56: 0 | Y56: =IF(X56=0,,IF(X56>10,,11-(X56))) -> 0 | AB56: =IF(AA56=0,,IF(AA56>10,,11-(AA56))) -> 0 | AC56: 0 | AE56: =IF(AD56=0,,IF(AD56>10,,11-(AD56))) -> 0 | AH56: =IF(AG56=0,,IF(AG56>10,,11-(AG56))) -> 0 | AJ56: =M56+O56+Q56+V56+Y56+AB56+AE56+S56+AH56 -> 0 | AL56: =M56+O56+Q56+V56+Y56+AB56+AE56+S56 -> 0 | AM56: =M56+O56+Q56+V56+Y56+AB56+AE56+S56+AH56 -> 0 | AN56: =L56 -> 0 | AO56: =N56 -> 0 | AP56: =P56 -> 0 | AQ56: =R56 -> 0 | AR56: =U56 -> 0 | AS56: =X56 -> 0 | AT56: =AA56 -> 0 | AU56: =AD56 -> 0 | AV56: =AG56 -> 0
A57: 30 | F57: 3 | G57: 11yrs - 12yrs | M57: =IF(L57=0,,IF(L57>10,,11-(L57))) -> 0 | O57: =IF(N57=0,,IF(N57>10,,11-(N57))) -> 0 | Q57: =IF(P57=0,,IF(P57>10,,11-(P57))) -> 0 | R57: 0 | S57: =IF(R57=0,,IF(R57>10,,11-(R57))) -> 0 | T57: 0 | V57: =IF(U57=0,,IF(U57>10,,11-(U57))) -> 0 | W57: 0 | Y57: =IF(X57=0,,IF(X57>10,,11-(X57))) -> 0 | AB57: =IF(AA57=0,,IF(AA57>10,,11-(AA57))) -> 0 | AC57: 0 | AE57: =IF(AD57=0,,IF(AD57>10,,11-(AD57))) -> 0 | AH57: =IF(AG57=0,,IF(AG57>10,,11-(AG57))) -> 0 | AJ57: =M57+O57+Q57+V57+Y57+AB57+AE57+S57+AH57 -> 0 | AL57: =M57+O57+Q57+V57+Y57+AB57+AE57+S57 -> 0 | AM57: =M57+O57+Q57+V57+Y57+AB57+AE57+S57+AH57 -> 0 | AN57: =L57 -> 0 | AO57: =N57 -> 0 | AP57: =P57 -> 0 | AQ57: =R57 -> 0 | AR57: =U57 -> 0 | AS57: =X57 -> 0 | AT57: =AA57 -> 0 | AU57: =AD57 -> 0 | AV57: =AG57 -> 0
A58: 39 | F58: 3 | G58: 11yrs - 12yrs | M58: =IF(L58=0,,IF(L58>10,,11-(L58))) -> 0 | O58: =IF(N58=0,,IF(N58>10,,11-(N58))) -> 0 | Q58: =IF(P58=0,,IF(P58>10,,11-(P58))) -> 0 | R58: 0 | S58: =IF(R58=0,,IF(R58>10,,11-(R58))) -> 0 | T58: 0 | V58: =IF(U58=0,,IF(U58>10,,11-(U58))) -> 0 | W58: 0 | Y58: =IF(X58=0,,IF(X58>10,,11-(X58))) -> 0 | AB58: =IF(AA58=0,,IF(AA58>10,,11-(AA58))) -> 0 | AC58: 0 | AE58: =IF(AD58=0,,IF(AD58>10,,11-(AD58))) -> 0 | AH58: =IF(AG58=0,,IF(AG58>10,,11-(AG58))) -> 0 | AJ58: =M58+O58+Q58+V58+Y58+AB58+AE58+S58+AH58 -> 0 | AL58: =M58+O58+Q58+V58+Y58+AB58+AE58+S58 -> 0 | AM58: =M58+O58+Q58+V58+Y58+AB58+AE58+S58+AH58 -> 0 | AN58: =L58 -> 0 | AO58: =N58 -> 0 | AP58: =P58 -> 0 | AQ58: =R58 -> 0 | AR58: =U58 -> 0 | AS58: =X58 -> 0 | AT58: =AA58 -> 0 | AU58: =AD58 -> 0 | AV58: =AG58 -> 0
A59: 40 | M59: =IF(L59=0,,IF(L59>10,,11-(L59))) -> 0 | O59: =IF(N59=0,,IF(N59>10,,11-(N59))) -> 0 | Q59: =IF(P59=0,,IF(P59>10,,11-(P59))) -> 0 | R59: 0 | S59: =IF(R59=0,,IF(R59>10,,11-(R59))) -> 0 | T59: 0 | V59: =IF(U59=0,,IF(U59>10,,11-(U59))) -> 0 | W59: 0 | Y59: =IF(X59=0,,IF(X59>10,,11-(X59))) -> 0 | AB59: =IF(AA59=0,,IF(AA59>10,,11-(AA59))) -> 0 | AC59: 0 | AE59: =IF(AD59=0,,IF(AD59>10,,11-(AD59))) -> 0 | AH59: =IF(AG59=0,,IF(AG59>10,,11-(AG59))) -> 0 | AJ59: =M59+O59+Q59+V59+Y59+AB59+AE59+S59+AH59 -> 0 | AL59: =M59+O59+Q59+V59+Y59+AB59+AE59+S59 -> 0 | AM59: =M59+O59+Q59+V59+Y59+AB59+AE59+S59+AH59 -> 0 | AN59: =L59 -> 0 | AO59: =N59 -> 0 | AP59: =P59 -> 0 | AQ59: =R59 -> 0 | AR59: =U59 -> 0 | AS59: =X59 -> 0 | AT59: =AA59 -> 0 | AU59: =AD59 -> 0 | AV59: =AG59 -> 0
A60: 41 | M60: =IF(L60=0,,IF(L60>10,,11-(L60))) -> 0 | O60: =IF(N60=0,,IF(N60>10,,11-(N60))) -> 0 | Q60: =IF(P60=0,,IF(P60>10,,11-(P60))) -> 0 | R60: 0 | S60: =IF(R60=0,,IF(R60>10,,11-(R60))) -> 0 | T60: 0 | V60: =IF(U60=0,,IF(U60>10,,11-(U60))) -> 0 | W60: 0 | Y60: =IF(X60=0,,IF(X60>10,,11-(X60))) -> 0 | AB60: =IF(AA60=0,,IF(AA60>10,,11-(AA60))) -> 0 | AC60: 0 | AE60: =IF(AD60=0,,IF(AD60>10,,11-(AD60))) -> 0 | AH60: =IF(AG60=0,,IF(AG60>10,,11-(AG60))) -> 0 | AJ60: =M60+O60+Q60+V60+Y60+AB60+AE60+S60+AH60 -> 0 | AL60: =M60+O60+Q60+V60+Y60+AB60+AE60+S60 -> 0 | AM60: =M60+O60+Q60+V60+Y60+AB60+AE60+S60+AH60 -> 0 | AN60: =L60 -> 0 | AO60: =N60 -> 0 | AP60: =P60 -> 0 | AQ60: =R60 -> 0 | AR60: =U60 -> 0 | AS60: =X60 -> 0 | AT60: =AA60 -> 0 | AU60: =AD60 -> 0 | AV60: =AG60 -> 0
A61: 42 | H61: Group 13yrs - 14 yrs | AK61: FINAL | AN61: =L61 -> 0 | AO61: =N61 -> 0 | AP61: =P61 -> 0 | AQ61: =R61 -> 0 | AR61: =U61 -> 0 | AS61: =X61 -> 0 | AT61: =AA61 -> 0 | AU61: =AD61 -> 0 | AV61: =AG61 -> 0
A62: 49 | F62: 4 | G62: 13yrs - 14 yrs | H62: 41 | I62: Zoe Kirley | J62: Everyday Dusty | K62: Tamborine | L62: 2 | M62: =IF(L62=0,,IF(L62>10,,11-(L62))) -> 9 | N62: 9 | O62: =IF(N62=0,,IF(N62>10,,11-(N62))) -> 2 | P62: 4 | Q62: =IF(P62=0,,IF(P62>10,,11-(P62))) -> 7 | R62: 4 | S62: =IF(R62=0,,IF(R62>10,,11-(R62))) -> 7 | T62: 18.59 | U62: 2 | V62: =IF(U62=0,,IF(U62>10,,11-(U62))) -> 9 | W62: 13.66 | X62: 1 | Y62: =IF(X62=0,,IF(X62>10,,11-(X62))) -> 10 | Z62: 20.84 | AA62: 1 | AB62: =IF(AA62=0,,IF(AA62>10,,11-(AA62))) -> 10 | AC62: 18.71 | AD62: 1 | AE62: =IF(AD62=0,,IF(AD62>10,,11-(AD62))) -> 10 | AJ62: =M62+O62+Q62+V62+Y62+AB62+AE62+S62+AH62 -> 64 | AK62: 1 | AL62: =M62+O62+Q62+V62+Y62+AB62+AE62+S62 -> 64 | AM62: =M62+O62+Q62+V62+Y62+AB62+AE62+S62+AH62 -> 64 | AN62: =L62 -> 2 | AO62: =N62 -> 9 | AP62: =P62 -> 4 | AQ62: =R62 -> 4 | AR62: =U62 -> 2 | AS62: =X62 -> 1 | AT62: =AA62 -> 1 | AU62: =AD62 -> 1 | AV62: =AG62 -> 0
A63: 48 | F63: 4 | G63: 13yrs - 14 yrs | H63: 40 | I63: Armani Scott | J63: Squirrel | K63: Gumdale | L63: 4 | M63: =IF(L63=0,,IF(L63>10,,11-(L63))) -> 7 | N63: 4 | O63: =IF(N63=0,,IF(N63>10,,11-(N63))) -> 7 | P63: 8 | Q63: =IF(P63=0,,IF(P63>10,,11-(P63))) -> 3 | R63: 1 | S63: =IF(R63=0,,IF(R63>10,,11-(R63))) -> 10 | T63: 17.31 | U63: 1 | V63: =IF(U63=0,,IF(U63>10,,11-(U63))) -> 10 | W63: 42.16 | X63: 9 | Y63: =IF(X63=0,,IF(X63>10,,11-(X63))) -> 2 | Z63: 22.03 | AA63: 2 | AB63: =IF(AA63=0,,IF(AA63>10,,11-(AA63))) -> 9 | AC63: 20.25 | AD63: 2 | AE63: =IF(AD63=0,,IF(AD63>10,,11-(AD63))) -> 9 | AJ63: =M63+O63+Q63+V63+Y63+AB63+AE63+S63+AH63 -> 57 | AK63: 2 | AL63: =M63+O63+Q63+V63+Y63+AB63+AE63+S63 -> 57 | AM63: =M63+O63+Q63+V63+Y63+AB63+AE63+S63+AH63 -> 57 | AN63: =L63 -> 4 | AO63: =N63 -> 4 | AP63: =P63 -> 8 | AQ63: =R63 -> 1 | AR63: =U63 -> 1 | AS63: =X63 -> 9 | AT63: =AA63 -> 2 | AU63: =AD63 -> 2 | AV63: =AG63 -> 0
A64: 50 | F64: 4 | G64: 13yrs - 14 yrs | H64: 42 | I64: Rosie Brown | J64: Vad Hydrogen | K64: Northern Suburbs | L64: 1 | M64: =IF(L64=0,,IF(L64>10,,11-(L64))) -> 10 | N64: 5 | O64: =IF(N64=0,,IF(N64>10,,11-(N64))) -> 6 | P64: 1 | Q64: =IF(P64=0,,IF(P64>10,,11-(P64))) -> 10 | R64: 3 | S64: =IF(R64=0,,IF(R64>10,,11-(R64))) -> 8 | T64: 21.91 | U64: 7 | V64: =IF(U64=0,,IF(U64>10,,11-(U64))) -> 4 | W64: 20.25 | X64: 3 | Y64: =IF(X64=0,,IF(X64>10,,11-(X64))) -> 8 | Z64: 25.31 | AA64: 6 | AB64: =IF(AA64=0,,IF(AA64>10,,11-(AA64))) -> 5 | AC64: 22.94 | AD64: 8 | AE64: =IF(AD64=0,,IF(AD64>10,,11-(AD64))) -> 3 | AJ64: =M64+O64+Q64+V64+Y64+AB64+AE64+S64+AH64 -> 54 | AK64: 3 | AL64: =M64+O64+Q64+V64+Y64+AB64+AE64+S64 -> 54 | AM64: =M64+O64+Q64+V64+Y64+AB64+AE64+S64+AH64 -> 54 | AN64: =L64 -> 1 | AO64: =N64 -> 5 | AP64: =P64 -> 1 | AQ64: =R64 -> 3 | AR64: =U64 -> 7 | AS64: =X64 -> 3 | AT64: =AA64 -> 6 | AU64: =AD64 -> 8 | AV64: =AG64 -> 0
A65: 45 | F65: 4 | G65: 13yrs - 14 yrs | H65: 35 | I65: Lily Volp | J65: Ario | K65: Southside | L65: 5 | M65: =IF(L65=0,,IF(L65>10,,11-(L65))) -> 6 | N65: 10 | O65: =IF(N65=0,,IF(N65>10,,11-(N65))) -> 1 | P65: 3 | Q65: =IF(P65=0,,IF(P65>10,,11-(P65))) -> 8 | R65: 5 | S65: =IF(R65=0,,IF(R65>10,,11-(R65))) -> 6 | T65: 21.44 | U65: 5 | V65: =IF(U65=0,,IF(U65>10,,11-(U65))) -> 6 | W65: 18.94 | X65: 2 | Y65: =IF(X65=0,,IF(X65>10,,11-(X65))) -> 9 | Z65: 24.75 | AA65: 4 | AB65: =IF(AA65=0,,IF(AA65>10,,11-(AA65))) -> 7 | AC65: 20.82 | AD65: 4 | AE65: =IF(AD65=0,,IF(AD65>10,,11-(AD65))) -> 7 | AJ65: =M65+O65+Q65+V65+Y65+AB65+AE65+S65+AH65 -> 50 | AL65: =M65+O65+Q65+V65+Y65+AB65+AE65+S65 -> 50 | AM65: =M65+O65+Q65+V65+Y65+AB65+AE65+S65+AH65 -> 50 | AN65: =L65 -> 5 | AO65: =N65 -> 10 | AP65: =P65 -> 3 | AQ65: =R65 -> 5 | AR65: =U65 -> 5 | AS65: =X65 -> 2 | AT65: =AA65 -> 4 | AU65: =AD65 -> 4 | AV65: =AG65 -> 0
A66: 54 | F66: 4 | G66: 13yrs - 14 yrs | H66: 45 | I66: Amelia Marris | J66: Dixie | K66: Lowood Fernvale | L66: 8 | M66: =IF(L66=0,,IF(L66>10,,11-(L66))) -> 3 | N66: 6 | O66: =IF(N66=0,,IF(N66>10,,11-(N66))) -> 5 | P66: 6 | Q66: =IF(P66=0,,IF(P66>10,,11-(P66))) -> 5 | R66: 6 | S66: =IF(R66=0,,IF(R66>10,,11-(R66))) -> 5 | T66: 22.22 | U66: 8 | V66: =IF(U66=0,,IF(U66>10,,11-(U66))) -> 3 | W66: 24.78 | X66: 5 | Y66: =IF(X66=0,,IF(X66>10,,11-(X66))) -> 6 | Z66: 23.28 | AA66: 3 | AB66: =IF(AA66=0,,IF(AA66>10,,11-(AA66))) -> 8 | AC66: 20.69 | AD66: 3 | AE66: =IF(AD66=0,,IF(AD66>10,,11-(AD66))) -> 8 | AJ66: =M66+O66+Q66+V66+Y66+AB66+AE66+S66+AH66 -> 43 | AL66: =M66+O66+Q66+V66+Y66+AB66+AE66+S66 -> 43 | AM66: =M66+O66+Q66+V66+Y66+AB66+AE66+S66+AH66 -> 43 | AN66: =L66 -> 8 | AO66: =N66 -> 6 | AP66: =P66 -> 6 | AQ66: =R66 -> 6 | AR66: =U66 -> 8 | AS66: =X66 -> 5 | AT66: =AA66 -> 3 | AU66: =AD66 -> 3 | AV66: =AG66 -> 0
A67: 46 | F67: 4 | G67: 13yrs - 14 yrs | H67: 38 | I67: Paige Rowland | J67: Migliore Amico | K67: Samford Golden Valley | L67: 9 | M67: =IF(L67=0,,IF(L67>10,,11-(L67))) -> 2 | N67: 1 | O67: =IF(N67=0,,IF(N67>10,,11-(N67))) -> 10 | P67: 2 | Q67: =IF(P67=0,,IF(P67>10,,11-(P67))) -> 9 | R67: E | S67: =IF(R67=0,,IF(R67>10,,11-(R67))) -> 0 | T67: 21.38 | U67: 4 | V67: =IF(U67=0,,IF(U67>10,,11-(U67))) -> 7 | W67: 24.75 | X67: 4 | Y67: =IF(X67=0,,IF(X67>10,,11-(X67))) -> 7 | Z67: 26.19 | AA67: 9 | AB67: =IF(AA67=0,,IF(AA67>10,,11-(AA67))) -> 2 | AC67: 20.88 | AD67: 6 | AE67: =IF(AD67=0,,IF(AD67>10,,11-(AD67))) -> 5 | AJ67: =M67+O67+Q67+V67+Y67+AB67+AE67+S67+AH67 -> 42 | AL67: =M67+O67+Q67+V67+Y67+AB67+AE67+S67 -> 42 | AM67: =M67+O67+Q67+V67+Y67+AB67+AE67+S67+AH67 -> 42 | AN67: =L67 -> 9 | AO67: =N67 -> 1 | AP67: =P67 -> 2 | AQ67: =R67 -> E | AR67: =U67 -> 4 | AS67: =X67 -> 4 | AT67: =AA67 -> 9 | AU67: =AD67 -> 6 | AV67: =AG67 -> 0
A68: 44 | F68: 4 | G68: 13yrs - 14 yrs | H68: 36 | I68: Willow Patton | J68: Mr Worldwide | K68: Gumdale | L68: 3 | M68: =IF(L68=0,,IF(L68>10,,11-(L68))) -> 8 | N68: 2 | O68: =IF(N68=0,,IF(N68>10,,11-(N68))) -> 9 | P68: 9 | Q68: =IF(P68=0,,IF(P68>10,,11-(P68))) -> 2 | R68: 2 | S68: =IF(R68=0,,IF(R68>10,,11-(R68))) -> 9 | T68: 22.32 | U68: 9 | V68: =IF(U68=0,,IF(U68>10,,11-(U68))) -> 2 | W68: E | Y68: =IF(X68=0,,IF(X68>10,,11-(X68))) -> 0 | Z68: 24.9 | AA68: 5 | AB68: =IF(AA68=0,,IF(AA68>10,,11-(AA68))) -> 6 | AC68: 20.91 | AD68: 7 | AE68: =IF(AD68=0,,IF(AD68>10,,11-(AD68))) -> 4 | AJ68: =M68+O68+Q68+V68+Y68+AB68+AE68+S68+AH68 -> 40 | AL68: =M68+O68+Q68+V68+Y68+AB68+AE68+S68 -> 40 | AM68: =M68+O68+Q68+V68+Y68+AB68+AE68+S68+AH68 -> 40 | AN68: =L68 -> 3 | AO68: =N68 -> 2 | AP68: =P68 -> 9 | AQ68: =R68 -> 2 | AR68: =U68 -> 9 | AS68: =X68 -> 0 | AT68: =AA68 -> 5 | AU68: =AD68 -> 7 | AV68: =AG68 -> 0
A69: 43 | F69: 4 | G69: 13yrs - 14 yrs | H69: 37 | I69: Charlotte Payne | J69: Loui | K69: Gumdale | L69: 7 | M69: =IF(L69=0,,IF(L69>10,,11-(L69))) -> 4 | N69: 7 | O69: =IF(N69=0,,IF(N69>10,,11-(N69))) -> 4 | P69: 7 | Q69: =IF(P69=0,,IF(P69>10,,11-(P69))) -> 4 | S69: =IF(R69=0,,IF(R69>10,,11-(R69))) -> 0 | T69: 21.62 | U69: 6 | V69: =IF(U69=0,,IF(U69>10,,11-(U69))) -> 5 | W69: 29.5 | X69: 7 | Y69: =IF(X69=0,,IF(X69>10,,11-(X69))) -> 4 | Z69: 25.91 | AA69: 8 | AB69: =IF(AA69=0,,IF(AA69>10,,11-(AA69))) -> 3 | AC69: 25.03 | AD69: 9 | AE69: =IF(AD69=0,,IF(AD69>10,,11-(AD69))) -> 2 | AJ69: =M69+O69+Q69+V69+Y69+AB69+AE69+S69+AH69 -> 26 | AL69: =M69+O69+Q69+V69+Y69+AB69+AE69+S69 -> 26 | AM69: =M69+O69+Q69+V69+Y69+AB69+AE69+S69+AH69 -> 26 | AN69: =L69 -> 7 | AO69: =N69 -> 7 | AP69: =P69 -> 7 | AQ69: =R69 -> 0 | AR69: =U69 -> 6 | AS69: =X69 -> 7 | AT69: =AA69 -> 8 | AU69: =AD69 -> 9 | AV69: =AG69 -> 0
A70: 53 | F70: 4 | G70: 13yrs - 14 yrs | H70: 44 | I70: Adele Downie | J70: Unknown | K70: Lowood Fernvale | L70: 10 | M70: =IF(L70=0,,IF(L70>10,,11-(L70))) -> 1 | O70: =IF(N70=0,,IF(N70>10,,11-(N70))) -> 0 | Q70: =IF(P70=0,,IF(P70>10,,11-(P70))) -> 0 | S70: =IF(R70=0,,IF(R70>10,,11-(R70))) -> 0 | T70: 19.31 | U70: 3 | V70: =IF(U70=0,,IF(U70>10,,11-(U70))) -> 8 | W70: 29.16 | X70: 6 | Y70: =IF(X70=0,,IF(X70>10,,11-(X70))) -> 5 | Z70: 25.59 | AA70: 7 | AB70: =IF(AA70=0,,IF(AA70>10,,11-(AA70))) -> 4 | AC70: 20.87 | AD70: 5 | AE70: =IF(AD70=0,,IF(AD70>10,,11-(AD70))) -> 6 | AJ70: =M70+O70+Q70+V70+Y70+AB70+AE70+S70+AH70 -> 24 | AL70: =M70+O70+Q70+V70+Y70+AB70+AE70+S70 -> 24 | AM70: =M70+O70+Q70+V70+Y70+AB70+AE70+S70+AH70 -> 24 | AN70: =L70 -> 10 | AO70: =N70 -> 0 | AP70: =P70 -> 0 | AQ70: =R70 -> 0 | AR70: =U70 -> 3 | AS70: =X70 -> 6 | AT70: =AA70 -> 7 | AU70: =AD70 -> 5 | AV70: =AG70 -> 0
A71: 51 | F71: 4 | G71: 13yrs - 14 yrs | H71: 43 | I71: Emilia Madden | J71: All that Jazz TE | K71: Southside | L71: 6 | M71: =IF(L71=0,,IF(L71>10,,11-(L71))) -> 5 | N71: 8 | O71: =IF(N71=0,,IF(N71>10,,11-(N71))) -> 3 | P71: 5 | Q71: =IF(P71=0,,IF(P71>10,,11-(P71))) -> 6 | S71: =IF(R71=0,,IF(R71>10,,11-(R71))) -> 0 | T71: 29.37 | U71: 10 | V71: =IF(U71=0,,IF(U71>10,,11-(U71))) -> 1 | W71: 32.28 | X71: 8 | Y71: =IF(X71=0,,IF(X71>10,,11-(X71))) -> 3 | Z71: 39.94 | AA71: 10 | AB71: =IF(AA71=0,,IF(AA71>10,,11-(AA71))) -> 1 | AC71: 27.75 | AD71: 10 | AE71: =IF(AD71=0,,IF(AD71>10,,11-(AD71))) -> 1 | AJ71: =M71+O71+Q71+V71+Y71+AB71+AE71+S71+AH71 -> 20 | AL71: =M71+O71+Q71+V71+Y71+AB71+AE71+S71 -> 20 | AM71: =M71+O71+Q71+V71+Y71+AB71+AE71+S71+AH71 -> 20 | AN71: =L71 -> 6 | AO71: =N71 -> 8 | AP71: =P71 -> 5 | AQ71: =R71 -> 0 | AR71: =U71 -> 10 | AS71: =X71 -> 8 | AT71: =AA71 -> 10 | AU71: =AD71 -> 10 | AV71: =AG71 -> 0
A72: 47 | F72: 4 | G72: 13yrs - 14 yrs | H72: 39 | I72: Isabelle Arthur | J72: Batman | K72: Samford Golden Valley | M72: =IF(L72=0,,IF(L72>10,,11-(L72))) -> 0 | N72: 3 | O72: =IF(N72=0,,IF(N72>10,,11-(N72))) -> 8 | P72: 10 | Q72: =IF(P72=0,,IF(P72>10,,11-(P72))) -> 1 | R72: E | S72: =IF(R72=0,,IF(R72>10,,11-(R72))) -> 0 | T72: 35.34 | V72: =IF(U72=0,,IF(U72>10,,11-(U72))) -> 0 | W72: 45.75 | X72: 10 | Y72: =IF(X72=0,,IF(X72>10,,11-(X72))) -> 1 | Z72: 63.47 | AB72: =IF(AA72=0,,IF(AA72>10,,11-(AA72))) -> 0 | AC72: E | AE72: =IF(AD72=0,,IF(AD72>10,,11-(AD72))) -> 0 | AJ72: =M72+O72+Q72+V72+Y72+AB72+AE72+S72+AH72 -> 10 | AL72: =M72+O72+Q72+V72+Y72+AB72+AE72+S72 -> 10 | AM72: =M72+O72+Q72+V72+Y72+AB72+AE72+S72+AH72 -> 10 | AN72: =L72 -> 0 | AO72: =N72 -> 3 | AP72: =P72 -> 10 | AQ72: =R72 -> E | AR72: =U72 -> 0 | AS72: =X72 -> 10 | AT72: =AA72 -> 0 | AU72: =AD72 -> 0 | AV72: =AG72 -> 0
A73: 55 | F73: 4 | G73: 13yrs - 14 yrs | M73: =IF(L73=0,,IF(L73>10,,11-(L73))) -> 0 | O73: =IF(N73=0,,IF(N73>10,,11-(N73))) -> 0 | Q73: =IF(P73=0,,IF(P73>10,,11-(P73))) -> 0 | S73: =IF(R73=0,,IF(R73>10,,11-(R73))) -> 0 | V73: =IF(U73=0,,IF(U73>10,,11-(U73))) -> 0 | Y73: =IF(X73=0,,IF(X73>10,,11-(X73))) -> 0 | AB73: =IF(AA73=0,,IF(AA73>10,,11-(AA73))) -> 0 | AE73: =IF(AD73=0,,IF(AD73>10,,11-(AD73))) -> 0 | AJ73: =M73+O73+Q73+V73+Y73+AB73+AE73+S73+AH73 -> 0 | AL73: =M73+O73+Q73+V73+Y73+AB73+AE73+S73 -> 0 | AM73: =M73+O73+Q73+V73+Y73+AB73+AE73+S73+AH73 -> 0 | AN73: =L73 -> 0 | AO73: =N73 -> 0 | AP73: =P73 -> 0 | AQ73: =R73 -> 0 | AR73: =U73 -> 0 | AS73: =X73 -> 0 | AT73: =AA73 -> 0 | AU73: =AD73 -> 0 | AV73: =AG73 -> 0
A74: 52 | F74: 4 | G74: 13yrs - 14 yrs | M74: =IF(L74=0,,IF(L74>10,,11-(L74))) -> 0 | O74: =IF(N74=0,,IF(N74>10,,11-(N74))) -> 0 | Q74: =IF(P74=0,,IF(P74>10,,11-(P74))) -> 0 | S74: =IF(R74=0,,IF(R74>10,,11-(R74))) -> 0 | V74: =IF(U74=0,,IF(U74>10,,11-(U74))) -> 0 | Y74: =IF(X74=0,,IF(X74>10,,11-(X74))) -> 0 | AB74: =IF(AA74=0,,IF(AA74>10,,11-(AA74))) -> 0 | AE74: =IF(AD74=0,,IF(AD74>10,,11-(AD74))) -> 0 | AJ74: =M74+O74+Q74+V74+Y74+AB74+AE74+S74+AH74 -> 0 | AL74: =M74+O74+Q74+V74+Y74+AB74+AE74+S74 -> 0 | AM74: =M74+O74+Q74+V74+Y74+AB74+AE74+S74+AH74 -> 0 | AN74: =L74 -> 0 | AO74: =N74 -> 0 | AP74: =P74 -> 0 | AQ74: =R74 -> 0 | AR74: =U74 -> 0 | AS74: =X74 -> 0 | AT74: =AA74 -> 0 | AU74: =AD74 -> 0 | AV74: =AG74 -> 0
A75: 56 | M75: =IF(L75=0,,IF(L75>10,,11-(L75))) -> 0 | O75: =IF(N75=0,,IF(N75>10,,11-(N75))) -> 0 | Q75: =IF(P75=0,,IF(P75>10,,11-(P75))) -> 0 | S75: =IF(R75=0,,IF(R75>10,,11-(R75))) -> 0 | V75: =IF(U75=0,,IF(U75>10,,11-(U75))) -> 0 | Y75: =IF(X75=0,,IF(X75>10,,11-(X75))) -> 0 | AB75: =IF(AA75=0,,IF(AA75>10,,11-(AA75))) -> 0 | AE75: =IF(AD75=0,,IF(AD75>10,,11-(AD75))) -> 0 | AJ75: =M75+O75+Q75+V75+Y75+AB75+AE75+S75+AH75 -> 0 | AL75: =M75+O75+Q75+V75+Y75+AB75+AE75+S75 -> 0 | AM75: =M75+O75+Q75+V75+Y75+AB75+AE75+S75+AH75 -> 0 | AN75: =L75 -> 0 | AO75: =N75 -> 0 | AP75: =P75 -> 0 | AQ75: =R75 -> 0 | AR75: =U75 -> 0 | AS75: =X75 -> 0 | AT75: =AA75 -> 0 | AU75: =AD75 -> 0 | AV75: =AG75 -> 0
A76: 57 | M76: =IF(L76=0,,IF(L76>10,,11-(L76))) -> 0 | O76: =IF(N76=0,,IF(N76>10,,11-(N76))) -> 0 | Q76: =IF(P76=0,,IF(P76>10,,11-(P76))) -> 0 | S76: =IF(R76=0,,IF(R76>10,,11-(R76))) -> 0 | V76: =IF(U76=0,,IF(U76>10,,11-(U76))) -> 0 | Y76: =IF(X76=0,,IF(X76>10,,11-(X76))) -> 0 | AB76: =IF(AA76=0,,IF(AA76>10,,11-(AA76))) -> 0 | AE76: =IF(AD76=0,,IF(AD76>10,,11-(AD76))) -> 0 | AJ76: =M76+O76+Q76+V76+Y76+AB76+AE76+S76+AH76 -> 0 | AL76: =M76+O76+Q76+V76+Y76+AB76+AE76+S76 -> 0 | AM76: =M76+O76+Q76+V76+Y76+AB76+AE76+S76+AH76 -> 0 | AN76: =L76 -> 0 | AO76: =N76 -> 0 | AP76: =P76 -> 0 | AQ76: =R76 -> 0 | AR76: =U76 -> 0 | AS76: =X76 -> 0 | AT76: =AA76 -> 0 | AU76: =AD76 -> 0 | AV76: =AG76 -> 0
A77: 58 | H77: GROUP 15 & 16 | AK77: FINAL | AN77: =L77 -> 0 | AO77: =N77 -> 0 | AP77: =P77 -> 0 | AQ77: =R77 -> 0 | AR77: =U77 -> 0 | AS77: =X77 -> 0 | AT77: =AA77 -> 0 | AU77: =AD77 -> 0 | AV77: =AG77 -> 0
A78: 61 | F78: 5 | G78: 15yrs - 16yrs | H78: 46 | I78: Eva Newman | J78: Pacific View Manhattan | K78: Southside | L78: 1 | M78: =IF(L78=0,,IF(L78>10,,11-(L78))) -> 10 | N78: 2 | O78: =IF(N78=0,,IF(N78>10,,11-(N78))) -> 9 | P78: 1 | Q78: =IF(P78=0,,IF(P78>10,,11-(P78))) -> 10 | R78: 3 | S78: =IF(R78=0,,IF(R78>10,,11-(R78))) -> 8 | T78: 21.18 | U78: 2 | V78: =IF(U78=0,,IF(U78>10,,11-(U78))) -> 9 | W78: 14.53 | X78: 1 | Y78: =IF(X78=0,,IF(X78>10,,11-(X78))) -> 10 | Z78: 26.91 | AA78: 3 | AB78: =IF(AA78=0,,IF(AA78>10,,11-(AA78))) -> 8 | AC78: 23.15 | AD78: 1 | AE78: =IF(AD78=0,,IF(AD78>10,,11-(AD78))) -> 10 | AJ78: =M78+O78+Q78+V78+Y78+AB78+AE78+S78+AH78 -> 74 | AK78: 1 | AL78: =M78+O78+Q78+V78+Y78+AB78+AE78+S78 -> 74 | AM78: =M78+O78+Q78+V78+Y78+AB78+AE78+S78+AH78 -> 74 | AN78: =L78 -> 1 | AO78: =N78 -> 2 | AP78: =P78 -> 1 | AQ78: =R78 -> 3 | AR78: =U78 -> 2 | AS78: =X78 -> 1 | AT78: =AA78 -> 3 | AU78: =AD78 -> 1 | AV78: =AG78 -> 0
A79: 62 | H79: 49 | I79: Frankie Binks | J79: Billy | K79: Southside | L79: 2 | M79: =IF(L79=0,,IF(L79>10,,11-(L79))) -> 9 | N79: 1 | O79: =IF(N79=0,,IF(N79>10,,11-(N79))) -> 10 | P79: 2 | Q79: =IF(P79=0,,IF(P79>10,,11-(P79))) -> 9 | R79: 1 | S79: =IF(R79=0,,IF(R79>10,,11-(R79))) -> 10 | T79: 22.28 | U79: 3 | V79: =IF(U79=0,,IF(U79>10,,11-(U79))) -> 8 | W79: E | Y79: =IF(X79=0,,IF(X79>10,,11-(X79))) -> 0 | Z79: 23.19 | AA79: 1 | AB79: =IF(AA79=0,,IF(AA79>10,,11-(AA79))) -> 10 | AC79: 23.56 | AD79: 2 | AE79: =IF(AD79=0,,IF(AD79>10,,11-(AD79))) -> 9 | AJ79: =M79+O79+Q79+V79+Y79+AB79+AE79+S79+AH79 -> 65 | AK79: 2 | AL79: =M79+O79+Q79+V79+Y79+AB79+AE79+S79 -> 65 | AM79: =M79+O79+Q79+V79+Y79+AB79+AE79+S79+AH79 -> 65 | AN79: =L79 -> 2 | AO79: =N79 -> 1 | AP79: =P79 -> 2 | AQ79: =R79 -> 1 | AR79: =U79 -> 3 | AS79: =X79 -> 0 | AT79: =AA79 -> 1 | AU79: =AD79 -> 2 | AV79: =AG79 -> 0
A80: 60 | F80: 5 | G80: 15yrs - 16yrs | H80: 47 | I80: Remi O'day | J80: Effortless Romance | K80: Gumdale | L80: 3 | M80: =IF(L80=0,,IF(L80>10,,11-(L80))) -> 8 | N80: 3 | O80: =IF(N80=0,,IF(N80>10,,11-(N80))) -> 8 | P80: 3 | Q80: =IF(P80=0,,IF(P80>10,,11-(P80))) -> 8 | R80: 2 | S80: =IF(R80=0,,IF(R80>10,,11-(R80))) -> 9 | T80: 25.56 | U80: 4 | V80: =IF(U80=0,,IF(U80>10,,11-(U80))) -> 7 | W80: 20.47 | X80: 2 | Y80: =IF(X80=0,,IF(X80>10,,11-(X80))) -> 9 | Z80: 27.37 | AA80: 4 | AB80: =IF(AA80=0,,IF(AA80>10,,11-(AA80))) -> 7 | AC80: 26.91 | AD80: 5 | AE80: =IF(AD80=0,,IF(AD80>10,,11-(AD80))) -> 6 | AJ80: =M80+O80+Q80+V80+Y80+AB80+AE80+S80+AH80 -> 62 | AK80: 3 | AL80: =M80+O80+Q80+V80+Y80+AB80+AE80+S80 -> 62 | AM80: =M80+O80+Q80+V80+Y80+AB80+AE80+S80+AH80 -> 62 | AN80: =L80 -> 3 | AO80: =N80 -> 3 | AP80: =P80 -> 3 | AQ80: =R80 -> 2 | AR80: =U80 -> 4 | AS80: =X80 -> 2 | AT80: =AA80 -> 4 | AU80: =AD80 -> 5 | AV80: =AG80 -> 0
A81: 59 | F81: 5 | G81: 15yrs - 16yrs | H81: 48 | I81: Sierra Napthali | J81: Beau Steal | K81: Southside | L81: 4 | M81: =IF(L81=0,,IF(L81>10,,11-(L81))) -> 7 | O81: =IF(N81=0,,IF(N81>10,,11-(N81))) -> 0 | Q81: =IF(P81=0,,IF(P81>10,,11-(P81))) -> 0 | S81: =IF(R81=0,,IF(R81>10,,11-(R81))) -> 0 | T81: 26.15 | U81: 5 | V81: =IF(U81=0,,IF(U81>10,,11-(U81))) -> 6 | W81: 22.25 | X81: 3 | Y81: =IF(X81=0,,IF(X81>10,,11-(X81))) -> 8 | Z81: 31.84 | AA81: 5 | AB81: =IF(AA81=0,,IF(AA81>10,,11-(AA81))) -> 6 | AC81: 24.97 | AD81: 4 | AE81: =IF(AD81=0,,IF(AD81>10,,11-(AD81))) -> 7 | AJ81: =M81+O81+Q81+V81+Y81+AB81+AE81+S81+AH81 -> 34 | AL81: =M81+O81+Q81+V81+Y81+AB81+AE81+S81 -> 34 | AM81: =M81+O81+Q81+V81+Y81+AB81+AE81+S81+AH81 -> 34 | AN81: =L81 -> 4 | AO81: =N81 -> 0 | AP81: =P81 -> 0 | AQ81: =R81 -> 0 | AR81: =U81 -> 5 | AS81: =X81 -> 3 | AT81: =AA81 -> 5 | AU81: =AD81 -> 4 | AV81: =AG81 -> 0
H82: 50 | I82: Dakota Giess | J82: Vanmadda Cascade | K82: Lowood Fernvale | L82: 5 | M82: =IF(L82=0,,IF(L82>10,,11-(L82))) -> 6 | N82: 4 | O82: =IF(N82=0,,IF(N82>10,,11-(N82))) -> 7 | Q82: =IF(P82=0,,IF(P82>10,,11-(P82))) -> 0 | S82: =IF(R82=0,,IF(R82>10,,11-(R82))) -> 0 | T82: 18.84 | U82: 1 | V82: =IF(U82=0,,IF(U82>10,,11-(U82))) -> 10 | W82: 30 | X82: 4 | Y82: =IF(X82=0,,IF(X82>10,,11-(X82))) -> 7 | Z82: 23.72 | AA82: 2 | AB82: =IF(AA82=0,,IF(AA82>10,,11-(AA82))) -> 9 | AC82: 24.65 | AD82: 3 | AE82: =IF(AD82=0,,IF(AD82>10,,11-(AD82))) -> 8 | AJ82: =M82+O82+Q82+V82+Y82+AB82+AE82+S82+AH82 -> 47 | AL82: =M82+O82+Q82+V82+Y82+AB82+AE82+S82 -> 47 | AM82: =M82+O82+Q82+V82+Y82+AB82+AE82+S82+AH82 -> 47 | AN82: =L82 -> 5 | AO82: =N82 -> 4 | AP82: =P82 -> 0 | AQ82: =R82 -> 0 | AR82: =U82 -> 1 | AS82: =X82 -> 4 | AT82: =AA82 -> 2 | AU82: =AD82 -> 3 | AV82: =AG82 -> 0
M83: =IF(L83=0,,IF(L83>10,,11-(L83))) -> 0 | O83: =IF(N83=0,,IF(N83>10,,11-(N83))) -> 0 | Q83: =IF(P83=0,,IF(P83>10,,11-(P83))) -> 0 | S83: =IF(R83=0,,IF(R83>10,,11-(R83))) -> 0 | V83: =IF(U83=0,,IF(U83>10,,11-(U83))) -> 0 | Y83: =IF(X83=0,,IF(X83>10,,11-(X83))) -> 0 | AB83: =IF(AA83=0,,IF(AA83>10,,11-(AA83))) -> 0 | AE83: =IF(AD83=0,,IF(AD83>10,,11-(AD83))) -> 0 | AJ83: =M83+O83+Q83+V83+Y83+AB83+AE83+S83+AH83 -> 0 | AL83: =M83+O83+Q83+V83+Y83+AB83+AE83+S83 -> 0 | AM83: =M83+O83+Q83+V83+Y83+AB83+AE83+S83+AH83 -> 0 | AN83: =L83 -> 0 | AO83: =N83 | AP83: =P83 -> 0 | AQ83: =R83 -> 0 | AR83: =U83 -> 0 | AS83: =X83 -> 0 | AT83: =AA83 -> 0 | AU83: =AD83 -> 0 | AV83: =AG83 -> 0
A84: 60 | F84: 5 | G84: 15yrs - 16yrs | M84: =IF(L84=0,,IF(L84>10,,11-(L84))) -> 0 | O84: =IF(N84=0,,IF(N84>10,,11-(N84))) -> 0 | Q84: =IF(P84=0,,IF(P84>10,,11-(P84))) -> 0 | S84: =IF(R84=0,,IF(R84>10,,11-(R84))) -> 0 | V84: =IF(U84=0,,IF(U84>10,,11-(U84))) -> 0 | Y84: =IF(X84=0,,IF(X84>10,,11-(X84))) -> 0 | AB84: =IF(AA84=0,,IF(AA84>10,,11-(AA84))) -> 0 | AE84: =IF(AD84=0,,IF(AD84>10,,11-(AD84))) -> 0 | AJ84: =M84+O84+Q84+V84+Y84+AB84+AE84+S84+AH84 -> 0 | AL84: =M84+O84+Q84+V84+Y84+AB84+AE84+S84 -> 0 | AM84: =M84+O84+Q84+V84+Y84+AB84+AE84+S84+AH84 -> 0 | AN84: =L84 -> 0 | AO84: =N84 -> 0 | AP84: =P84 -> 0 | AQ84: =R84 -> 0 | AR84: =U84 -> 0 | AS84: =X84 -> 0 | AT84: =AA84 -> 0 | AU84: =AD84 -> 0 | AV84: =AG84 -> 0
A85: 59 | F85: 5 | G85: 15yrs - 16yrs | M85: =IF(L85=0,,IF(L85>10,,11-(L85))) -> 0 | O85: =IF(N85=0,,IF(N85>10,,11-(N85))) -> 0 | Q85: =IF(P85=0,,IF(P85>10,,11-(P85))) -> 0 | S85: =IF(R85=0,,IF(R85>10,,11-(R85))) -> 0 | V85: =IF(U85=0,,IF(U85>10,,11-(U85))) -> 0 | Y85: =IF(X85=0,,IF(X85>10,,11-(X85))) -> 0 | AB85: =IF(AA85=0,,IF(AA85>10,,11-(AA85))) -> 0 | AE85: =IF(AD85=0,,IF(AD85>10,,11-(AD85))) -> 0 | AJ85: =M85+O85+Q85+V85+Y85+AB85+AE85+S85+AH85 -> 0 | AL85: =M85+O85+Q85+V85+Y85+AB85+AE85+S85 -> 0 | AM85: =M85+O85+Q85+V85+Y85+AB85+AE85+S85+AH85 -> 0 | AN85: =L85 -> 0 | AO85: =N85 -> 0 | AP85: =P85 -> 0 | AQ85: =R85 -> 0 | AR85: =U85 -> 0 | AS85: =X85 -> 0 | AT85: =AA85 -> 0 | AU85: =AD85 -> 0 | AV85: =AG85 -> 0
A86: 62 | M86: =IF(L86=0,,IF(L86>10,,11-(L86))) -> 0 | O86: =IF(N86=0,,IF(N86>10,,11-(N86))) -> 0 | Q86: =IF(P86=0,,IF(P86>10,,11-(P86))) -> 0 | S86: =IF(R86=0,,IF(R86>10,,11-(R86))) -> 0 | V86: =IF(U86=0,,IF(U86>10,,11-(U86))) -> 0 | Y86: =IF(X86=0,,IF(X86>10,,11-(X86))) -> 0 | AB86: =IF(AA86=0,,IF(AA86>10,,11-(AA86))) -> 0 | AE86: =IF(AD86=0,,IF(AD86>10,,11-(AD86))) -> 0 | AJ86: =M86+O86+Q86+V86+Y86+AB86+AE86+S86+AH86 -> 0 | AL86: =M86+O86+Q86+V86+Y86+AB86+AE86+S86 -> 0 | AM86: =M86+O86+Q86+V86+Y86+AB86+AE86+S86+AH86 -> 0 | AN86: =L86 -> 0 | AO86: =N86 -> 0 | AP86: =P86 -> 0 | AQ86: =R86 -> 0 | AR86: =U86 -> 0 | AS86: =X86 -> 0 | AT86: =AA86 -> 0 | AU86: =AD86 -> 0 | AV86: =AG86 -> 0
M87: =IF(L87=0,,IF(L87>10,,11-(L87))) -> 0 | O87: =IF(N87=0,,IF(N87>10,,11-(N87))) -> 0 | Q87: =IF(P87=0,,IF(P87>10,,11-(P87))) -> 0 | S87: =IF(R87=0,,IF(R87>10,,11-(R87))) -> 0 | V87: =IF(U87=0,,IF(U87>10,,11-(U87))) -> 0 | Y87: =IF(X87=0,,IF(X87>10,,11-(X87))) -> 0 | AB87: =IF(AA87=0,,IF(AA87>10,,11-(AA87))) -> 0 | AE87: =IF(AD87=0,,IF(AD87>10,,11-(AD87))) -> 0 | AJ87: =M87+O87+Q87+V87+Y87+AB87+AE87+S87+AH87 -> 0 | AL87: =M87+O87+Q87+V87+Y87+AB87+AE87+S87 -> 0 | AM87: =M87+O87+Q87+V87+Y87+AB87+AE87+S87+AH87 -> 0 | AN87: =L87 -> 0 | AO87: =N87 -> 0 | AP87: =P87 -> 0 | AQ87: =R87 -> 0 | AR87: =U87 -> 0 | AS87: =X87 -> 0 | AT87: =AA87 -> 0 | AU87: =AD87 -> 0 | AV87: =AG87 -> 0
M88: =IF(L88=0,,IF(L88>10,,11-(L88))) -> 0 | O88: =IF(N88=0,,IF(N88>10,,11-(N88))) -> 0 | Q88: =IF(P88=0,,IF(P88>10,,11-(P88))) -> 0 | S88: =IF(R88=0,,IF(R88>10,,11-(R88))) -> 0 | V88: =IF(U88=0,,IF(U88>10,,11-(U88))) -> 0 | Y88: =IF(X88=0,,IF(X88>10,,11-(X88))) -> 0 | AB88: =IF(AA88=0,,IF(AA88>10,,11-(AA88))) -> 0 | AE88: =IF(AD88=0,,IF(AD88>10,,11-(AD88))) -> 0 | AJ88: =M88+O88+Q88+V88+Y88+AB88+AE88+S88+AH88 -> 0 | AL88: =M88+O88+Q88+V88+Y88+AB88+AE88+S88 -> 0 | AM88: =M88+O88+Q88+V88+Y88+AB88+AE88+S88+AH88 -> 0 | AN88: =L88 -> 0 | AO88: =N88 -> 0 | AP88: =P88 -> 0 | AQ88: =R88 -> 0 | AR88: =U88 -> 0 | AS88: =X88 -> 0 | AT88: =AA88 -> 0 | AU88: =AD88 -> 0 | AV88: =AG88 -> 0
A89: 63 | M89: =IF(L89=0,,IF(L89>10,,11-(L89))) -> 0 | O89: =IF(N89=0,,IF(N89>10,,11-(N89))) -> 0 | Q89: =IF(P89=0,,IF(P89>10,,11-(P89))) -> 0 | S89: =IF(R89=0,,IF(R89>10,,11-(R89))) -> 0 | V89: =IF(U89=0,,IF(U89>10,,11-(U89))) -> 0 | Y89: =IF(X89=0,,IF(X89>10,,11-(X89))) -> 0 | AB89: =IF(AA89=0,,IF(AA89>10,,11-(AA89))) -> 0 | AE89: =IF(AD89=0,,IF(AD89>10,,11-(AD89))) -> 0 | AJ89: =M89+O89+Q89+V89+Y89+AB89+AE89+S89+AH89 -> 0 | AL89: =M89+O89+Q89+V89+Y89+AB89+AE89+S89 -> 0 | AM89: =M89+O89+Q89+V89+Y89+AB89+AE89+S89+AH89 -> 0 | AN89: =L89 -> 0 | AO89: =N89 -> 0 | AP89: =P89 -> 0 | AQ89: =R89 -> 0 | AR89: =U89 -> 0 | AS89: =X89 -> 0 | AT89: =AA89 -> 0 | AU89: =AD89 -> 0 | AV89: =AG89 -> 0
A90: 64 | H90: Group 17yrs - 25yrs | AK90: FINAL | AN90: =L90 -> 0 | AO90: =N90 -> 0 | AP90: =P90 -> 0 | AQ90: =R90 -> 0 | AR90: =U90 -> 0 | AS90: =X90 -> 0 | AT90: =AA90 -> 0 | AU90: =AD90 -> 0 | AV90: =AG90 -> 0
A91: 65 | F91: 6 | G91: 17yrs - 25yrs | H91: 53 | I91: Emily Eldred | J91: Grindstone Africa | K91: Runcorn | L91: 6 | M91: =IF(L91=0,,IF(L91>10,,11-(L91))) -> 5 | N91: 2 | O91: =IF(N91=0,,IF(N91>10,,11-(N91))) -> 9 | P91: 3 | Q91: =IF(P91=0,,IF(P91>10,,11-(P91))) -> 8 | R91: 3 | S91: =IF(R91=0,,IF(R91>10,,11-(R91))) -> 8 | T91: 17.01 | U91: 2 | V91: =IF(U91=0,,IF(U91>10,,11-(U91))) -> 9 | W91: 22.63 | X91: 3 | Y91: =IF(X91=0,,IF(X91>10,,11-(X91))) -> 8 | Z91: 28.78 | AA91: 3 | AB91: =IF(AA91=0,,IF(AA91>10,,11-(AA91))) -> 8 | AC91: 17.01 | AD91: 2 | AE91: =IF(AD91=0,,IF(AD91>10,,11-(AD91))) -> 9 | AJ91: =M91+O91+Q91+V91+Y91+AB91+AE91+S91+AH91 -> 64 | AK91: 1 | AL91: =M91+O91+Q91+V91+Y91+AB91+AE91+S91 -> 64 | AM91: =M91+O91+Q91+V91+Y91+AB91+AE91+S91+AH91 -> 64 | AN91: =L91 -> 6 | AO91: =N91 -> 2 | AP91: =P91 -> 3 | AQ91: =R91 -> 3 | AR91: =U91 -> 2 | AS91: =X91 -> 3 | AT91: =AA91 -> 3 | AU91: =AD91 -> 2 | AV91: =AG91 -> 0
A92: 71 | F92: 6 | G92: 16yrs - 25yrs | H92: 58 | I92: Bailey Kelly | J92: Anian Arabella | K92: Gumdale | L92: 2 | M92: =IF(L92=0,,IF(L92>10,,11-(L92))) -> 9 | N92: 4 | O92: =IF(N92=0,,IF(N92>10,,11-(N92))) -> 7 | P92: 5 | Q92: =IF(P92=0,,IF(P92>10,,11-(P92))) -> 6 | S92: =IF(R92=0,,IF(R92>10,,11-(R92))) -> 0 | T92: 20.28 | U92: 4 | V92: =IF(U92=0,,IF(U92>10,,11-(U92))) -> 7 | W92: 21.57 | X92: 2 | Y92: =IF(X92=0,,IF(X92>10,,11-(X92))) -> 9 | Z92: 27.69 | AA92: 1 | AB92: =IF(AA92=0,,IF(AA92>10,,11-(AA92))) -> 10 | AC92: 21.72 | AD92: 3 | AE92: =IF(AD92=0,,IF(AD92>10,,11-(AD92))) -> 8 | AJ92: =M92+O92+Q92+V92+Y92+AB92+AE92+S92+AH92 -> 56 | AK92: 3 | AL92: =M92+O92+Q92+V92+Y92+AB92+AE92+S92 -> 56 | AM92: =M92+O92+Q92+V92+Y92+AB92+AE92+S92+AH92 -> 56 | AN92: =L92 -> 2 | AO92: =N92 -> 4 | AP92: =P92 -> 5 | AQ92: =R92 -> 0 | AR92: =U92 -> 4 | AS92: =X92 -> 2 | AT92: =AA92 -> 1 | AU92: =AD92 -> 3 | AV92: =AG92 -> 0
A93: 69 | F93: 6 | G93: 17yrs - 25yrs | H93: 61 | I93: Nikita Stewart | J93: Belligerent | K93: Wynnum | L93: 3 | M93: =IF(L93=0,,IF(L93>10,,11-(L93))) -> 8 | N93: 6 | O93: =IF(N93=0,,IF(N93>10,,11-(N93))) -> 5 | P93: 1 | Q93: =IF(P93=0,,IF(P93>10,,11-(P93))) -> 10 | R93: 1 | S93: =IF(R93=0,,IF(R93>10,,11-(R93))) -> 10 | T93: 24.78 | U93: 7 | V93: =IF(U93=0,,IF(U93>10,,11-(U93))) -> 4 | W93: 24.65 | X93: 5 | Y93: =IF(X93=0,,IF(X93>10,,11-(X93))) -> 6 | Z93: 28.38 | AA93: 2 | AB93: =IF(AA93=0,,IF(AA93>10,,11-(AA93))) -> 9 | AC93: 22.56 | AD93: 4 | AE93: =IF(AD93=0,,IF(AD93>10,,11-(AD93))) -> 7 | AJ93: =M93+O93+Q93+V93+Y93+AB93+AE93+S93+AH93 -> 59 | AK93: 2 | AL93: =M93+O93+Q93+V93+Y93+AB93+AE93+S93 -> 59 | AM93: =M93+O93+Q93+V93+Y93+AB93+AE93+S93+AH93 -> 59 | AN93: =L93 -> 3 | AO93: =N93 -> 6 | AP93: =P93 -> 1 | AQ93: =R93 -> 1 | AR93: =U93 -> 7 | AS93: =X93 -> 5 | AT93: =AA93 -> 2 | AU93: =AD93 -> 4 | AV93: =AG93 -> 0
A94: 67 | F94: 6 | G94: 17yrs - 25yrs | H94: 55 | I94: Keely Surman | J94: Awesome Storm | K94: Northern Suburbs | L94: 4 | M94: =IF(L94=0,,IF(L94>10,,11-(L94))) -> 7 | N94: 5 | O94: =IF(N94=0,,IF(N94>10,,11-(N94))) -> 6 | P94: 6 | Q94: =IF(P94=0,,IF(P94>10,,11-(P94))) -> 5 | S94: =IF(R94=0,,IF(R94>10,,11-(R94))) -> 0 | T94: 15.63 | U94: 1 | V94: =IF(U94=0,,IF(U94>10,,11-(U94))) -> 10 | W94: 21.19 | X94: 1 | Y94: =IF(X94=0,,IF(X94>10,,11-(X94))) -> 10 | Z94: E | AB94: =IF(AA94=0,,IF(AA94>10,,11-(AA94))) -> 0 | AC94: 15.63 | AD94: 1 | AE94: =IF(AD94=0,,IF(AD94>10,,11-(AD94))) -> 10 | AJ94: =M94+O94+Q94+V94+Y94+AB94+AE94+S94+AH94 -> 48 | AL94: =M94+O94+Q94+V94+Y94+AB94+AE94+S94 -> 48 | AM94: =M94+O94+Q94+V94+Y94+AB94+AE94+S94+AH94 -> 48 | AN94: =L94 -> 4 | AO94: =N94 -> 5 | AP94: =P94 -> 6 | AQ94: =R94 -> 0 | AR94: =U94 -> 1 | AS94: =X94 -> 1 | AT94: =AA94 -> 0 | AU94: =AD94 -> 1 | AV94: =AG94 -> 0
A95: 72 | H95: 60 | I95: Shelby Turl | J95: Crown Princessa HRA | K95: Cambooya | L95: 1 | M95: =IF(L95=0,,IF(L95>10,,11-(L95))) -> 10 | N95: 1 | O95: =IF(N95=0,,IF(N95>10,,11-(N95))) -> 10 | P95: 4 | Q95: =IF(P95=0,,IF(P95>10,,11-(P95))) -> 7 | S95: =IF(R95=0,,IF(R95>10,,11-(R95))) -> 0 | T95: 19,12 | U95: 3 | V95: =IF(U95=0,,IF(U95>10,,11-(U95))) -> 8 | W95: 23.25 | X95: 4 | Y95: =IF(X95=0,,IF(X95>10,,11-(X95))) -> 7 | Z95: E | AB95: =IF(AA95=0,,IF(AA95>10,,11-(AA95))) -> 0 | AC95: 22.84 | AD95: 5 | AE95: =IF(AD95=0,,IF(AD95>10,,11-(AD95))) -> 6 | AJ95: =M95+O95+Q95+V95+Y95+AB95+AE95+S95+AH95 -> 48 | AL95: =M95+O95+Q95+V95+Y95+AB95+AE95+S95 -> 48 | AM95: =M95+O95+Q95+V95+Y95+AB95+AE95+S95+AH95 -> 48 | AN95: =L95 -> 1 | AO95: =N95 -> 1 | AP95: =P95 -> 4 | AQ95: =R95 -> 0 | AR95: =U95 -> 3 | AS95: =X95 -> 4 | AT95: =AA95 -> 0 | AU95: =AD95 -> 5 | AV95: =AG95 -> 0
A96: 70 | F96: 6 | G96: 17yrs - 25yrs | H96: 62 | I96: Annie Horn | J96: TTF Larry | K96: Runcorn | L96: 7 | M96: =IF(L96=0,,IF(L96>10,,11-(L96))) -> 4 | N96: 3 | O96: =IF(N96=0,,IF(N96>10,,11-(N96))) -> 8 | P96: 2 | Q96: =IF(P96=0,,IF(P96>10,,11-(P96))) -> 9 | R96: 2 | S96: =IF(R96=0,,IF(R96>10,,11-(R96))) -> 9 | T96: 22.66 | U96: 6 | V96: =IF(U96=0,,IF(U96>10,,11-(U96))) -> 5 | W96: 28.75 | X96: 6 | Y96: =IF(X96=0,,IF(X96>10,,11-(X96))) -> 5 | Z96: E | AB96: =IF(AA96=0,,IF(AA96>10,,11-(AA96))) -> 0 | AC96: 23.69 | AD96: 7 | AE96: =IF(AD96=0,,IF(AD96>10,,11-(AD96))) -> 4 | AJ96: =M96+O96+Q96+V96+Y96+AB96+AE96+S96+AH96 -> 44 | AL96: =M96+O96+Q96+V96+Y96+AB96+AE96+S96 -> 44 | AM96: =M96+O96+Q96+V96+Y96+AB96+AE96+S96+AH96 -> 44 | AN96: =L96 -> 7 | AO96: =N96 -> 3 | AP96: =P96 -> 2 | AQ96: =R96 -> 2 | AR96: =U96 -> 6 | AS96: =X96 -> 6 | AT96: =AA96 -> 0 | AU96: =AD96 -> 7 | AV96: =AG96 -> 0
A97: 66 | F97: 6 | G97: 17yrs - 25yrs | H97: 59 | I97: Zaiden Delangen | J97: Class To The Max | K97: Rosewood | L97: 10 | M97: =IF(L97=0,,IF(L97>10,,11-(L97))) -> 1 | N97: 8 | O97: =IF(N97=0,,IF(N97>10,,11-(N97))) -> 3 | P97: 7 | Q97: =IF(P97=0,,IF(P97>10,,11-(P97))) -> 4 | R97: E | S97: =IF(R97=0,,IF(R97>10,,11-(R97))) -> 0 | T97: 22.66 | U97: 5 | V97: =IF(U97=0,,IF(U97>10,,11-(U97))) -> 6 | W97: 37.12 | X97: 7 | Y97: =IF(X97=0,,IF(X97>10,,11-(X97))) -> 4 | Z97: 33.31 | AA97: 4 | AB97: =IF(AA97=0,,IF(AA97>10,,11-(AA97))) -> 7 | AC97: 23.28 | AD97: 6 | AE97: =IF(AD97=0,,IF(AD97>10,,11-(AD97))) -> 5 | AJ97: =M97+O97+Q97+V97+Y97+AB97+AE97+S97+AH97 -> 30 | AL97: =M97+O97+Q97+V97+Y97+AB97+AE97+S97 -> 30 | AM97: =M97+O97+Q97+V97+Y97+AB97+AE97+S97+AH97 -> 30 | AN97: =L97 -> 10 | AO97: =N97 -> 8 | AP97: =P97 -> 7 | AQ97: =R97 -> E | AR97: =U97 -> 5 | AS97: =X97 -> 7 | AT97: =AA97 -> 4 | AU97: =AD97 -> 6 | AV97: =AG97 -> 0
A98: 69 | F98: 6 | G98: 17yrs - 25yrs | H98: 56 | I98: Jack Woodall | J98: Patrick | K98: Northern Suburbs | L98: 5 | M98: =IF(L98=0,,IF(L98>10,,11-(L98))) -> 6 | N98: 9 | O98: =IF(N98=0,,IF(N98>10,,11-(N98))) -> 2 | P98: 10 | Q98: =IF(P98=0,,IF(P98>10,,11-(P98))) -> 1 | S98: =IF(R98=0,,IF(R98>10,,11-(R98))) -> 0 | T98: 33.34 | U98: 9 | V98: =IF(U98=0,,IF(U98>10,,11-(U98))) -> 2 | W98: 81.78 | X98: 10 | Y98: =IF(X98=0,,IF(X98>10,,11-(X98))) -> 1 | Z98: 47.62 | AA98: 5 | AB98: =IF(AA98=0,,IF(AA98>10,,11-(AA98))) -> 6 | AC98: 35.44 | AD98: 9 | AE98: =IF(AD98=0,,IF(AD98>10,,11-(AD98))) -> 2 | AJ98: =M98+O98+Q98+V98+Y98+AB98+AE98+S98+AH98 -> 20 | AL98: =M98+O98+Q98+V98+Y98+AB98+AE98+S98 -> 20 | AM98: =M98+O98+Q98+V98+Y98+AB98+AE98+S98+AH98 -> 20 | AN98: =L98 -> 5 | AO98: =N98 -> 9 | AP98: =P98 -> 10 | AQ98: =R98 -> 0 | AR98: =U98 -> 9 | AS98: =X98 -> 10 | AT98: =AA98 -> 5 | AU98: =AD98 -> 9 | AV98: =AG98 -> 0
A99: 71 | F99: 6 | G99: 16yrs - 25yrs | H99: 63 | I99: Jordan Cain | J99: Bobby Shiraz | K99: Karana Downs | L99: 8 | M99: =IF(L99=0,,IF(L99>10,,11-(L99))) -> 3 | N99: 7 | O99: =IF(N99=0,,IF(N99>10,,11-(N99))) -> 4 | P99: 9 | Q99: =IF(P99=0,,IF(P99>10,,11-(P99))) -> 2 | S99: =IF(R99=0,,IF(R99>10,,11-(R99))) -> 0 | T99: 33.22 | U99: 8 | V99: =IF(U99=0,,IF(U99>10,,11-(U99))) -> 3 | W99: 40.22 | X99: 8 | Y99: =IF(X99=0,,IF(X99>10,,11-(X99))) -> 3 | Z99: E | AB99: =IF(AA99=0,,IF(AA99>10,,11-(AA99))) -> 0 | AC99: 38.28 | AD99: 10 | AE99: =IF(AD99=0,,IF(AD99>10,,11-(AD99))) -> 1 | AJ99: =M99+O99+Q99+V99+Y99+AB99+AE99+S99+AH99 -> 16 | AL99: =M99+O99+Q99+V99+Y99+AB99+AE99+S99 -> 16 | AM99: =M99+O99+Q99+V99+Y99+AB99+AE99+S99+AH99 -> 16 | AN99: =L99 -> 8 | AO99: =N99 -> 7 | AP99: =P99 -> 9 | AQ99: =R99 -> 0 | AR99: =U99 -> 8 | AS99: =X99 -> 8 | AT99: =AA99 -> 0 | AU99: =AD99 -> 10 | AV99: =AG99 -> 0
A100: 70 | F100: 6 | G100: 17yrs - 25yrs | H100: 57 | I100: Sophie Kellermann | J100: Rusty | K100: Southside | L100: 9 | M100: =IF(L100=0,,IF(L100>10,,11-(L100))) -> 2 | N100: 10 | O100: =IF(N100=0,,IF(N100>10,,11-(N100))) -> 1 | P100: 8 | Q100: =IF(P100=0,,IF(P100>10,,11-(P100))) -> 3 | S100: =IF(R100=0,,IF(R100>10,,11-(R100))) -> 0 | T100: 34.78 | U100: 10 | V100: =IF(U100=0,,IF(U100>10,,11-(U100))) -> 1 | W100: 58.75 | X100: 9 | Y100: =IF(X100=0,,IF(X100>10,,11-(X100))) -> 2 | Z100: E | AB100: =IF(AA100=0,,IF(AA100>10,,11-(AA100))) -> 0 | AC100: 35.09 | AD100: 8 | AE100: =IF(AD100=0,,IF(AD100>10,,11-(AD100))) -> 3 | AJ100: =M100+O100+Q100+V100+Y100+AB100+AE100+S100+AH100 -> 12 | AL100: =M100+O100+Q100+V100+Y100+AB100+AE100+S100 -> 12 | AM100: =M100+O100+Q100+V100+Y100+AB100+AE100+S100+AH100 -> 12 | AN100: =L100 -> 9 | AO100: =N100 -> 10 | AP100: =P100 -> 8 | AQ100: =R100 -> 0 | AR100: =U100 -> 10 | AS100: =X100 -> 9 | AT100: =AA100 -> 0 | AU100: =AD100 -> 8 | AV100: =AG100 -> 0
A101: 68 | F101: 6 | G101: 17yrs - 25yrs | H101: 54 | I101: Louisa Baddiley | J101: Monty | K101: Southside | M101: =IF(L101=0,,IF(L101>10,,11-(L101))) -> 0 | O101: =IF(N101=0,,IF(N101>10,,11-(N101))) -> 0 | Q101: =IF(P101=0,,IF(P101>10,,11-(P101))) -> 0 | S101: =IF(R101=0,,IF(R101>10,,11-(R101))) -> 0 | V101: =IF(U101=0,,IF(U101>10,,11-(U101))) -> 0 | Y101: =IF(X101=0,,IF(X101>10,,11-(X101))) -> 0 | AB101: =IF(AA101=0,,IF(AA101>10,,11-(AA101))) -> 0 | AE101: =IF(AD101=0,,IF(AD101>10,,11-(AD101))) -> 0 | AJ101: =M101+O101+Q101+V101+Y101+AB101+AE101+S101+AH101 -> 0 | AL101: =M101+O101+Q101+V101+Y101+AB101+AE101+S101 -> 0 | AM101: =M101+O101+Q101+V101+Y101+AB101+AE101+S101+AH101 -> 0 | AN101: =L101 -> 0 | AO101: =N101 -> 0 | AP101: =P101 -> 0 | AQ101: =R101 -> 0 | AR101: =U101 -> 0 | AS101: =X101 -> 0 | AT101: =AA101 -> 0 | AU101: =AD101 -> 0 | AV101: =AG101 -> 0
A102: 66 | F102: 6 | G102: 17yrs - 25yrs | H102: 64 | I102: Ruby Meredith | J102: Beans | K102: Gumdale | M102: =IF(L102=0,,IF(L102>10,,11-(L102))) -> 0 | O102: =IF(N102=0,,IF(N102>10,,11-(N102))) -> 0 | Q102: =IF(P102=0,,IF(P102>10,,11-(P102))) -> 0 | S102: =IF(R102=0,,IF(R102>10,,11-(R102))) -> 0 | V102: =IF(U102=0,,IF(U102>10,,11-(U102))) -> 0 | Y102: =IF(X102=0,,IF(X102>10,,11-(X102))) -> 0 | AB102: =IF(AA102=0,,IF(AA102>10,,11-(AA102))) -> 0 | AE102: =IF(AD102=0,,IF(AD102>10,,11-(AD102))) -> 0 | AJ102: =M102+O102+Q102+V102+Y102+AB102+AE102+S102+AH102 -> 0 | AL102: =M102+O102+Q102+V102+Y102+AB102+AE102+S102 -> 0 | AM102: =M102+O102+Q102+V102+Y102+AB102+AE102+S102+AH102 -> 0 | AN102: =L102 -> 0 | AO102: =N102 -> 0 | AP102: =P102 -> 0 | AQ102: =R102 -> 0 | AR102: =U102 -> 0 | AS102: =X102 -> 0 | AT102: =AA102 -> 0 | AU102: =AD102 -> 0 | AV102: =AG102 -> 0
A103: 72 | M103: =IF(L103=0,,IF(L103>10,,11-(L103))) -> 0 | O103: =IF(N103=0,,IF(N103>10,,11-(N103))) -> 0 | Q103: =IF(P103=0,,IF(P103>10,,11-(P103))) -> 0 | S103: =IF(R103=0,,IF(R103>10,,11-(R103))) -> 0 | V103: =IF(U103=0,,IF(U103>10,,11-(U103))) -> 0 | Y103: =IF(X103=0,,IF(X103>10,,11-(X103))) -> 0 | AB103: =IF(AA103=0,,IF(AA103>10,,11-(AA103))) -> 0 | AE103: =IF(AD103=0,,IF(AD103>10,,11-(AD103))) -> 0 | AJ103: =M103+O103+Q103+V103+Y103+AB103+AE103+S103+AH103 -> 0 | AL103: =M103+O103+Q103+V103+Y103+AB103+AE103+S103 -> 0 | AM103: =M103+O103+Q103+V103+Y103+AB103+AE103+S103+AH103 -> 0 | AN103: =L103 -> 0 | AO103: =N103 -> 0 | AP103: =P103 -> 0 | AQ103: =R103 -> 0 | AR103: =U103 -> 0 | AS103: =X103 -> 0 | AT103: =AA103 -> 0 | AU103: =AD103 -> 0 | AV103: =AG103 -> 0
A104: 69 | F104: 6 | G104: 17yrs - 25yrs | M104: =IF(L104=0,,IF(L104>10,,11-(L104))) -> 0 | O104: =IF(N104=0,,IF(N104>10,,11-(N104))) -> 0 | Q104: =IF(P104=0,,IF(P104>10,,11-(P104))) -> 0 | S104: =IF(R104=0,,IF(R104>10,,11-(R104))) -> 0 | V104: =IF(U104=0,,IF(U104>10,,11-(U104))) -> 0 | Y104: =IF(X104=0,,IF(X104>10,,11-(X104))) -> 0 | AB104: =IF(AA104=0,,IF(AA104>10,,11-(AA104))) -> 0 | AE104: =IF(AD104=0,,IF(AD104>10,,11-(AD104))) -> 0 | AJ104: =M104+O104+Q104+V104+Y104+AB104+AE104+S104+AH104 -> 0 | AL104: =M104+O104+Q104+V104+Y104+AB104+AE104+S104 -> 0 | AM104: =M104+O104+Q104+V104+Y104+AB104+AE104+S104+AH104 -> 0 | AN104: =L104 -> 0 | AO104: =N104 -> 0 | AP104: =P104 -> 0 | AQ104: =R104 -> 0 | AR104: =U104 -> 0 | AS104: =X104 -> 0 | AT104: =AA104 -> 0 | AU104: =AD104 -> 0 | AV104: =AG104 -> 0
A105: 70 | F105: 6 | G105: 17yrs - 25yrs | M105: =IF(L105=0,,IF(L105>10,,11-(L105))) -> 0 | O105: =IF(N105=0,,IF(N105>10,,11-(N105))) -> 0 | Q105: =IF(P105=0,,IF(P105>10,,11-(P105))) -> 0 | S105: =IF(R105=0,,IF(R105>10,,11-(R105))) -> 0 | V105: =IF(U105=0,,IF(U105>10,,11-(U105))) -> 0 | Y105: =IF(X105=0,,IF(X105>10,,11-(X105))) -> 0 | AB105: =IF(AA105=0,,IF(AA105>10,,11-(AA105))) -> 0 | AE105: =IF(AD105=0,,IF(AD105>10,,11-(AD105))) -> 0 | AJ105: =M105+O105+Q105+V105+Y105+AB105+AE105+S105+AH105 -> 0 | AL105: =M105+O105+Q105+V105+Y105+AB105+AE105+S105 -> 0 | AM105: =M105+O105+Q105+V105+Y105+AB105+AE105+S105+AH105 -> 0 | AN105: =L105 -> 0 | AO105: =N105 -> 0 | AP105: =P105 -> 0 | AQ105: =R105 -> 0 | AR105: =U105 -> 0 | AS105: =X105 -> 0 | AT105: =AA105 -> 0 | AU105: =AD105 -> 0 | AV105: =AG105 -> 0
...

Sheet High Points
E1: Excludes SENIORS | H1: 31 | J1: 32 | K1: 33 | L1: 34 | M1: 35 | N1: 36 | O1: 37 | P1: 38 | Q1: 39
E2: Champion Zone 1 Rider - Highest Points | H2: [Excl Pairs score]
A4: New | B4: Cls | C4: Group | D4: Rider | E4: Rider Name | F4: Horse Name | G4: Club | H4: Total Rider Points | I4: Place | J4: COUNTBACK
D5: 24 | E5: Ella Osborne | F5: Wyoming Stud Charlie Boy | G5: Rosewood | H5: =VLOOKUP(D5,Invividual!$H:$AU,$H$1,FALSE) -> 75 | J5: =_xlfn.IFNA(VLOOKUP($D5,Invividual!$H:$AV,5,FALSE),"-") -> 2 | K5: =_xlfn.IFNA(VLOOKUP($D5,Invividual!$H:$AV,7,FALSE),"-") -> 1 | L5: =_xlfn.IFNA(VLOOKUP($D5,Invividual!$H:$AV,9,FALSE),"-") -> 1 | M5: =_xlfn.IFNA(VLOOKUP($D5,Invividual!$H:$AV,11,FALSE),"-") -> 2 | N5: =_xlfn.IFNA(VLOOKUP($D5,Invividual!$H:$AV,14,FALSE),"-") -> 1 | O5: =_xlfn.IFNA(VLOOKUP($D5,Invividual!$H:$AV,17,FALSE),"-") -> 2 | P5: =_xlfn.IFNA(VLOOKUP($D5,Invividual!$H:$AV,20,FALSE),"-") -> 2 | Q5: =_xlfn.IFNA(VLOOKUP($D5,Invividual!$H:$AV,23,FALSE),"-") -> 2
D6: 15 | E6: Bonnie Osborne | F6: Loriot Lyrical | G6: Rosewood | H6: =VLOOKUP(D6,Invividual!$H:$AU,$H$1,FALSE) -> 74 | J6: =_xlfn.IFNA(VLOOKUP($D6,Invividual!$H:$AV,5,FALSE),"-") -> 1 | K6: =_xlfn.IFNA(VLOOKUP($D6,Invividual!$H:$AV,7,FALSE),"-") -> 1 | L6: =_xlfn.IFNA(VLOOKUP($D6,Invividual!$H:$AV,9,FALSE),"-") -> 1 | M6: =_xlfn.IFNA(VLOOKUP($D6,Invividual!$H:$AV,11,FALSE),"-") -> 1 | N6: =_xlfn.IFNA(VLOOKUP($D6,Invividual!$H:$AV,14,FALSE),"-") -> 2 | O6: =_xlfn.IFNA(VLOOKUP($D6,Invividual!$H:$AV,17,FALSE),"-") -> 3 | P6: =_xlfn.IFNA(VLOOKUP($D6,Invividual!$H:$AV,20,FALSE),"-") -> 2 | Q6: =_xlfn.IFNA(VLOOKUP($D6,Invividual!$H:$AV,23,FALSE),"-") -> 3
D7: 46 | E7: Eva Newman | F7: Pacific View Manhattan | G7: Southside | H7: =VLOOKUP(D7,Invividual!$H:$AU,$H$1,FALSE) -> 74 | J7: =_xlfn.IFNA(VLOOKUP($D7,Invividual!$H:$AV,5,FALSE),"-") -> 1 | K7: =_xlfn.IFNA(VLOOKUP($D7,Invividual!$H:$AV,7,FALSE),"-") -> 2 | L7: =_xlfn.IFNA(VLOOKUP($D7,Invividual!$H:$AV,9,FALSE),"-") -> 1 | M7: =_xlfn.IFNA(VLOOKUP($D7,Invividual!$H:$AV,11,FALSE),"-") -> 3 | N7: =_xlfn.IFNA(VLOOKUP($D7,Invividual!$H:$AV,14,FALSE),"-") -> 2 | O7: =_xlfn.IFNA(VLOOKUP($D7,Invividual!$H:$AV,17,FALSE),"-") -> 1 | P7: =_xlfn.IFNA(VLOOKUP($D7,Invividual!$H:$AV,20,FALSE),"-") -> 3 | Q7: =_xlfn.IFNA(VLOOKUP($D7,Invividual!$H:$AV,23,FALSE),"-") -> 1
D8: 14 | E8: Scarlett Kerr | F8: Patience | G8: Burpengary | H8: =VLOOKUP(D8,Invividual!$H:$AU,$H$1,FALSE) -> 69 | J8: =_xlfn.IFNA(VLOOKUP($D8,Invividual!$H:$AV,5,FALSE),"-") -> 3 | K8: =_xlfn.IFNA(VLOOKUP($D8,Invividual!$H:$AV,7,FALSE),"-") -> 5 | L8: =_xlfn.IFNA(VLOOKUP($D8,Invividual!$H:$AV,9,FALSE),"-") -> 5 | M8: =_xlfn.IFNA(VLOOKUP($D8,Invividual!$H:$AV,11,FALSE),"-") -> 2 | N8: =_xlfn.IFNA(VLOOKUP($D8,Invividual!$H:$AV,14,FALSE),"-") -> 1 | O8: =_xlfn.IFNA(VLOOKUP($D8,Invividual!$H:$AV,17,FALSE),"-") -> 1 | P8: =_xlfn.IFNA(VLOOKUP($D8,Invividual!$H:$AV,20,FALSE),"-") -> 1 | Q8: =_xlfn.IFNA(VLOOKUP($D8,Invividual!$H:$AV,23,FALSE),"-") -> 1
D9: 25 | E9: Hats Smith | F9: Betty | G9: Dayboro | H9: =VLOOKUP(D9,Invividual!$H:$AU,$H$1,FALSE) -> 69 | J9: =_xlfn.IFNA(VLOOKUP($D9,Invividual!$H:$AV,5,FALSE),"-") -> 4 | K9: =_xlfn.IFNA(VLOOKUP($D9,Invividual!$H:$AV,7,FALSE),"-") -> 5 | L9: =_xlfn.IFNA(VLOOKUP($D9,Invividual!$H:$AV,9,FALSE),"-") -> 4 | M9: =_xlfn.IFNA(VLOOKUP($D9,Invividual!$H:$AV,11,FALSE),"-") -> 1 | N9: =_xlfn.IFNA(VLOOKUP($D9,Invividual!$H:$AV,14,FALSE),"-") -> 2 | O9: =_xlfn.IFNA(VLOOKUP($D9,Invividual!$H:$AV,17,FALSE),"-") -> 1 | P9: =_xlfn.IFNA(VLOOKUP($D9,Invividual!$H:$AV,20,FALSE),"-") -> 1 | Q9: =_xlfn.IFNA(VLOOKUP($D9,Invividual!$H:$AV,23,FALSE),"-") -> 1
D10: 30 | E10: Indi Watson | F10: Aztec | G10: Nerang | H10: =VLOOKUP(D10,Invividual!$H:$AU,$H$1,FALSE) -> 65 | J10: =_xlfn.IFNA(VLOOKUP($D10,Invividual!$H:$AV,5,FALSE),"-") -> 3 | K10: =_xlfn.IFNA(VLOOKUP($D10,Invividual!$H:$AV,7,FALSE),"-") -> 1 | L10: =_xlfn.IFNA(VLOOKUP($D10,Invividual!$H:$AV,9,FALSE),"-") -> 2 | M10: =_xlfn.IFNA(VLOOKUP($D10,Invividual!$H:$AV,11,FALSE),"-") -> 3 | N10: =_xlfn.IFNA(VLOOKUP($D10,Invividual!$H:$AV,14,FALSE),"-") -> 4 | O10: =_xlfn.IFNA(VLOOKUP($D10,Invividual!$H:$AV,17,FALSE),"-") -> 2 | P10: =_xlfn.IFNA(VLOOKUP($D10,Invividual!$H:$AV,20,FALSE),"-") -> 4 | Q10: =_xlfn.IFNA(VLOOKUP($D10,Invividual!$H:$AV,23,FALSE),"-") -> 4
D11: 22 | E11: Frankie Brown | F11: Starr View Black Tie Affair | G11: Northern Suburbs | H11: =VLOOKUP(D11,Invividual!$H:$AU,$H$1,FALSE) -> 65 | J11: =_xlfn.IFNA(VLOOKUP($D11,Invividual!$H:$AV,5,FALSE),"-") -> 1 | K11: =_xlfn.IFNA(VLOOKUP($D11,Invividual!$H:$AV,7,FALSE),"-") -> 3 | L11: =_xlfn.IFNA(VLOOKUP($D11,Invividual!$H:$AV,9,FALSE),"-") -> 2 | M11: =_xlfn.IFNA(VLOOKUP($D11,Invividual!$H:$AV,11,FALSE),"-") -> 3 | N11: =_xlfn.IFNA(VLOOKUP($D11,Invividual!$H:$AV,14,FALSE),"-") -> 3 | O11: =_xlfn.IFNA(VLOOKUP($D11,Invividual!$H:$AV,17,FALSE),"-") -> 3 | P11: =_xlfn.IFNA(VLOOKUP($D11,Invividual!$H:$AV,20,FALSE),"-") -> 5 | Q11: =_xlfn.IFNA(VLOOKUP($D11,Invividual!$H:$AV,23,FALSE),"-") -> 3
D12: 49 | E12: Frankie Binks | F12: Billy | G12: Southside | H12: =VLOOKUP(D12,Invividual!$H:$AU,$H$1,FALSE) -> 65 | J12: =_xlfn.IFNA(VLOOKUP($D12,Invividual!$H:$AV,5,FALSE),"-") -> 2 | K12: =_xlfn.IFNA(VLOOKUP($D12,Invividual!$H:$AV,7,FALSE),"-") -> 1 | L12: =_xlfn.IFNA(VLOOKUP($D12,Invividual!$H:$AV,9,FALSE),"-") -> 2 | M12: =_xlfn.IFNA(VLOOKUP($D12,Invividual!$H:$AV,11,FALSE),"-") -> 1 | N12: =_xlfn.IFNA(VLOOKUP($D12,Invividual!$H:$AV,14,FALSE),"-") -> 3 | O12: =_xlfn.IFNA(VLOOKUP($D12,Invividual!$H:$AV,17,FALSE),"-") -> 0 | P12: =_xlfn.IFNA(VLOOKUP($D12,Invividual!$H:$AV,20,FALSE),"-") -> 1 | Q12: =_xlfn.IFNA(VLOOKUP($D12,Invividual!$H:$AV,23,FALSE),"-") -> 2
D13: 53 | E13: Emily Eldred | F13: Grindstone Africa | G13: Runcorn | H13: =VLOOKUP(D13,Invividual!$H:$AU,$H$1,FALSE) -> 64 | J13: =_xlfn.IFNA(VLOOKUP($D13,Invividual!$H:$AV,5,FALSE),"-") -> 6 | K13: =_xlfn.IFNA(VLOOKUP($D13,Invividual!$H:$AV,7,FALSE),"-") -> 2 | L13: =_xlfn.IFNA(VLOOKUP($D13,Invividual!$H:$AV,9,FALSE),"-") -> 3 | M13: =_xlfn.IFNA(VLOOKUP($D13,Invividual!$H:$AV,11,FALSE),"-") -> 3 | N13: =_xlfn.IFNA(VLOOKUP($D13,Invividual!$H:$AV,14,FALSE),"-") -> 2 | O13: =_xlfn.IFNA(VLOOKUP($D13,Invividual!$H:$AV,17,FALSE),"-") -> 3 | P13: =_xlfn.IFNA(VLOOKUP($D13,Invividual!$H:$AV,20,FALSE),"-") -> 3 | Q13: =_xlfn.IFNA(VLOOKUP($D13,Invividual!$H:$AV,23,FALSE),"-") -> 2
D14: 41 | E14: Zoe Kirley | F14: Everyday Dusty | G14: Tamborine | H14: =VLOOKUP(D14,Invividual!$H:$AU,$H$1,FALSE) -> 64 | J14: =_xlfn.IFNA(VLOOKUP($D14,Invividual!$H:$AV,5,FALSE),"-") -> 2 | K14: =_xlfn.IFNA(VLOOKUP($D14,Invividual!$H:$AV,7,FALSE),"-") -> 9 | L14: =_xlfn.IFNA(VLOOKUP($D14,Invividual!$H:$AV,9,FALSE),"-") -> 4 | M14: =_xlfn.IFNA(VLOOKUP($D14,Invividual!$H:$AV,11,FALSE),"-") -> 4 | N14: =_xlfn.IFNA(VLOOKUP($D14,Invividual!$H:$AV,14,FALSE),"-") -> 2 | O14: =_xlfn.IFNA(VLOOKUP($D14,Invividual!$H:$AV,17,FALSE),"-") -> 1 | P14: =_xlfn.IFNA(VLOOKUP($D14,Invividual!$H:$AV,20,FALSE),"-") -> 1 | Q14: =_xlfn.IFNA(VLOOKUP($D14,Invividual!$H:$AV,23,FALSE),"-") -> 1
D15: 28 | E15: Penelope Moor | F15: Felix | G15: Southside | H15: =VLOOKUP(D15,Invividual!$H:$AU,$H$1,FALSE) -> 63 | J15: =_xlfn.IFNA(VLOOKUP($D15,Invividual!$H:$AV,5,FALSE),"-") -> 2 | K15: =_xlfn.IFNA(VLOOKUP($D15,Invividual!$H:$AV,7,FALSE),"-") -> 4 | L15: =_xlfn.IFNA(VLOOKUP($D15,Invividual!$H:$AV,9,FALSE),"-") -> 1 | M15: =_xlfn.IFNA(VLOOKUP($D15,Invividual!$H:$AV,11,FALSE),"-") -> 2 | N15: =_xlfn.IFNA(VLOOKUP($D15,Invividual!$H:$AV,14,FALSE),"-") -> 3 | O15: =_xlfn.IFNA(VLOOKUP($D15,Invividual!$H:$AV,17,FALSE),"-") -> 0 | P15: =_xlfn.IFNA(VLOOKUP($D15,Invividual!$H:$AV,20,FALSE),"-") -> 1 | Q15: =_xlfn.IFNA(VLOOKUP($D15,Invividual!$H:$AV,23,FALSE),"-") -> 1
D16: 47 | E16: Remi O'day | F16: Effortless Romance | G16: Gumdale | H16: =VLOOKUP(D16,Invividual!$H:$AU,$H$1,FALSE) -> 62 | J16: =_xlfn.IFNA(VLOOKUP($D16,Invividual!$H:$AV,5,FALSE),"-") -> 3 | K16: =_xlfn.IFNA(VLOOKUP($D16,Invividual!$H:$AV,7,FALSE),"-") -> 3 | L16: =_xlfn.IFNA(VLOOKUP($D16,Invividual!$H:$AV,9,FALSE),"-") -> 3 | M16: =_xlfn.IFNA(VLOOKUP($D16,Invividual!$H:$AV,11,FALSE),"-") -> 2 | N16: =_xlfn.IFNA(VLOOKUP($D16,Invividual!$H:$AV,14,FALSE),"-") -> 4 | O16: =_xlfn.IFNA(VLOOKUP($D16,Invividual!$H:$AV,17,FALSE),"-") -> 2 | P16: =_xlfn.IFNA(VLOOKUP($D16,Invividual!$H:$AV,20,FALSE),"-") -> 4 | Q16: =_xlfn.IFNA(VLOOKUP($D16,Invividual!$H:$AV,23,FALSE),"-") -> 5
... D62: 64 | E62: Ruby Meredith | F62: Beans | G62: Gumdale | H62: =VLOOKUP(D62,Invividual!$H:$AU,$H$1,FALSE) -> 0 | J62: =_xlfn.IFNA(VLOOKUP($D62,Invividual!$H:$AV,5,FALSE),"-") -> 0 | K62: =_xlfn.IFNA(VLOOKUP($D62,Invividual!$H:$AV,7,FALSE),"-") -> 0 | L62: =_xlfn.IFNA(VLOOKUP($D62,Invividual!$H:$AV,9,FALSE),"-") -> 0 | M62: =_xlfn.IFNA(VLOOKUP($D62,Invividual!$H:$AV,11,FALSE),"-") -> 0 | N62: =_xlfn.IFNA(VLOOKUP($D62,Invividual!$H:$AV,14,FALSE),"-") -> 0 | O62: =_xlfn.IFNA(VLOOKUP($D62,Invividual!$H:$AV,17,FALSE),"-") -> 0 | P62: =_xlfn.IFNA(VLOOKUP($D62,Invividual!$H:$AV,20,FALSE),"-") -> 0 | Q62: =_xlfn.IFNA(VLOOKUP($D62,Invividual!$H:$AV,23,FALSE),"-") -> 0
D63: 65 | E63: Jordan Cain | F63: Bobby Shiraz | G63: Karana Downs | H63: 0 | J63: 0 | K63: 0 | L63: 0 | M63: 0 | N63: 0 | O63: 0 | P63: 0 | Q63: 0
D64: 4 | E64: Bonnie Brown | F64: Bentley | G64: Northern Suburbs | H64: =VLOOKUP(D64,Invividual!$H:$AU,$H$1,FALSE) -> 0 | J64: =_xlfn.IFNA(VLOOKUP($D64,Invividual!$H:$AV,5,FALSE),"-") -> 0 | K64: =_xlfn.IFNA(VLOOKUP($D64,Invividual!$H:$AV,7,FALSE),"-") -> 0 | L64: =_xlfn.IFNA(VLOOKUP($D64,Invividual!$H:$AV,9,FALSE),"-") -> 0 | M64: =_xlfn.IFNA(VLOOKUP($D64,Invividual!$H:$AV,11,FALSE),"-") -> 0 | N64: =_xlfn.IFNA(VLOOKUP($D64,Invividual!$H:$AV,14,FALSE),"-") -> 0 | O64: =_xlfn.IFNA(VLOOKUP($D64,Invividual!$H:$AV,17,FALSE),"-") -> 0 | P64: =_xlfn.IFNA(VLOOKUP($D64,Invividual!$H:$AV,20,FALSE),"-") -> 0 | Q64: =_xlfn.IFNA(VLOOKUP($D64,Invividual!$H:$AV,23,FALSE),"-") -> 0
D65: 7 | E65: Sienna Horn | F65: Bear | G65: Runcorn | H65: =VLOOKUP(D65,Invividual!$H:$AU,$H$1,FALSE) -> 0 | J65: =_xlfn.IFNA(VLOOKUP($D65,Invividual!$H:$AV,5,FALSE),"-") -> 0 | K65: =_xlfn.IFNA(VLOOKUP($D65,Invividual!$H:$AV,7,FALSE),"-") -> 0 | L65: =_xlfn.IFNA(VLOOKUP($D65,Invividual!$H:$AV,9,FALSE),"-") -> 0 | M65: =_xlfn.IFNA(VLOOKUP($D65,Invividual!$H:$AV,11,FALSE),"-") -> 0 | N65: =_xlfn.IFNA(VLOOKUP($D65,Invividual!$H:$AV,14,FALSE),"-") -> 0 | O65: =_xlfn.IFNA(VLOOKUP($D65,Invividual!$H:$AV,17,FALSE),"-") -> 0 | P65: =_xlfn.IFNA(VLOOKUP($D65,Invividual!$H:$AV,20,FALSE),"-") -> 0 | Q65: =_xlfn.IFNA(VLOOKUP($D65,Invividual!$H:$AV,23,FALSE),"-") -> 0
D66: 1 | E66: Valentina Milzewski | F66: Flirtatious | G66: Runcorn | H66: =VLOOKUP(D66,Invividual!$H:$AU,$H$1,FALSE) -> 0 | J66: =_xlfn.IFNA(VLOOKUP($D66,Invividual!$H:$AV,5,FALSE),"-") -> 0 | K66: =_xlfn.IFNA(VLOOKUP($D66,Invividual!$H:$AV,7,FALSE),"-") -> 0 | L66: =_xlfn.IFNA(VLOOKUP($D66,Invividual!$H:$AV,9,FALSE),"-") -> 0 | M66: =_xlfn.IFNA(VLOOKUP($D66,Invividual!$H:$AV,11,FALSE),"-") -> 0 | N66: =_xlfn.IFNA(VLOOKUP($D66,Invividual!$H:$AV,14,FALSE),"-") -> 0 | O66: =_xlfn.IFNA(VLOOKUP($D66,Invividual!$H:$AV,17,FALSE),"-") -> 0 | P66: =_xlfn.IFNA(VLOOKUP($D66,Invividual!$H:$AV,20,FALSE),"-") -> 0 | Q66: =_xlfn.IFNA(VLOOKUP($D66,Invividual!$H:$AV,23,FALSE),"-") -> 0
D67: 2 | E67: Ella Caffery | F67: Charlie | G67: Runcorn | H67: =VLOOKUP(D67,Invividual!$H:$AU,$H$1,FALSE) -> 0 | J67: =_xlfn.IFNA(VLOOKUP($D67,Invividual!$H:$AV,5,FALSE),"-") -> 0 | K67: =_xlfn.IFNA(VLOOKUP($D67,Invividual!$H:$AV,7,FALSE),"-") -> 0 | L67: =_xlfn.IFNA(VLOOKUP($D67,Invividual!$H:$AV,9,FALSE),"-") -> 0 | M67: =_xlfn.IFNA(VLOOKUP($D67,Invividual!$H:$AV,11,FALSE),"-") -> 0 | N67: =_xlfn.IFNA(VLOOKUP($D67,Invividual!$H:$AV,14,FALSE),"-") -> 0 | O67: =_xlfn.IFNA(VLOOKUP($D67,Invividual!$H:$AV,17,FALSE),"-") -> 0 | P67: =_xlfn.IFNA(VLOOKUP($D67,Invividual!$H:$AV,20,FALSE),"-") -> 0 | Q67: =_xlfn.IFNA(VLOOKUP($D67,Invividual!$H:$AV,23,FALSE),"-") -> 0
D68: 3 | E68: Ruby Medcalf | F68: Snickers | G68: Southside | H68: =VLOOKUP(D68,Invividual!$H:$AU,$H$1,FALSE) -> 0 | J68: =_xlfn.IFNA(VLOOKUP($D68,Invividual!$H:$AV,5,FALSE),"-") -> 0 | K68: =_xlfn.IFNA(VLOOKUP($D68,Invividual!$H:$AV,7,FALSE),"-") -> 0 | L68: =_xlfn.IFNA(VLOOKUP($D68,Invividual!$H:$AV,9,FALSE),"-") -> 0 | M68: =_xlfn.IFNA(VLOOKUP($D68,Invividual!$H:$AV,11,FALSE),"-") -> 0 | N68: =_xlfn.IFNA(VLOOKUP($D68,Invividual!$H:$AV,14,FALSE),"-") -> 0 | O68: =_xlfn.IFNA(VLOOKUP($D68,Invividual!$H:$AV,17,FALSE),"-") -> 0 | P68: =_xlfn.IFNA(VLOOKUP($D68,Invividual!$H:$AV,20,FALSE),"-") -> 0 | Q68: =_xlfn.IFNA(VLOOKUP($D68,Invividual!$H:$AV,23,FALSE),"-") -> 0
D69: 6 | E69: Milton Kennedy | F69: Missy | G69: Southside | H69: =VLOOKUP(D69,Invividual!$H:$AU,$H$1,FALSE) -> 0 | J69: =_xlfn.IFNA(VLOOKUP($D69,Invividual!$H:$AV,5,FALSE),"-") -> 0 | K69: =_xlfn.IFNA(VLOOKUP($D69,Invividual!$H:$AV,7,FALSE),"-") -> 0 | L69: =_xlfn.IFNA(VLOOKUP($D69,Invividual!$H:$AV,9,FALSE),"-") -> 0 | M69: =_xlfn.IFNA(VLOOKUP($D69,Invividual!$H:$AV,11,FALSE),"-") -> 0 | N69: =_xlfn.IFNA(VLOOKUP($D69,Invividual!$H:$AV,14,FALSE),"-") -> 0 | O69: =_xlfn.IFNA(VLOOKUP($D69,Invividual!$H:$AV,17,FALSE),"-") -> 0 | P69: =_xlfn.IFNA(VLOOKUP($D69,Invividual!$H:$AV,20,FALSE),"-") -> 0 | Q69: =_xlfn.IFNA(VLOOKUP($D69,Invividual!$H:$AV,23,FALSE),"-") -> 0
D70: 8 | E70: Aubree Makemson | F70: Stormy | G70: Southside | H70: =VLOOKUP(D70,Invividual!$H:$AU,$H$1,FALSE) -> 0 | J70: =_xlfn.IFNA(VLOOKUP($D70,Invividual!$H:$AV,5,FALSE),"-") -> 0 | K70: =_xlfn.IFNA(VLOOKUP($D70,Invividual!$H:$AV,7,FALSE),"-") -> 0 | L70: =_xlfn.IFNA(VLOOKUP($D70,Invividual!$H:$AV,9,FALSE),"-") -> 0 | M70: =_xlfn.IFNA(VLOOKUP($D70,Invividual!$H:$AV,11,FALSE),"-") -> 0 | N70: =_xlfn.IFNA(VLOOKUP($D70,Invividual!$H:$AV,14,FALSE),"-") -> 0 | O70: =_xlfn.IFNA(VLOOKUP($D70,Invividual!$H:$AV,17,FALSE),"-") -> 0 | P70: =_xlfn.IFNA(VLOOKUP($D70,Invividual!$H:$AV,20,FALSE),"-") -> 0 | Q70: =_xlfn.IFNA(VLOOKUP($D70,Invividual!$H:$AV,23,FALSE),"-") -> 0
D71: 9 | E71: Madeline Makemson | F71: Belle | G71: Southside | H71: =VLOOKUP(D71,Invividual!$H:$AU,$H$1,FALSE) -> 0 | J71: =_xlfn.IFNA(VLOOKUP($D71,Invividual!$H:$AV,5,FALSE),"-") -> 0 | K71: =_xlfn.IFNA(VLOOKUP($D71,Invividual!$H:$AV,7,FALSE),"-") -> 0 | L71: =_xlfn.IFNA(VLOOKUP($D71,Invividual!$H:$AV,9,FALSE),"-") -> 0 | M71: =_xlfn.IFNA(VLOOKUP($D71,Invividual!$H:$AV,11,FALSE),"-") -> 0 | N71: =_xlfn.IFNA(VLOOKUP($D71,Invividual!$H:$AV,14,FALSE),"-") -> 0 | O71: =_xlfn.IFNA(VLOOKUP($D71,Invividual!$H:$AV,17,FALSE),"-") -> 0 | P71: =_xlfn.IFNA(VLOOKUP($D71,Invividual!$H:$AV,20,FALSE),"-") -> 0 | Q71: =_xlfn.IFNA(VLOOKUP($D71,Invividual!$H:$AV,23,FALSE),"-") -> 0
D72: 19 | E72: Thea Davis | F72: Charalook Ambassador | G72: Southside | H72: =VLOOKUP(D72,Invividual!$H:$AU,$H$1,FALSE) -> 0 | J72: =_xlfn.IFNA(VLOOKUP($D72,Invividual!$H:$AV,5,FALSE),"-") -> 0 | K72: =_xlfn.IFNA(VLOOKUP($D72,Invividual!$H:$AV,7,FALSE),"-") -> 0 | L72: =_xlfn.IFNA(VLOOKUP($D72,Invividual!$H:$AV,9,FALSE),"-") -> 0 | M72: =_xlfn.IFNA(VLOOKUP($D72,Invividual!$H:$AV,11,FALSE),"-") -> 0 | N72: =_xlfn.IFNA(VLOOKUP($D72,Invividual!$H:$AV,14,FALSE),"-") -> 0 | O72: =_xlfn.IFNA(VLOOKUP($D72,Invividual!$H:$AV,17,FALSE),"-") -> 0 | P72: =_xlfn.IFNA(VLOOKUP($D72,Invividual!$H:$AV,20,FALSE),"-") -> 0 | Q72: =_xlfn.IFNA(VLOOKUP($D72,Invividual!$H:$AV,23,FALSE),"-") -> 0
D73: 54 | E73: Louisa Baddiley | F73: Monty | G73: Southside | H73: =VLOOKUP(D73,Invividual!$H:$AU,$H$1,FALSE) -> 0 | J73: =_xlfn.IFNA(VLOOKUP($D73,Invividual!$H:$AV,5,FALSE),"-") -> 0 | K73: =_xlfn.IFNA(VLOOKUP($D73,Invividual!$H:$AV,7,FALSE),"-") -> 0 | L73: =_xlfn.IFNA(VLOOKUP($D73,Invividual!$H:$AV,9,FALSE),"-") -> 0 | M73: =_xlfn.IFNA(VLOOKUP($D73,Invividual!$H:$AV,11,FALSE),"-") -> 0 | N73: =_xlfn.IFNA(VLOOKUP($D73,Invividual!$H:$AV,14,FALSE),"-") -> 0 | O73: =_xlfn.IFNA(VLOOKUP($D73,Invividual!$H:$AV,17,FALSE),"-") -> 0 | P73: =_xlfn.IFNA(VLOOKUP($D73,Invividual!$H:$AV,20,FALSE),"-") -> 0 | Q73: =_xlfn.IFNA(VLOOKUP($D73,Invividual!$H:$AV,23,FALSE),"-") -> 0
D74: 5 | E74: Mila Ionescu | F74: Pennylane Marigold | G74: Wynnum | H74: =VLOOKUP(D74,Invividual!$H:$AU,$H$1,FALSE) -> 0 | J74: =_xlfn.IFNA(VLOOKUP($D74,Invividual!$H:$AV,5,FALSE),"-") -> 0 | K74: =_xlfn.IFNA(VLOOKUP($D74,Invividual!$H:$AV,7,FALSE),"-") -> 0 | L74: =_xlfn.IFNA(VLOOKUP($D74,Invividual!$H:$AV,9,FALSE),"-") -> 0 | M74: =_xlfn.IFNA(VLOOKUP($D74,Invividual!$H:$AV,11,FALSE),"-") -> 0 | N74: =_xlfn.IFNA(VLOOKUP($D74,Invividual!$H:$AV,14,FALSE),"-") -> 0 | O74: =_xlfn.IFNA(VLOOKUP($D74,Invividual!$H:$AV,17,FALSE),"-") -> 0 | P74: =_xlfn.IFNA(VLOOKUP($D74,Invividual!$H:$AV,20,FALSE),"-") -> 0 | Q74: =_xlfn.IFNA(VLOOKUP($D74,Invividual!$H:$AV,23,FALSE),"-") -> 0
H75: 0 | J75: =_xlfn.IFNA(VLOOKUP($D75,Invividual!$H:$AV,5,FALSE),"-") -> - | K75: =_xlfn.IFNA(VLOOKUP($D75,Invividual!$H:$AV,7,FALSE),"-") -> - | L75: =_xlfn.IFNA(VLOOKUP($D75,Invividual!$H:$AV,9,FALSE),"-") -> - | M75: =_xlfn.IFNA(VLOOKUP($D75,Invividual!$H:$AV,11,FALSE),"-") -> - | N75: =_xlfn.IFNA(VLOOKUP($D75,Invividual!$H:$AV,14,FALSE),"-") -> - | O75: =_xlfn.IFNA(VLOOKUP($D75,Invividual!$H:$AV,17,FALSE),"-") -> - | P75: =_xlfn.IFNA(VLOOKUP($D75,Invividual!$H:$AV,20,FALSE),"-") -> - | Q75: =_xlfn.IFNA(VLOOKUP($D75,Invividual!$H:$AV,23,FALSE),"-") -> -

Sheet Club Scores
B1: 3) | D1: JF McGill Trophy - Club with highest total points / Rocklea Trophy for runner up
B2: 4) | D2: JF McGill Trophy - Club with highest average (10 or more riders)
B3: 5) | D3: Stewarts Trophy - Club with highest average (less than 10 riders)
B4: 6) | D4: Newcomer Event - Seniors not eligible - First place trophy for highest points
D5: Minimum 8 riders for "March Past" points to be allocated
D6: McGill - Zone 1 Club - 10 or more riders - Highest average per rider
D7: McGill - Zone 1 Club - Less Than 10 riders - Highest average per rider
B9: McGill - Zone 1 Club - 10 or more riders - Highest average per rider
B10: Club | D10: Total Rider Points | H10: Total Club Points | I10: Number Riders | J10: Average | K10: Place
B12: Southside | D12: =IF(B12="",0,SUMIF(Invividual!$K$17:$AL$123,B12,Invividual!$AL$17:$AL$123)) -> 550 | H12: =G12+D12+I12 -> 570 | I12: =COUNTIF(Invividual!$K$17:$K$123,B12) -> 20 | J12: =IF(D12=0,0,IFERROR(H12/I12,0)) -> 28.5
D13: =IF(B13="",0,SUMIF(Invividual!$K$17:$AL$123,B13,Invividual!$AL$17:$AL$123)) -> 0 | H13: =G13+D13+I13 -> 0 | I13: =COUNTIF(Invividual!$K$17:$K$123,B13) -> 0 | J13: =IF(D13=0,0,IFERROR(H13/I13,0)) -> 0
D14: =IF(B14="",0,SUMIF(Invividual!$K$17:$AL$123,B14,Invividual!$AL$17:$AL$123)) -> 0 | H14: =G14+D14+I14 -> 0 | I14: =COUNTIF(Invividual!$K$17:$K$123,B14) -> 0 | J14: =IF(D14=0,0,IFERROR(H14/I14,0)) -> 0
D15: =SUM(D11:D14) -> 550 | I15: =SUM(I11:I14) -> 20
B17: JF McGill - Zone 1 Club - Highest Points
B18: Club | D18: Total Rider Points | H18: Total Club Points | I18: Number Riders | J18: Average | K18: Place
B19: Southside | D19: =IF(B19="",0,SUMIF(Invividual!$K$17:$AL$123,B19,Invividual!$AL$17:$AL$123)) -> 550 | H19: 0 | I19: =COUNTIF(Invividual!$K$17:$K$123,B19) -> 20 | J19: =IF(D19=0,0,IFERROR(H19/I19,0)) -> 0 | K19: 1
B20: Runcorn | D20: =IF(B20="",0,SUMIF(Invividual!$K$17:$AL$123,B20,Invividual!$AL$17:$AL$123)) -> 108 | F20: =SUMIF(Pairs!G:I,'Club Scores'!B19) -> 0 | H20: 0 | I20: =COUNTIF(Invividual!$K$17:$K$123,B20) -> 3 | J20: =IF(D20=0,0,IFERROR(H20/I20,0)) -> 0 | K20: 2
B21: Karana Downs | D21: =IF(B21="",0,SUMIF(Invividual!$K$17:$AL$123,B21,Invividual!$AL$17:$AL$123)) -> 50 | H21: 0 | I21: =COUNTIF(Invividual!$K$17:$K$123,B21) -> 2 | J21: =IF(D21=0,0,IFERROR(H21/I21,0)) -> 0 | K21: 4
B22: Wynnum | D22: =IF(B22="",0,SUMIF(Invividual!$K$17:$AL$123,B22,Invividual!$AL$17:$AL$123)) -> 59 | H22: 0 | I22: =COUNTIF(Invividual!$K$17:$K$123,B22) -> 1 | J22: =IF(D22=0,0,IFERROR(H22/I22,0)) -> 0 | K22: 6
B23: Northern Suburbs | D23: =IF(B23="",0,SUMIF(Invividual!$K$17:$AL$123,B23,Invividual!$AL$17:$AL$123)) -> 187 | H23: 0 | I23: =COUNTIF(Invividual!$K$17:$K$123,B23) -> 5 | J23: =IF(D23=0,0,IFERROR(H23/I23,0)) -> 0 | K23: 7
B24: Gumdale | D24: =IF(B24="",0,SUMIF(Invividual!$K$17:$AL$123,B24,Invividual!$AL$17:$AL$123)) -> 281 | H24: 0 | I24: =COUNTIF(Invividual!$K$17:$K$123,B24) -> 9 | J24: =IF(D24=0,0,IFERROR(H24/I24,0)) -> 0 | K24: 10
D25: =IF(B25="",0,SUMIF(Invividual!$K$17:$AL$123,B25,Invividual!$AL$17:$AL$123)) -> 0 | H25: 0 | I25: =COUNTIF(Invividual!$K$17:$K$123,B25) -> 0 | J25: =IF(D25=0,0,IFERROR(H25/I25,0)) -> 0
D26: =SUM(D19:D25) -> 1235 | I26: =SUM(I19:I25) -> 40
B28: McGill - Zone 1 Club With Highest Total Points
B29: Club | D29: Total Rider Points | F29: Pairs Riding | H29: Total Club Points | I29: Number Riders | K29: Place
B30: Southside | D30: =IF(B30="",0,SUMIF(Invividual!$K$17:$AL$123,B30,Invividual!$AL$17:$AL$123)) -> 550 | G30: =IF(F30=0,,IF(F30>10,,11-(F30))) -> 0 | H30: =G30+D30+I30 -> 570 | I30: =COUNTIF(Invividual!$K$17:$K$123,B30) -> 20
B31: Runcorn | D31: =IF(B31="",0,SUMIF(Invividual!$K$17:$AL$123,B31,Invividual!$AL$17:$AL$123)) -> 108 | G31: =IF(F31=0,,IF(F31>10,,11-(F31))) -> 0 | H31: =G31+D31+I31 -> 111 | I31: =COUNTIF(Invividual!$K$17:$K$123,B31) -> 3
B32: Karana Downs | D32: =IF(B32="",0,SUMIF(Invividual!$K$17:$AL$123,B32,Invividual!$AL$17:$AL$123)) -> 50 | G32: =IF(F32=0,,IF(F32>10,,11-(F32))) -> 0 | H32: =G32+D32+I32 -> 52 | I32: =COUNTIF(Invividual!$K$17:$K$123,B32) -> 2
B33: Wynnum | D33: =IF(B33="",0,SUMIF(Invividual!$K$17:$AL$123,B33,Invividual!$AL$17:$AL$123)) -> 59 | G33: =IF(F33=0,,IF(F33>10,,11-(F33))) -> 0 | H33: =G33+D33+I33 -> 60 | I33: =COUNTIF(Invividual!$K$17:$K$123,B33) -> 1
B34: Northern Suburbs | D34: =IF(B34="",0,SUMIF(Invividual!$K$17:$AL$123,B34,Invividual!$AL$17:$AL$123)) -> 187 | G34: =IF(F34=0,,IF(F34>10,,11-(F34))) -> 0 | H34: =G34+D34+I34 -> 192 | I34: =COUNTIF(Invividual!$K$17:$K$123,B34) -> 5
B35: Gumdale | D35: =IF(B35="",0,SUMIF(Invividual!$K$17:$AL$123,B35,Invividual!$AL$17:$AL$123)) -> 281 | G35: =IF(F35=0,,IF(F35>10,,11-(F35))) -> 0 | H35: =G35+D35+I35 -> 290 | I35: =COUNTIF(Invividual!$K$17:$K$123,B35) -> 9
D36: =IF(B36="",0,SUMIF(Invividual!$K$17:$AL$123,B36,Invividual!$AL$17:$AL$123)) -> 0 | G36: =IF(F36=0,,IF(F36>10,,11-(F36))) -> 0 | H36: =G36+D36+I36 -> 0 | I36: =COUNTIF(Invividual!$K$17:$K$123,B36) -> 0
D37: =IF(B37="",0,SUMIF(Invividual!$K$17:$AL$123,B37,Invividual!$AL$17:$AL$123)) -> 0 | G37: =IF(F37=0,,IF(F37>10,,11-(F37))) -> 0 | H37: =G37+D37+I37 -> 0 | I37: =COUNTIF(Invividual!$K$17:$K$123,B37) -> 0
D38: =SUM(D30:D37) -> 1235 | I38: =SUM(I30:I37) -> 40
B39: Points Check
B40: Non Zone Clubs
B41: Dayboro | D41: =IF(B41="",0,SUMIF(Invividual!$K$17:$AL$123,B41,Invividual!$AL$17:$AL$123)) -> 182 | H41: =G41+D41 -> 182 | I41: =COUNTIF(Invividual!$K$17:$K$123,B41) -> 3
B42: Greenbank | D42: =IF(B42="",0,SUMIF(Invividual!$K$17:$AL$123,B42,Invividual!$AL$17:$AL$123)) -> 0 | H42: =G42+D42 -> 0 | I42: =COUNTIF(Invividual!$K$17:$K$123,B42) -> 0
B43: Burpengary | D43: =IF(B43="",0,SUMIF(Invividual!$K$17:$AL$123,B43,Invividual!$AL$17:$AL$123)) -> 124 | H43: =G43+D43 -> 124 | I43: =COUNTIF(Invividual!$K$17:$K$123,B43) -> 2
B44: Cambooya | D44: =IF(B44="",0,SUMIF(Invividual!$K$17:$AL$123,B44,Invividual!$AL$17:$AL$123)) -> 48 | H44: =G44+D44 -> 48 | I44: =COUNTIF(Invividual!$K$17:$K$123,B44) -> 1
B45: Cooroy | D45: =IF(B45="",0,SUMIF(Invividual!$K$17:$AL$123,B45,Invividual!$AL$17:$AL$123)) -> 93 | H45: =G45+D45 -> 93 | I45: =COUNTIF(Invividual!$K$17:$K$123,B45) -> 2
B46: Lowood Fernvale | D46: =IF(B46="",0,SUMIF(Invividual!$K$17:$AL$123,B46,Invividual!$AL$17:$AL$123)) -> 164 | H46: =G46+D46 -> 164 | I46: =COUNTIF(Invividual!$K$17:$K$123,B46) -> 4
B47: Nerang | D47: =IF(B47="",0,SUMIF(Invividual!$K$17:$AL$123,B47,Invividual!$AL$17:$AL$123)) -> 65 | H47: =G47+D47 -> 65 | I47: =COUNTIF(Invividual!$K$17:$K$123,B47) -> 1
B48: Rosewood | D48: =IF(B48="",0,SUMIF(Invividual!$K$17:$AL$123,B48,Invividual!$AL$17:$AL$123)) -> 179 | H48: =G48+D48 -> 179 | I48: =COUNTIF(Invividual!$K$17:$K$123,B48) -> 3
B49: Samford Golden Valley | D49: =IF(B49="",0,SUMIF(Invividual!$K$17:$AL$123,B49,Invividual!$AL$17:$AL$123)) -> 52 | H49: =G49+D49 -> 52 | I49: =COUNTIF(Invividual!$K$17:$K$123,B49) -> 2
B50: Tamborine | D50: =IF(B50="",0,SUMIF(Invividual!$K$17:$AL$123,B50,Invividual!$AL$17:$AL$123)) -> 168 | H50: =G50+D50 -> 168 | I50: =COUNTIF(Invividual!$K$17:$K$123,B50) -> 3
D51: =IF(B51="",0,SUMIF(Invividual!$K$17:$AL$123,B51,Invividual!$AL$17:$AL$123)) -> 0 | H51: =G51+D51 -> 0 | I51: =COUNTIF(Invividual!$K$17:$K$123,B51) -> 0
D52: =SUM(D41:D51) -> 1075 | I52: =SUM(I41:I51) -> 21
B54: Points Check | D54: =D52+D26+D15 -> 2860 | H54: Total Riders Competing | I54: =I52+I26+I15 -> 81
B55: Balance with Individual | D55: =Invividual!$AJ$7 -> 2460
D56: =EXACT(D55,D54) -> FALSE

Sheet Pairs
E1: 2 | F1: 3 | G1: 4 | H1: 5 | I1: 6
B2: Cls | C2: Age Group | D2: Rider | E2: Rider Name | F2: Horse | G2: Club | H2: Rider Pairs
H3: Place | I3: Points
D4: GROUP 1 = UNDER 10 YEARS and Under
D5: 0 | H5: 0 | I5: 0
D17: GROUP 2 = 11 to 14 Years
I18: =IF(H18=0,,IF(H18>10,,11-(H18))) -> 0
I19: =IF(H19=0,,IF(H19>10,,11-(H19))) -> 0
I20: =IF(H20=0,,IF(H20>10,,11-(H20))) -> 0
I21: =IF(H21=0,,IF(H21>10,,11-(H21))) -> 0
I22: =IF(H22=0,,IF(H22>10,,11-(H22))) -> 0
I23: =IF(H23=0,,IF(H23>10,,11-(H23))) -> 0
I24: =IF(H24=0,,IF(H24>10,,11-(H24))) -> 0
I25: =IF(H25=0,,IF(H25>10,,11-(H25))) -> 0
I26: =IF(H26=0,,IF(H26>10,,11-(H26))) -> 0
I27: =IF(H27=0,,IF(H27>10,,11-(H27))) -> 0
I28: =IF(H28=0,,IF(H28>10,,11-(H28))) -> 0
I29: =IF(H29=0,,IF(H29>10,,11-(H29))) -> 0
... I33: =IF(H33=0,,IF(H33>10,,11-(H33))) -> 0
D34: GROUP 3 = 15 and Over
I35: =IF(H35=0,,IF(H35>10,,11-(H35))) -> 0
I36: =IF(H36=0,,IF(H36>10,,11-(H36))) -> 0
I37: =IF(H37=0,,IF(H37>10,,11-(H37))) -> 0
I38: =IF(H38=0,,IF(H38>10,,11-(H38))) -> 0
I39: =IF(H39=0,,IF(H39>10,,11-(H39))) -> 0
I40: =IF(H40=0,,IF(H40>10,,11-(H40))) -> 0
I41: =IF(H41=0,,IF(H41>10,,11-(H41))) -> 0
I42: =IF(H42=0,,IF(H42>10,,11-(H42))) -> 0
I43: =IF(H43=0,,IF(H43>10,,11-(H43))) -> 0
I44: =IF(H44=0,,IF(H44>10,,11-(H44))) -> 0
I45: =IF(H45=0,,IF(H45>10,,11-(H45))) -> 0
I46: =IF(H46=0,,IF(H46>10,,11-(H46))) -> 0
... I109: =IF(H109=0,,IF(H109>10,,11-(H109))) -> 0

Sheet Sheet1
A1: 1 | H1: Group 8 yrs & Under AIDED | AK1: FINAL
A2: 21 | F2: 2 | G2: 9yrs - 10yrs | H2: 1 | I2: Valentina Milzewski | J2: Flirtatious | K2: Runcorn | M2: =IF(L2=0,,IF(L2>10,,11-(L2))) -> 0 | O2: =IF(N2=0,,IF(N2>10,,11-(N2))) -> 0 | Q2: =IF(P2=0,,IF(P2>10,,11-(P2))) -> 0 | S2: =IF(R2=0,,IF(R2>10,,11-(R2))) -> 0 | V2: =IF(U2=0,,IF(U2>10,,11-(U2))) -> 0 | Y2: =IF(X2=0,,IF(X2>10,,11-(X2))) -> 0 | AB2: =IF(AA2=0,,IF(AA2>10,,11-(AA2))) -> 0 | AE2: =IF(AD2=0,,IF(AD2>10,,11-(AD2))) -> 0 | AH2: =IF(AG2=0,,IF(AG2>10,,11-(AG2))) -> 0 | AJ2: =M2+O2+Q2+V2+Y2+AB2+AE2+S2+AH2 -> 0 | AL2: =M2+O2+Q2+V2+Y2+AB2+AE2+S2+AH2 -> 0 | AM2: =M2+O2+Q2+V2+Y2+AB2+AE2+S2+AH2 -> 0 | AN2: =L2 -> 0 | AO2: =N2 -> 0 | AP2: =P2 -> 0 | AQ2: =R2 -> 0 | AR2: =U2 -> 0 | AS2: =X2 -> 0 | AT2: =AA2 -> 0 | AU2: =AD2 -> 0 | AV2: =AG2 -> 0
H3: 2 | I3: Ella Caffery | J3: Charlie | K3: Runcorn | M3: =IF(L3=0,,IF(L3>10,,11-(L3))) -> 0 | O3: =IF(N3=0,,IF(N3>10,,11-(N3))) -> 0 | Q3: =IF(P3=0,,IF(P3>10,,11-(P3))) -> 0 | S3: =IF(R3=0,,IF(R3>10,,11-(R3))) -> 0 | V3: =IF(U3=0,,IF(U3>10,,11-(U3))) -> 0 | Y3: =IF(X3=0,,IF(X3>10,,11-(X3))) -> 0 | AB3: =IF(AA3=0,,IF(AA3>10,,11-(AA3))) -> 0 | AE3: =IF(AD3=0,,IF(AD3>10,,11-(AD3))) -> 0 | AH3: =IF(AG3=0,,IF(AG3>10,,11-(AG3))) -> 0 | AJ3: =M3+O3+Q3+V3+Y3+AB3+AE3+S3+AH3 -> 0 | AL3: =M3+O3+Q3+V3+Y3+AB3+AE3+S3+AH3 -> 0 | AM3: =M3+O3+Q3+V3+Y3+AB3+AE3+S3+AH3 -> 0 | AN3: =L3 -> 0 | AO3: =N3 -> 0 | AP3: =P3 -> 0 | AQ3: =R3 -> 0 | AR3: =U3 -> 0 | AS3: =X3 -> 0 | AT3: =AA3 -> 0 | AU3: =AD3 -> 0 | AV3: =AG3 -> 0
H4: 3 | I4: Ruby Medcalf | J4: Snickers | K4: Southside | M4: =IF(L4=0,,IF(L4>10,,11-(L4))) -> 0 | O4: =IF(N4=0,,IF(N4>10,,11-(N4))) -> 0 | Q4: =IF(P4=0,,IF(P4>10,,11-(P4))) -> 0 | S4: =IF(R4=0,,IF(R4>10,,11-(R4))) -> 0 | V4: =IF(U4=0,,IF(U4>10,,11-(U4))) -> 0 | Y4: =IF(X4=0,,IF(X4>10,,11-(X4))) -> 0 | AB4: =IF(AA4=0,,IF(AA4>10,,11-(AA4))) -> 0 | AE4: =IF(AD4=0,,IF(AD4>10,,11-(AD4))) -> 0 | AH4: =IF(AG4=0,,IF(AG4>10,,11-(AG4))) -> 0 | AJ4: =M4+O4+Q4+V4+Y4+AB4+AE4+S4+AH4 -> 0 | AL4: =M4+O4+Q4+V4+Y4+AB4+AE4+S4+AH4 -> 0 | AM4: =M4+O4+Q4+V4+Y4+AB4+AE4+S4+AH4 -> 0 | AN4: =L4 -> 0 | AO4: =N4 -> 0 | AP4: =P4 -> 0 | AQ4: =R4 -> 0 | AR4: =U4 -> 0 | AS4: =X4 -> 0 | AT4: =AA4 -> 0 | AU4: =AD4 -> 0 | AV4: =AG4 -> 0
A5: 21 | F5: 2 | G5: 9yrs - 10yrs | H5: 4 | I5: Bonnie Brown | J5: Bentley | K5: Northern Suburbs | M5: =IF(L5=0,,IF(L5>10,,11-(L5))) -> 0 | O5: =IF(N5=0,,IF(N5>10,,11-(N5))) -> 0 | Q5: =IF(P5=0,,IF(P5>10,,11-(P5))) -> 0 | S5: =IF(R5=0,,IF(R5>10,,11-(R5))) -> 0 | V5: =IF(U5=0,,IF(U5>10,,11-(U5))) -> 0 | Y5: =IF(X5=0,,IF(X5>10,,11-(X5))) -> 0 | AB5: =IF(AA5=0,,IF(AA5>10,,11-(AA5))) -> 0 | AE5: =IF(AD5=0,,IF(AD5>10,,11-(AD5))) -> 0 | AH5: =IF(AG5=0,,IF(AG5>10,,11-(AG5))) -> 0 | AJ5: =M5+O5+Q5+V5+Y5+AB5+AE5+S5+AH5 -> 0 | AL5: =M5+O5+Q5+V5+Y5+AB5+AE5+S5+AH5 -> 0 | AM5: =M5+O5+Q5+V5+Y5+AB5+AE5+S5+AH5 -> 0 | AN5: =L5 -> 0 | AO5: =N5 -> 0 | AP5: =P5 -> 0 | AQ5: =R5 -> 0 | AR5: =U5 -> 0 | AS5: =X5 -> 0 | AT5: =AA5 -> 0 | AU5: =AD5 -> 0 | AV5: =AG5 -> 0
H6: 5 | I6: Mila Ionescu | J6: Pennylane Marigold | K6: Wynnum | M6: =IF(L6=0,,IF(L6>10,,11-(L6))) -> 0 | O6: =IF(N6=0,,IF(N6>10,,11-(N6))) -> 0 | Q6: =IF(P6=0,,IF(P6>10,,11-(P6))) -> 0 | S6: =IF(R6=0,,IF(R6>10,,11-(R6))) -> 0 | V6: =IF(U6=0,,IF(U6>10,,11-(U6))) -> 0 | Y6: =IF(X6=0,,IF(X6>10,,11-(X6))) -> 0 | AB6: =IF(AA6=0,,IF(AA6>10,,11-(AA6))) -> 0 | AE6: =IF(AD6=0,,IF(AD6>10,,11-(AD6))) -> 0 | AH6: =IF(AG6=0,,IF(AG6>10,,11-(AG6))) -> 0 | AJ6: =M6+O6+Q6+V6+Y6+AB6+AE6+S6+AH6 -> 0 | AL6: =M6+O6+Q6+V6+Y6+AB6+AE6+S6+AH6 -> 0 | AM6: =M6+O6+Q6+V6+Y6+AB6+AE6+S6+AH6 -> 0 | AN6: =L6 -> 0 | AO6: =N6 -> 0 | AP6: =P6 -> 0 | AQ6: =R6 -> 0 | AR6: =U6 -> 0 | AS6: =X6 -> 0 | AT6: =AA6 -> 0 | AU6: =AD6 -> 0 | AV6: =AG6 -> 0
H7: 6 | I7: Milton Kennedy | J7: Missy | K7: Southside | M7: =IF(L7=0,,IF(L7>10,,11-(L7))) -> 0 | O7: =IF(N7=0,,IF(N7>10,,11-(N7))) -> 0 | Q7: =IF(P7=0,,IF(P7>10,,11-(P7))) -> 0 | S7: =IF(R7=0,,IF(R7>10,,11-(R7))) -> 0 | V7: =IF(U7=0,,IF(U7>10,,11-(U7))) -> 0 | Y7: =IF(X7=0,,IF(X7>10,,11-(X7))) -> 0 | AB7: =IF(AA7=0,,IF(AA7>10,,11-(AA7))) -> 0 | AE7: =IF(AD7=0,,IF(AD7>10,,11-(AD7))) -> 0 | AH7: =IF(AG7=0,,IF(AG7>10,,11-(AG7))) -> 0 | AJ7: =M7+O7+Q7+V7+Y7+AB7+AE7+S7+AH7 -> 0 | AL7: =M7+O7+Q7+V7+Y7+AB7+AE7+S7+AH7 -> 0 | AM7: =M7+O7+Q7+V7+Y7+AB7+AE7+S7+AH7 -> 0 | AN7: =L7 -> 0 | AO7: =N7 -> 0 | AP7: =P7 -> 0 | AQ7: =R7 -> 0 | AR7: =U7 -> 0 | AS7: =X7 -> 0 | AT7: =AA7 -> 0 | AU7: =AD7 -> 0 | AV7: =AG7 -> 0
A8: 21 | F8: 2 | G8: 9yrs - 10yrs | H8: 7 | I8: Sienna Horn | J8: Bear | K8: Runcorn | M8: =IF(L8=0,,IF(L8>10,,11-(L8))) -> 0 | O8: =IF(N8=0,,IF(N8>10,,11-(N8))) -> 0 | Q8: =IF(P8=0,,IF(P8>10,,11-(P8))) -> 0 | S8: =IF(R8=0,,IF(R8>10,,11-(R8))) -> 0 | V8: =IF(U8=0,,IF(U8>10,,11-(U8))) -> 0 | Y8: =IF(X8=0,,IF(X8>10,,11-(X8))) -> 0 | AB8: =IF(AA8=0,,IF(AA8>10,,11-(AA8))) -> 0 | AE8: =IF(AD8=0,,IF(AD8>10,,11-(AD8))) -> 0 | AH8: =IF(AG8=0,,IF(AG8>10,,11-(AG8))) -> 0 | AJ8: =M8+O8+Q8+V8+Y8+AB8+AE8+S8+AH8 -> 0 | AL8: =M8+O8+Q8+V8+Y8+AB8+AE8+S8+AH8 -> 0 | AM8: =M8+O8+Q8+V8+Y8+AB8+AE8+S8+AH8 -> 0 | AN8: =L8 -> 0 | AO8: =N8 -> 0 | AP8: =P8 -> 0 | AQ8: =R8 -> 0 | AR8: =U8 -> 0 | AS8: =X8 -> 0 | AT8: =AA8 -> 0 | AU8: =AD8 -> 0 | AV8: =AG8 -> 0
H9: 8 | I9: Aubree Makemson | J9: Stormy | K9: Southside | M9: =IF(L9=0,,IF(L9>10,,11-(L9))) -> 0 | O9: =IF(N9=0,,IF(N9>10,,11-(N9))) -> 0 | Q9: =IF(P9=0,,IF(P9>10,,11-(P9))) -> 0 | S9: =IF(R9=0,,IF(R9>10,,11-(R9))) -> 0 | V9: =IF(U9=0,,IF(U9>10,,11-(U9))) -> 0 | Y9: =IF(X9=0,,IF(X9>10,,11-(X9))) -> 0 | AB9: =IF(AA9=0,,IF(AA9>10,,11-(AA9))) -> 0 | AE9: =IF(AD9=0,,IF(AD9>10,,11-(AD9))) -> 0 | AH9: =IF(AG9=0,,IF(AG9>10,,11-(AG9))) -> 0 | AJ9: =M9+O9+Q9+V9+Y9+AB9+AE9+S9+AH9 -> 0 | AL9: =M9+O9+Q9+V9+Y9+AB9+AE9+S9+AH9 -> 0 | AM9: =M9+O9+Q9+V9+Y9+AB9+AE9+S9+AH9 -> 0 | AN9: =L9 -> 0 | AO9: =N9 -> 0 | AP9: =P9 -> 0 | AQ9: =R9 -> 0 | AR9: =U9 -> 0 | AS9: =X9 -> 0 | AT9: =AA9 -> 0 | AU9: =AD9 -> 0 | AV9: =AG9 -> 0
H10: 9 | I10: Madeline Makemson | J10: Belle | K10: Southside | M10: =IF(L10=0,,IF(L10>10,,11-(L10))) -> 0 | O10: =IF(N10=0,,IF(N10>10,,11-(N10))) -> 0 | Q10: =IF(P10=0,,IF(P10>10,,11-(P10))) -> 0 | S10: =IF(R10=0,,IF(R10>10,,11-(R10))) -> 0 | V10: =IF(U10=0,,IF(U10>10,,11-(U10))) -> 0 | Y10: =IF(X10=0,,IF(X10>10,,11-(X10))) -> 0 | AB10: =IF(AA10=0,,IF(AA10>10,,11-(AA10))) -> 0 | AE10: =IF(AD10=0,,IF(AD10>10,,11-(AD10))) -> 0 | AH10: =IF(AG10=0,,IF(AG10>10,,11-(AG10))) -> 0 | AJ10: =M10+O10+Q10+V10+Y10+AB10+AE10+S10+AH10 -> 0 | AL10: =M10+O10+Q10+V10+Y10+AB10+AE10+S10+AH10 -> 0 | AM10: =M10+O10+Q10+V10+Y10+AB10+AE10+S10+AH10 -> 0 | AN10: =L10 -> 0 | AO10: =N10 -> 0 | AP10: =P10 -> 0 | AQ10: =R10 -> 0 | AR10: =U10 -> 0 | AS10: =X10 -> 0 | AT10: =AA10 -> 0 | AU10: =AD10 -> 0 | AV10: =AG10 -> 0

Sheet Nominations
A1: Sort | B1: Entry Id | C1: NOTES | D1: Zone 1 | E1: New | F1: Class | G1: Age Group | H1: Rider # | I1: Rider Name | J1: Horse | K1: Club
A2: 1 | B2: Full Gym | E2: Yes | G2: 8 yrs & Under | H2: 1 | I2: Hayden Tubman | J2: Liccorice | K2: Ipswich | M2: Darra | N2: z
A3: 108 | B3: Full Gym | C3: Moved 9yr to Mini | G3: 9yrs - 10yrs | H3: 21 | I3: Jessica Mann | J3: Indianna | K3: Darra | M3: Hendra | N3: z
A4: 37 | B4: Full Gym | E4: Yes | G4: 11yrs - 12yrs | H4: 36 | I4: Amelia Moar | J4: Chico’s Sweet Oreo | K4: Darra | M4: Mogill | N4: z
A5: 47 | G5: 11yrs - 12yrs | H5: 45 | I5: Izzy Bust | J5: Coltie | K5: Darra | M5: Nth Suburbs | N5: z
A6: 48 | G6: 11yrs - 12yrs | H6: 46 | I6: Angel Bust | J6: Red | K6: Darra | M6: Redlands | N6: z
A7: 57 | B7: Full Gym | E7: Yes | G7: 13yrs - 14 yrs | H7: 54 | I7: Lulu CARPENTER | J7: Shamrock Special | K7: Darra | M7: Runcorn | N7: z
A8: 74 | B8: Full Gym | E8: Yes | G8: 17yrs - 25yrs | H8: 71 | I8: Kiara Lowe | J8: Tyson | K8: Darra | M8: Samford | N8: z
A9: 77 | B9: Full Gym | G9: 17yrs - 25yrs | H9: 74 | I9: Emily Lynch | J9: Smarty | K9: Darra | M9: Southside | N9: z
A10: 78 | B10: Full Gym | E10: Yes | G10: 17yrs - 25yrs | H10: 75 | I10: Chloe Boyd | J10: Cookie | K10: Darra | M10: Wynnum | N10: z
A11: 79 | B11: Full Gym | E11: Yes | G11: 17yrs - 25yrs | H11: 76 | I11: Morgen Douglas | J11: Titanium Diamonds | K11: Darra | M11: Dayboro
A12: 85 | B12: Full Gym | G12: 17yrs - 25yrs | H12: 82 | I12: Jayd Yates-Martin | K12: Darra | M12: Ipswich
A13: 92 | B13: Full Gym | E13: Yes | G13: Seniors | H13: 89 | I13: Alina White | J13: James | K13: Darra | M13: Maroochy
A14: 96 | B14: Mini Gym | E14: Yes | G14: MiniGym | H14: 93 | I14: Ella-Marie Baker | J14: Honey | K14: Darra | M14: Mt Mee
A15: 76 | B15: Full Gym | G15: 17yrs - 25yrs | H15: 73 | I15: Sharryn Livingstone | J15: Coen | K15: Dayboro | M15: Nambour
A16: 46 | B16: Full Gym | G16: 11yrs - 12yrs | H16: 44 | I16: Mia Gilmour | J16: Glenelgs Pandora | K16: Hendra | M16: Pine Rivers
A17: 50 | B17: Full Gym | C17: scratched | G17: 13yrs - 14 yrs | H17: 48 | I17: Emma Dillon | J17: Leo | K17: Hendra | M17: Tambourine
A18: 51 | B18: Full Gym | E18: Yes | G18: 13yrs - 14 yrs | H18: 49 | I18: Taylor McConnell | J18: Pegasus | K18: Hendra | M18: Toorbul
A19: 59 | B19: Full Gym | E19: Yes | G19: 13yrs - 14 yrs | H19: 56 | I19: Mirabella Heaton | J19: Ollie | K19: Hendra
A20: 60 | B20: Full Gym | G20: 13yrs - 14 yrs | H20: 57 | I20: Kate Lister | J20: Conway Park Exquisite | K20: Hendra
A21: 62 | B21: Full Gym | G21: 13yrs - 14 yrs | H21: 59 | I21: Eloise Curran | J21: Poppy | K21: Hendra
A22: 63 | B22: Full Gym | E22: Yes | G22: 13yrs - 14 yrs | H22: 60 | I22: Gracie Hyne | J22: Chrystal | K22: Hendra
A23: 69 | B23: Full Gym | G23: 13yrs - 14 yrs | H23: 66 | I23: Anabella Wardle | J23: Warrior Princess | K23: Hendra
A24: 83 | B24: Full Gym | G24: 17yrs - 25yrs | H24: 80 | I24: Sarah Gant | J24: My Lovely Boy | K24: Hendra
A25: 45 | B25: Full Gym | G25: 11yrs - 12yrs | I25: Caitlyn Robinson | J25: Rodborough Safir | K25: Hendra
A26: 25 | B26: Full Gym | E26: Yes | G26: 11yrs - 12yrs | H26: 24 | I26: Liana Murphy | J26: atomic | K26: Maroochy
A27: 34 | B27: Full Gym | E27: Yes | G27: 11yrs - 12yrs | H27: 33 | I27: Rachael Stringer | J27: Bailey | K27: Maroochy
A28: 52 | B28: Full Gym | E28: Yes | G28: 13yrs - 14 yrs | H28: 50 | I28: Calli Robertson | J28: Buzz Lightyear | K28: Maroochy
A29: 87 | B29: Full Gym | E29: Yes | G29: Seniors | H29: 84 | I29: Liam Murphy | J29: chief | K29: Maroochy
A30: 38 | B30: Full Gym | C30: scratched | E30: Yes | G30: 11yrs - 12yrs | I30: Madison Heath | J30: Arizona | K30: Maroochy
A31: 4 | B31: Full Gym | E31: Yes | G31: 8 yrs & Under | H31: 4 | I31: Eliza Little | J31: Binnowie Special Edition | K31: Mogill
A32: 8 | B32: Full Gym | G32: 8 yrs & Under | H32: 8 | I32: Florence Doyle | J32: Milo | K32: Mogill
A33: 9 | B33: Full Gym | G33: 8 yrs & Under | H33: 9 | I33: Spencer Doyle | J33: Molly | K33: Mogill
A34: 32 | B34: Full Gym | E34: Yes | G34: 11yrs - 12yrs | H34: 31 | I34: Emily Dent | J34: Mini | K34: Mogill
A35: 33 | B35: Full Gym | E35: Yes | G35: 11yrs - 12yrs | H35: 32 | I35: Declan Fleming | J35: Duke My Boy | K35: Mogill
A36: 73 | B36: Full Gym | E36: Yes | G36: 15yrs - 16yrs | H36: 70 | I36: Anouk Vanderwaal | J36: Slim | K36: Mogill
A37: 94 | B37: Mini Gym | E37: Yes | G37: MiniGym | H37: 91 | I37: Harris Little | J37: Baxter | K37: Mogill
A38: 98 | B38: Mini Gym | E38: Yes | G38: MiniGym | H38: 95 | I38: Amelie Fleming | J38: Angel | K38: Mogill
A39: 100 | B39: Mini Gym | E39: Yes | G39: MiniGym | H39: 97 | I39: Jacqui Doyle | J39: Foxy | K39: Mogill
A40: 27 | B40: Full Gym | G40: 11yrs - 12yrs | H40: 26 | I40: Clara Perry | J40: Rocket | K40: Mt Mee
A41: 80 | B41: Full Gym | G41: 17yrs - 25yrs | H41: 77 | I41: Maddy Vanderburg | J41: Cassidy | K41: Mt Mee
A42: 24 | B42: Full Gym | E42: Yes | G42: 11yrs - 12yrs | H42: 23 | I42: Charlee Boardman | J42: Tilly | K42: Nambour
A43: 29 | B43: Full Gym | E43: Yes | G43: 11yrs - 12yrs | H43: 28 | I43: Isla McPherson | J43: Sparky | K43: Nth Suburbs
A44: 61 | B44: Full Gym | E44: Yes | G44: 13yrs - 14 yrs | H44: 58 | I44: Fleur Pearson | J44: Limited Edition | K44: Nth Suburbs
A45: 89 | B45: Full Gym | G45: Seniors | H45: 86 | I45: Catherine Revell | J45: Swifty | K45: Pine Rivers
A46: 90 | B46: Full Gym | G46: Seniors | H46: 87 | I46: Vicki Green | J46: Wilbur | K46: Pine Rivers
A47: 53 | B47: Full Gym | G47: 13yrs - 14 yrs | I47: Grace Nolan | J47: Bailey | K47: Pine Rivers
A48: 5 | B48: Full Gym | E48: Yes | G48: 8 yrs & Under | H48: 5 | I48: Amity Broadbent | J48: Tarlen | K48: Redlands
A49: 42 | B49: Full Gym | E49: Yes | G49: 11yrs - 12yrs | H49: 41 | I49: Eloise Krieger | J49: Sir Coco Pops | K49: Redlands
A50: 81 | B50: Full Gym | E50: Yes | G50: 17yrs - 25yrs | H50: 78 | I50: Melissa Taylor | J50: Alpha | K50: Redlands
A51: 17 | B51: Full Gym | E51: Yes | G51: 9yrs - 10yrs | H51: 16 | I51: Ella Ross | J51: Badger | K51: Runcorn
A52: 39 | B52: Full Gym | G52: 11yrs - 12yrs | H52: 38 | I52: Emily Eldred | J52: DHL Narcho Man | K52: Runcorn
A53: 40 | B53: Full Gym | G53: 11yrs - 12yrs | H53: 39 | I53: Hayden Taylor | J53: Jondel Ace | K53: Runcorn
A54: 103 | B54: Mini Gym | E54: Yes | G54: MiniGym | H54: 101 | I54: Chelsea Christison | J54: Opal | K54: Runcorn
A55: 2 | B55: Full Gym | E55: Yes | G55: 8 yrs & Under | H55: 2 | I55: Charlie Hatfield | J55: Pacific View Ellie-May | K55: Samford
A56: 3 | B56: Full Gym | E56: Yes | G56: 8 yrs & Under | H56: 3 | I56: Claire Fuhrmann | J56: Gar Won Cannon | K56: Samford
A57: 6 | B57: Full Gym | G57: 8 yrs & Under | H57: 6 | I57: James Fuhrmann | J57: Wynara Cherub | K57: Samford
A58: 7 | B58: Full Gym | E58: Yes | G58: 8 yrs & Under | H58: 7 | I58: Louis O'Connor | J58: Wynara Blue Denim | K58: Samford
A59: 10 | B59: Full Gym | E59: Yes | G59: 8 yrs & Under | H59: 10 | I59: Maddie Reid | J59: All That Jazz | K59: Samford
A60: 12 | B60: Full Gym | G60: 8 yrs & Under | H60: 12 | I60: Lily Frampton | J60: CT Modern Art | K60: Samford
A61: 14 | B61: Full Gym | E61: Yes | G61: 9yrs - 10yrs | H61: 13 | I61: Ella Papa | J61: Sunny | K61: Samford
A62: 15 | B62: Full Gym | E62: Yes | G62: 9yrs - 10yrs | H62: 14 | I62: Alice Swan | J62: Indianna | K62: Samford
A63: 16 | B63: Full Gym | E63: Yes | G63: 9yrs - 10yrs | H63: 15 | I63: Sienna Lentini | J63: Coco | K63: Samford
A64: 18 | B64: Full Gym | E64: Yes | G64: 9yrs - 10yrs | H64: 17 | I64: Frankie Corkery | J64: Mischievous Jack | K64: Samford
A65: 19 | B65: Full Gym | G65: 9yrs - 10yrs | H65: 18 | I65: Brooke Murchison | J65: Canyon Westminster | K65: Samford
A66: 20 | B66: Full Gym | E66: Yes | G66: 9yrs - 10yrs | H66: 19 | I66: Lilly May | J66: PT Spirit | K66: Samford
A67: 23 | B67: Full Gym | E67: Yes | G67: 11yrs - 12yrs | H67: 22 | I67: Harper Davis | J67: Jazzy Kai Khan | K67: Samford
A68: 26 | B68: Full Gym | E68: Yes | G68: 11yrs - 12yrs | H68: 25 | I68: Charlotte Papa | J68: Diesel | K68: Samford
A69: 28 | B69: Full Gym | E69: Yes | G69: 11yrs - 12yrs | H69: 27 | I69: Charlie Vines | J69: Freckles | K69: Samford
A70: 30 | B70: Full Gym | E70: Yes | G70: 11yrs - 12yrs | H70: 29 | I70: Isabel Marks | J70: Krystle | K70: Samford
A71: 31 | B71: Full Gym | G71: 11yrs - 12yrs | H71: 30 | I71: Ella Watson | J71: Jayden downs Bronson | K71: Samford
A72: 35 | B72: Full Gym | E72: Yes | G72: 11yrs - 12yrs | H72: 34 | I72: Chloe Corkery | J72: Matilda My Darlin | K72: Samford
A73: 41 | B73: Full Gym | E73: Yes | G73: 11yrs - 12yrs | H73: 40 | I73: Matilda Gordon | J73: Sally | K73: Samford
A74: 43 | B74: Full Gym | G74: 11yrs - 12yrs | H74: 42 | I74: Annie Hughes | J74: Niarla Poetry in Motion | K74: Samford
A75: 54 | B75: Full Gym | E75: Yes | G75: 13yrs - 14 yrs | H75: 51 | I75: Caitlin Roach | J75: ODI | K75: Samford
A76: 56 | B76: Full Gym | G76: 13yrs - 14 yrs | H76: 53 | I76: Lara Ifield | J76: Mr Wonderful | K76: Samford
A77: 70 | B77: Full Gym | E77: Yes | G77: 13yrs - 14 yrs | H77: 67 | I77: Portia Griffiths | J77: Diesel | K77: Samford
A78: 75 | B78: Full Gym | G78: 17yrs - 25yrs | H78: 72 | I78: Paige Barratt | J78: Anglewood Charms | K78: Samford
A79: 86 | B79: Full Gym | E79: Yes | G79: Seniors | H79: 83 | I79: Karen Bishop Stuart | J79: Bambi Diva | K79: Samford
A80: 88 | B80: Full Gym | E80: Yes | G80: Seniors | H80: 85 | I80: Rebecca Ferris | J80: Chocco | K80: Samford
A81: 95 | B81: Mini Gym | E81: Yes | G81: MiniGym | H81: 92 | I81: Clancy McLeod | J81: Wallace | K81: Samford
A82: 97 | B82: Mini Gym | G82: MiniGym | H82: 94 | I82: Emma Landy | J82: Patch | K82: Samford
A83: 99 | B83: Mini Gym | E83: Yes | G83: MiniGym | H83: 96 | I83: Maeve O'Connor | J83: Aston Mighty Boy II | K83: Samford
A84: 13 | B84: Full Gym | C84: Nom MiniGym - changed | E84: Yes | G84: 8 yrs & Under | H84: 98 | I84: Pippa Reid | J84: Archie | K84: Samford
A85: 101 | B85: Mini Gym | E85: Yes | G85: MiniGym | H85: 99 | I85: Willow Vidulin | J85: Rocky | K85: Samford
A86: 102 | B86: Mini Gym | E86: Yes | G86: MiniGym | H86: 100 | I86: Charlize Vidulin | J86: Monkey | K86: Samford
A87: 105 | B87: Mini Gym | E87: Yes | G87: MiniGym | H87: 103 | I87: Liv Mennie | J87: Sunny | K87: Samford
A88: 106 | B88: Mini Gym | E88: Yes | G88: MiniGym | H88: 104 | I88: Ella Grayson | J88: GI Joe | K88: Samford
A89: 107 | B89: Mini Gym | E89: Yes | G89: MiniGym | H89: 105 | I89: Jonah May | J89: Byalee Freddo | K89: Samford
A90: 22 | B90: Full Gym | C90: Nom MiniGym - changed | G90: 9yrs - 10yrs | H90: 106 | I90: Maiya Pang | J90: Tomcat | K90: Samford
A91: 11 | B91: Full Gym | E91: Yes | G91: 8 yrs & Under | H91: 11 | I91: Chloe Shultz | J91: Kira Kai Vagabond | K91: Southside
A92: 21 | B92: Full Gym | G92: 9yrs - 10yrs | H92: 20 | I92: Eva Newman | J92: Pacific View Manhattan | K92: Southside
A93: 36 | B93: Full Gym | E93: Yes | G93: 11yrs - 12yrs | H93: 35 | I93: Frankie Binks | J93: Tiva | K93: Southside
A94: 44 | B94: Full Gym | G94: 11yrs - 12yrs | H94: 43 | I94: kirrah paten | J94: fairlight acres Seattle | K94: Southside
A95: 55 | B95: Full Gym | G95: 13yrs - 14 yrs | H95: 52 | I95: Natasha Bowman | J95: Will | K95: Southside
A96: 58 | B96: Full Gym | G96: 13yrs - 14 yrs | H96: 55 | I96: Nicole McKeown | J96: Phoenix | K96: Southside
A97: 66 | B97: Full Gym | E97: Yes | G97: 13yrs - 14 yrs | H97: 63 | I97: Sienna Simpson | J97: Max | K97: Southside
A98: 67 | B98: Full Gym | E98: Yes | G98: 13yrs - 14 yrs | H98: 64 | I98: Nanna Dombernowsky | J98: Mirra | K98: Southside
A99: 68 | B99: Full Gym | G99: 13yrs - 14 yrs | H99: 65 | I99: Bella -rose Davidson | J99: Brandy | K99: Southside
A100: 71 | B100: Full Gym | E100: Yes | G100: 13yrs - 14 yrs | H100: 68 | I100: Mia Green | J100: Bella | K100: Southside
...

Sheet Expenses
D1: Google Map
B2: Judges & Officials | D2: Travel | E2: Trav $ | F2: Base | G2: Payment | M2: Bank Transfer - Deposits
N3: Nominations taken | O3: 0
B4: Judge In Chief | C4: Grant Lynham | F4: 50 | G4: =F4+E4 -> 50 | O4: 0
B5: Chief Steward | C5: Julie Lynham | F5: 50 | G5: =F5+E5 -> 50 | N5: Back number holder sold | O5: 0
B6: Judges | C6: Peter Tornabene | F6: 50 | G6: =F6+E6 -> 50 | N6: Float re-bank | O6: 0
C7: Dwayne | F7: 50 | G7: =F7+E7 -> 50 | O7: =SUM(O3:O6) -> 0
C8: Liz McGaully | F8: 50 | G8: =F8+E8 -> 50
C9: Justin | F9: 50 | G9: =F9+E9 -> 50
C10: Leanne Perritt | F10: 50 | G10: =F10+E10 -> 50
C11: TBA - Judge 6 | F11: 0 | G11: =F11+E11 -> 0
B13: Announcer | C13: Gary Price | D13: 120 | E13: =IF(D13=0,50,((D13*2)*0.5)) -> 120 | G13: =F13+E13 -> 120
B14: SJ Judge | C14: John Martin | F14: 50 | G14: =F14+E14 -> 50
B15: Course Build | C15: Peter Tornabene | F15: 100 | G15: =F15+E15 -> 100
B16: Scoring | C16: Ron | F16: 50 | G16: =F16+E16 -> 50
B17: Caravan Transport | C17: Ron - 1 day event | D17: 56 | E17: =IF(D17=0,50,((D17*2)*0.5)) -> 56 | G17: =F17+E17 -> 56
B18: Scoring Assist | C18: Kylie McKenzie | F18: 50 | G18: =F18+E18 -> 50
G19: =SUM(G3:G18) -> 776 | H19: Cash transfer to Julie Lynham
B21: Start Kit Hire | C21: Hendra | G21: 100 | H21: Invoice from club
B22: Canteen | C22: Northern Suburbs | G22: 150 | H22: Invoice from club
B23: First Aid | G23: 300 | H23: Invoice from Sports 1st Aid
B24: Ribbons | G24: 300 | H24: Invoice Hoofprints
B25: Trophies | G25: 200 | H25: Invoice Grinners
F27: Estimated expenditure from event: | G27: =SUM(G19:G25) -> 1826
B28: Event Income
B29: Rider Nominations | D29: 65 | E29: 35 | G29: =E29*D29 -> 2275
B30: Raffle | C30: Estimate | G30: 300
B31: Sponsorship | G31: 0
G32: =SUM(G29:G31) -> 2575
F33: Estimated revenue from event: | G33: =G32-G27 -> 749

Sheet SJ Sheets
R2: sec
F3: Judges Signature: | Q3: Time Allowed:
C5: Back | D5: Rider | E5: Horse | F5: Club | G5: PENALTIES AT OBSTACLES | U5: JUMPING PENALTIES | V5: TIME TAKEN | W5: TIME PENALTIES | X5: TOTAL PENALTIES
G6: 1 | H6: 2 | I6: 3 | J6: 4a | K6: 4b | L6: 5 | M6: 6 | N6: 7 | O6: 8 | P6: 9 | Q6: 10 | R6: 11
A7: 1 | C7: 8yr&Und
A8: 2 | C8: 20 | D8: Emma Dillon | E8: Tianjay Park Shadow | F8: Hendra
A9: 2

Sheet Score Sheet
A1: JF McGill Formal Gymkhana 2015
A3: Event: | E3: Age Group:
A5: Riders No. | B5: Time [in sec] | D5: Place | F5: Riders No. | G5: Time | I5: Place
A27: Judge: | E27: Signature:
A29: Placing | B29: Riders No. | C29: Riders Name | H29: Time
A30: 1st
A31: 2nd
A32: 3rd
A33: 4th
A34: 5th
A35: 6th
A36: 7th
A37: 8th
A38: 9th
A39: 10th
